Workbook

Sheet Cover
C19: Factbook
C21: Q3 2026

Sheet Contents
B2: Contents - Sparebanken Norge
B4: Section 1 - Results
B5: Results and key figures
B6: Net interest Income
B7: Net Other Operating Income
B8: Operating Expenses
B9: Associated companies
B10: Impairments
B11: Pro forma
B13: Section 2 - Balance Sheet Items
B14: Balance Sheet
B15: Lending by sector
... B34: Section 6 - Sustainability

Sheet Contact information
A2: Contact information
A4: Management
A5: Jan Erik Kjerpeseth | B5: Chief Executive Officer (CEO) | C5: jan.kjerpeseth@spv.no | F5: +47 951 98 430
A6: Hans Olav Ingdal | B6: Chief Financial Officer (CFO) | C6: hans.ingdal@spv.no | F6: +47 948 09 328
A8: For further information, please contact
A9: Brede Borgen Kristiansen | B9: Director Finance and Investor Relations | C9: brede.kristiansen@spv.no | F9: +47 479 06 402
A12: Address
A14: Postal address: | B14: Postboks 7999, 5020 Bergen
A15: Visiting address, headquarter Bergen: | B15: Jonsvollsgaten 2, 5011 Bergen
A16: Visiting address, headquarter Kristiansand: | B16: Kjøita 18, 4630 Kristiansand
A18: Telephone number
A19: +47915 05555
A22: Financial calendar
A24: Financial year 2026
A25: Quarterly Report Q3 2026 | B25: 46325
A26: Quarterly Report Q4 2026 | B26: 46423
A28: Financial year 2027
A29: Annual General Meeting | B29: 46477
A30: Quarterly Report Q1 2027 | B30: 46512
A31: Quarterly Report Q2 2027 | B31: 46609
A32: Quarterly Report Q3 2027 | B32: 46689

Sheet Results
A1: Back to contents
B6: Section 1 - Results
B8: 1.1 Financial results and key figures
B10: 1.2 Net interest income
B12: 1.3 Net other operating income
B14: 1.4 Operating expenses
B16: 1.5 Associated companies
B18: 1.6 Impairments
B20: 1.7 Proforma

Sheet Results and key figures
A1: Back to contents
B2: 1.1.1 Income statement - condensed
B4: Quarterly figures
B5: (MNOK) | C5: Q3-26 | D5: Q2-26 | E5: Q1-26 | F5: Q4-25 | G5: Q3-25 | H5: Q2-25 | I5: Q1-25 | J5: Q4-24 | K5: Q3-24 | L5: Q2-24 | M5: Q1-24 | N5: Q4-23 | O5: Q3-23 | P5: Q2-23 | Q5: Q1-23 | R5: Q4-22 | S5: Q3-22 | T5: Q2-22 | U5: Q1-22
B6: Net interest and credit commission income | C6: 2663.5766 | D6: 2529.0206 | E6: 2640.8236 | F6: 2742.7764 | G6: 2759.8027 | H6: 2364.8998 | I6: 1532.9155 | J6: 1586.3288 | K6: 1573.9151 | L6: 1536.1038 | M6: 1462.4909 | N6: 1441.5705 | O6: 1392.8446 | P6: 1232.3623 | Q6: 1174.7985 | R6: 1135.5649 | S6: 1041.3552 | T6: 929.7446 | U6: 887.19446
B7: Net commission income and income from banking services | C7: 493.00202 | D7: 520.67287 | E7: 435.0625 | F7: 555.88198 | G7: 452.23143 | H7: 437.00889 | I7: 297.86142 | J7: 314.30204 | K7: 267.07096 | L7: 265.58909 | M7: 218.41892 | N7: 240.23767 | O7: 238.47662 | P7: 233.6357 | Q7: 201.89862 | R7: 275.43982 | S7: 211.66037 | T7: 224.68451 | U7: 197.21793
B8: Income from associated companies | C8: 124.10412 | D8: 189.12467 | E8: 79.450466 | F8: 112.6412 | G8: 118.63518 | H8: 174.56417 | I8: 76.819306 | J8: 88.711071 | K8: 84.29186 | L8: 77.859853 | M8: 36.381549 | N8: 79.490023 | O8: 22.218761 | P8: 59.843716 | Q8: 53.096198 | R8: 95.236483 | S8: 67.941255 | T8: 71.211297 | U8: 27.790273
B9: Net gain/(loss) on financial instruments | C9: -2.538175 | D9: 95.98115 | E9: 93.680422 | F9: 36.776556 | G9: 31.60252 | H9: 228.41408 | I9: 62.761768 | J9: -33.005319 | K9: 106.5805 | L9: 15.826002 | M9: 24.513699 | N9: -23.219895 | O9: -40.263199 | P9: -19.582329 | Q9: -3.977065 | R9: -178.482 | S9: 172.89384 | T9: -67.284989 | U9: 146.44228
B10: Other operating income | C10: 0.427212 | D10: 4.013701 | E10: 1.820757 | F10: 11.805949 | G10: 3.295656 | H10: 1.956526 | I10: 1.617964 | J10: 0.569985 | K10: 0.633376 | L10: 0.59312 | M10: 0.588389 | N10: 0.67753 | O10: 0.378832 | P10: -0.074598 | Q10: 0.919602 | R10: 2.78774 | S10: 0.94479 | T10: 0.522577 | U10: 0.754201
B11: Net operating income | C11: 3278.5718 | D11: 3338.8129 | E11: 3250.8377 | F11: 3459.8821 | G11: 3365.5675 | H11: 3206.8435 | I11: =SUM(I6:I10) -> 1971.976 | J11: =SUM(J6:J10) -> 1956.9066 | K11: =SUM(K6:K10) -> 2032.4918 | L11: =SUM(L6:L10) -> 1895.9719 | M11: =SUM(M6:M10) -> 1742.3934 | N11: =SUM(N6:N10) -> 1738.7558 | O11: =SUM(O6:O10) -> 1613.6557 | P11: =SUM(P6:P10) -> 1506.1848 | ... U11: =SUM(U6:U10) -> 1259.3991
B12: Operating expenses | C12: 1043.712 | D12: 1053.2692 | E12: 1036.27 | F12: 1155.6932 | G12: 989.83142 | H12: 889.96446 | I12: 546.77286 | J12: 552.60914 | K12: 435.0678 | L12: 459.36551 | M12: 443.21737 | N12: 438.65434 | O12: 435.99921 | P12: 447.79815 | Q12: 449.83284 | R12: 452.08783 | S12: 410.44235 | T12: 420.29029 | U12: 404.6433
B13: Write-downs of loans and losses on guarantees | C13: 96.726959 | D13: 33.425822 | E13: 102.62698 | F13: 48.774827 | G13: 73.173087 | H13: 179.80508 | I13: 10.379863 | J13: 16.290815 | K13: 12.391368 | L13: 24.567906 | M13: 43.648412 | N13: 12.627656 | O13: 20.429483 | P13: 28.814849 | Q13: 32.960816 | R13: 38.315923 | S13: -10.47481 | T13: 18.933983 | U13: 5.665421
B14: Profit/loss before tax expense | C14: 2138.1328 | D14: 2252.1179 | E14: 2111.9408 | F14: 2255.4141 | G14: 2302.563 | H14: 2137.0739 | I14: =I11-SUM(I12:I13) -> 1414.8233 | J14: =J11-SUM(J12:J13) -> 1388.0066 | K14: =K11-SUM(K12:K13) -> 1585.0327 | L14: =L11-SUM(L12:L13) -> 1412.0385 | M14: =M11-SUM(M12:M13) -> 1255.5277 | N14: =N11-SUM(N12:N13) -> 1287.4738 | O14: =O11-SUM(O12:O13) -> 1157.227 | P14: =P11-SUM(P12:P13) -> 1029.5718 | ... U14: =U11-SUM(U12:U13) -> 849.09042
B15: Tax expense | C15: 460.6447 | D15: 485.83557 | E15: 95.521134 | F15: 505.65822 | G15: 506.20681 | H15: 440.79216 | I15: 83.211927 | J15: 303.96999 | K15: 342.20372 | L15: 310.37745 | M15: 31.563806 | N15: 286.17262 | O15: 271.09533 | P15: 242.18559 | Q15: 74.208849 | R15: 191.47172 | S15: 248.67577 | T15: 153.13126 | U15: 93.350989
B16: Profit/loss for the period | C16: 1677.4881 | D16: 1766.2823 | E16: 2016.4196 | F16: 1749.7559 | G16: 1796.3562 | H16: 1696.2818 | I16: =I14-I15 -> 1331.6113 | J16: =J14-J15 -> 1084.0367 | K16: =K14-K15 -> 1242.829 | L16: =L14-L15 -> 1101.661 | M16: =M14-M15 -> 1223.9638 | N16: =N14-N15 -> 1001.3012 | O16: =O14-O15 -> 886.13163 | P16: =P14-P15 -> 787.38618 | ... U16: =U14-U15 -> 755.73943
B18: 1.1.2 Income statement
B20: Quarterly figures
B21: (MNOK) | C21: =C5 -> Q3-26 | D21: =D5 -> Q2-26 | E21: =E5 -> Q1-26 | F21: Q4-25 | G21: Q3-25 | H21: Q2-25 | I21: Q1-25 | J21: Q4-24 | K21: Q3-24 | L21: Q2-24 | M21: Q1-24 | N21: Q4-23 | O21: Q3-23 | P21: Q2-23 | Q21: Q1-23 | R21: Q4-22 | S21: Q3-22 | T21: Q2-22 | U21: Q1-22
B22: Interest income from asset valued at amortised cost | C22: 7294.8958 | D22: 6815.7591 | E22: 6570.7723 | F22: 6771.9608 | G22: 6811.398 | H22: 5899.2514 | I22: 3980.5014 | J22: 4001.8431 | K22: 4004.95 | L22: 3895.7617 | M22: 3731.3467 | N22: 3559.5323 | O22: 3157.4754 | P22: 2696.9873 | Q22: 2422.7441 | R22: 2160.6369 | S22: 1639.8685 | T22: 1343.3021 | U22: 1191.5809
B23: Interest income from asset valued at fair value | C23: 1074.3838 | D23: 1002.3779 | E23: 1030.4785 | F23: 1179.4766 | G23: 1265.4782 | H23: 1190.3259 | I23: 850.18671 | J23: 857.53621 | K23: 807.12739 | L23: 799.14105 | M23: 776.36236 | N23: 787.65317 | O23: 711.76556 | P23: 595.77677 | Q23: 558.2053 | R23: 507.43417 | S23: 338.15545 | T23: 272.9547 | U23: 217.17249
B24: Interest expenses and similar expenses | C24: 5705.7029 | D24: 5289.1164 | E24: 4960.4272 | F24: 5208.6609 | G24: 5317.0734 | H24: 4724.6775 | I24: 3297.7726 | J24: 3273.0505 | K24: 3238.1623 | L24: 3158.7989 | M24: 3045.2182 | N24: 2905.615 | O24: 2476.3963 | P24: 2060.4018 | Q24: 1806.1509 | R24: 1532.5062 | S24: 936.66875 | T24: 686.51216 | U24: 521.55898
B25: Net interest and credit commission income | C25: 2663.5766 | D25: 2529.0206 | E25: 2640.8236 | F25: 2742.7764 | G25: 2759.8027 | H25: 2364.8998 | I25: =SUM(I22:I23)-I24 -> 1532.9155 | J25: =SUM(J22:J23)-J24 -> 1586.3288 | K25: =SUM(K22:K23)-K24 -> 1573.9151 | L25: =SUM(L22:L23)-L24 -> 1536.1038 | M25: =SUM(M22:M23)-M24 -> 1462.4909 | N25: =SUM(N22:N23)-N24 -> 1441.5705 | O25: =SUM(O22:O23)-O24 -> 1392.8446 | P25: =SUM(P22:P23)-P24 -> 1232.3623 | ... U25: =SUM(U22:U23)-U24 -> 887.19446
B26: Commission income and income from banking services | C26: 603.17755 | D26: 629.33217 | E26: 523.89831 | F26: 618.78568 | G26: 549.33281 | H26: 529.16664 | I26: 344.07186 | J26: 354.87609 | K26: 312.13343 | L26: 305.44771 | M26: 256.56411 | N26: 273.06906 | O26: 267.85753 | P26: 268.67053 | Q26: 233.61214 | R26: 304.03173 | S26: 245.67526 | T26: 253.0384 | U26: 222.40278
B27: Commission expenses and expenses relating to banking services | C27: 110.17552 | D27: 108.6593 | E27: 88.83581 | F27: 62.903706 | G27: 97.101381 | H27: 92.157755 | I27: 46.210439 | J27: 40.574052 | K27: 45.062462 | L27: 39.858621 | M27: 38.145193 | N27: 32.831396 | O27: 29.380902 | P27: 35.034832 | Q27: 31.713517 | R27: 28.591915 | S27: 34.014885 | T27: 28.353895 | U27: 25.184851
B28: Income from ownership interests in associated companies | C28: 124.10412 | D28: 189.12467 | E28: 79.450466 | F28: 112.6412 | G28: 118.63518 | H28: 174.56417 | I28: 76.819306 | J28: 88.711071 | K28: 84.29186 | L28: 77.859853 | M28: 36.381549 | N28: 79.490023 | O28: 22.218761 | P28: 59.843716 | Q28: 53.096198 | R28: 95.236483 | S28: 67.941255 | T28: 71.211297 | U28: 27.790273
B29: Net gain/(loss) on financial instruments | C29: -2.538175 | D29: 95.98115 | E29: 93.680422 | F29: 36.776556 | G29: 31.60252 | H29: 228.41408 | I29: 62.761768 | J29: -33.005319 | K29: 106.5805 | L29: 15.826 | M29: 24.513699 | N29: -23.219895 | O29: -40.263199 | P29: -19.582329 | Q29: -3.977065 | R29: -178.482 | S29: 172.89384 | T29: -67.284989 | U29: 146.44228
B30: Other operating income | C30: 0.427212 | D30: 4.013701 | E30: 1.820757 | F30: 11.805949 | G30: 3.295656 | H30: 1.956526 | I30: 1.617964 | J30: 0.569985 | K30: 0.633376 | L30: 0.59312 | M30: 0.588389 | N30: 0.67753 | O30: 0.378832 | P30: -0.074598 | Q30: 0.919602 | R30: 2.78774 | S30: 0.94479 | T30: 0.522577 | U30: 0.754201
B31: Net other operating income | C31: 614.99518 | D31: 809.79239 | E31: 610.01414 | F31: 717.10568 | G31: 605.76478 | H31: 841.94365 | I31: =SUM(I28:I30)+I26-I27 -> 439.06046 | J31: =SUM(J28:J30)+J26-J27 -> 370.57777 | K31: =SUM(K28:K30)+K26-K27 -> 458.5767 | L31: =SUM(L28:L30)+L26-L27 -> 359.86806 | M31: =SUM(M28:M30)+M26-M27 -> 279.90255 | N31: =SUM(N28:N30)+N26-N27 -> 297.18533 | O31: =SUM(O28:O30)+O26-O27 -> 220.81102 | P31: =SUM(P28:P30)+P26-P27 -> 273.82249 | ... U31: =SUM(U28:U30)+U26-U27 -> 372.20468
B32: Net operating income | C32: 3278.5718 | D32: 3338.8129 | E32: 3250.8377 | F32: 3459.8821 | G32: 3365.5675 | H32: 3206.8435 | I32: =I31+I25 -> 1971.976 | J32: =J31+J25 -> 1956.9066 | K32: =K31+K25 -> 2032.4918 | L32: =L31+L25 -> 1895.9719 | M32: =M31+M25 -> 1742.3934 | N32: =N31+N25 -> 1738.7558 | O32: =O31+O25 -> 1613.6557 | P32: =P31+P25 -> 1506.1848 | ... U32: =U31+U25 -> 1259.3991
B33: Payroll and general administration expenses | C33: 859.01713 | D33: 864.92498 | E33: 834.3016 | F33: 880.34249 | G33: 815.05507 | H33: 725.70691 | I33: 454.77356 | J33: 417.19582 | K33: 351.47815 | L33: 377.4578 | M33: 361.79277 | N33: 336.63112 | O33: 345.15488 | P33: 343.57998 | Q33: 355.69511 | R33: 331.58371 | S33: 317.57665 | T33: 326.90145 | U33: 315.9176
B34: Depreciation | C34: 111.79863 | D34: 109.20876 | E34: 113.12552 | F34: 109.94041 | G34: 107.38723 | H34: 85.461825 | I34: 49.772096 | J34: 48.702286 | K34: 46.182353 | L34: 42.562752 | M34: 40.936456 | N34: 48.147771 | O34: 46.911908 | P34: 48.004963 | Q34: 49.391543 | R34: 57.125519 | S34: 54.528792 | T34: 54.199172 | U34: 52.444354
B35: Other operating expenses | C35: 72.896293 | D35: 79.135458 | E35: 88.842844 | F35: 165.41032 | G35: 67.389118 | H35: 78.795729 | I35: 42.227205 | J35: 86.711039 | K35: 37.407294 | L35: 39.344954 | M35: 40.488144 | N35: 53.875455 | O35: 43.93243 | P35: 56.213212 | Q35: 44.746194 | R35: 63.378603 | S35: 38.336909 | T35: 39.189674 | U35: 36.281346
B36: Total operating expenses | C36: 1043.712 | D36: 1053.2692 | E36: 1036.27 | F36: 1155.6932 | G36: 989.83142 | H36: 889.96446 | I36: =SUM(I33:I35) -> 546.77286 | J36: =SUM(J33:J35) -> 552.60914 | K36: =SUM(K33:K35) -> 435.0678 | L36: =SUM(L33:L35) -> 459.36551 | M36: =SUM(M33:M35) -> 443.21737 | N36: =SUM(N33:N35) -> 438.65434 | O36: =SUM(O33:O35) -> 435.99921 | P36: =SUM(P33:P35) -> 447.79815 | ... U36: =SUM(U33:U35) -> 404.6433
B37: Profit before write-downs and tax | C37: 2234.8598 | D37: 2285.5437 | E37: 2214.5677 | F37: 2304.1889 | G37: 2375.7361 | H37: 2316.879 | I37: =I32-I36 -> 1425.2031 | J37: =J32-J36 -> 1404.2975 | K37: =K32-K36 -> 1597.424 | L37: =L32-L36 -> 1436.6064 | M37: =M32-M36 -> 1299.1761 | N37: =N32-N36 -> 1300.1015 | O37: =O32-O36 -> 1177.6564 | P37: =P32-P36 -> 1058.3866 | ... U37: =U32-U36 -> 854.75584
B38: Write-downs on loans and guarantees | C38: 96.726959 | D38: 33.425822 | E38: 102.62698 | F38: 48.774827 | G38: 73.173087 | H38: 179.80508 | I38: 10.379863 | J38: 16.290815 | K38: 12.391368 | L38: 24.567907 | M38: 43.648412 | N38: 12.627656 | O38: 20.429483 | P38: 28.814849 | Q38: 32.960816 | R38: 38.315923 | S38: -10.47481 | T38: 18.933983 | U38: 5.665421
B39: Pre-tax profit | C39: 2138.1328 | D39: 2252.1179 | E39: 2111.9408 | F39: 2255.4141 | G39: 2302.563 | H39: 2137.0739 | I39: =I37-I38 -> 1414.8233 | J39: =J37-J38 -> 1388.0066 | K39: =K37-K38 -> 1585.0327 | L39: =L37-L38 -> 1412.0385 | M39: =M37-M38 -> 1255.5277 | N39: =N37-N38 -> 1287.4738 | O39: =O37-O38 -> 1157.227 | P39: =P37-P38 -> 1029.5718 | ... U39: =U37-U38 -> 849.09042
B40: Tax | C40: 460.6447 | D40: 485.83557 | E40: 95.521134 | F40: 505.65822 | G40: 506.20681 | H40: 440.79216 | I40: 83.211927 | J40: 303.96999 | K40: 342.20372 | L40: 310.37745 | M40: 31.563806 | N40: 286.17262 | O40: 271.09533 | P40: 242.18559 | Q40: 74.208849 | R40: 191.47172 | S40: 248.67577 | T40: 153.13126 | U40: 93.350989
B41: Profit after tax | C41: 1677.4881 | D41: 1766.2823 | E41: 2016.4196 | F41: 1749.7559 | G41: 1796.3562 | H41: 1696.2818 | I41: =I39-I40 -> 1331.6113 | J41: =J39-J40 -> 1084.0367 | K41: =K39-K40 -> 1242.829 | L41: =L39-L40 -> 1101.661 | M41: =M39-M40 -> 1223.9638 | N41: =N39-N40 -> 1001.3012 | O41: =O39-O40 -> 886.13163 | P41: =P39-P40 -> 787.38618 | ... U41: =U39-U40 -> 755.73943
B43: Allocated to equity classes | C43: 1547.7679 | D43: 1636.737 | E43: 1893.1369 | F43: 1640.3515 | G43: 1683.4158 | H43: 1601.1173 | I43: 1288.4994 | J43: 1044.2078 | K43: 1201.4384 | L43: 1060.8235 | M43: 1187.2005 | N43: 969.99562 | O43: 858.37355 | P43: 766.20245 | Q43: 847.13865 | R43: 628.22153 | S43: 832.70762 | T43: 554.59919 | U43: 743.44319
B44: Allocated to Additional Tier 1 capital | C44: 89.220253 | D44: 86.7797 | E44: 82.096589 | F44: 80.053305 | G44: 81.79218 | H44: 73.93929 | I44: 41.849027 | J44: 41.217389 | K44: 41.390563 | L44: 40.837486 | M44: 36.763373 | N44: 31.305588 | O44: 27.758081 | P44: 21.183731 | Q44: 22.59466 | R44: 20.449896 | S44: 13.444569 | T44: 11.923264 | U44: 12.296236
B45: Allocated to minority interests | C45: 40.49994 | D45: 42.765687 | E45: 41.18613 | F45: 29.351045 | G45: 31.148206 | H45: 21.225157 | I45: 1.262885 | J45: -1.388537 | K45: 0 | L45: 0 | M45: 0 | N45: 0 | O45: 0 | P45: 0 | Q45: 0 | R45: 0 | S45: 0 | T45: 0 | U45: 0
B46: Profit after tax | C46: 1677.4881 | D46: 1766.2823 | E46: 2016.4196 | F46: 1749.7559 | G46: 1796.3562 | H46: 1696.2818 | I46: =SUM(I43:I45) -> 1331.6113 | J46: =SUM(J43:J45) -> 1084.0367 | K46: =SUM(K43:K45) -> 1242.829 | L46: =SUM(L43:L45) -> 1101.661 | M46: =SUM(M43:M45) -> 1223.9638 | N46: =SUM(N43:N45) -> 1001.3012 | O46: =SUM(O43:O45) -> 886.13163 | P46: =SUM(P43:P45) -> 787.38618 | ... U46: =SUM(U43:U45) -> 755.73943
B48: Full year figures
B49: (MNOK) | C49: 2026 | D49: 2025 | E49: 2024 | F49: 2023 | G49: 2022 | H49: 2021 | I49: 2020
B50: Interest income from asset valued at amortised cost | C50: 20681.427 | D50: 23463.112 | E50: 15633.902 | F50: 11836.739 | G50: 6335.3885 | H50: 3903.7352 | I50: 4209.3068
B51: Interest income from asset valued at fair value | C51: 3107.2401 | D51: 4485.4673 | E51: 3240.167 | F51: 2653.4008 | G51: 1335.7168 | H51: 621.149 | I51: 916.52124
B52: Interest expenses and similar expenses | C52: 15955.247 | D52: 18548.184 | E52: 12715.23 | F52: 9248.564 | G52: 3677.2461 | H52: 1226.3453 | I52: 2021.3511
B53: Net interest and credit commission income | C53: 7833.4208 | D53: 9400.3945 | E53: 6158.8387 | F53: 5241.5759 | G53: 3993.8592 | H53: 3298.5389 | I53: 3104.4769
B54: Commission income and income from banking services | C54: 1756.408 | D54: 2041.357 | E54: 1229.0213 | F54: 1043.2093 | G54: 1025.1482 | H54: 899.83718 | I54: 772.97852
B55: Commission expenses and expenses relating to banking services | C55: 307.67064 | D55: 298.37328 | E55: 163.64033 | F55: 128.96065 | G55: 116.14555 | H55: 104.37224 | I55: 113.78524
B56: Income from ownership interests in associated companies | C56: 392.67926 | D56: 482.65985 | E56: 287.24433 | F56: 214.6487 | G56: 262.17931 | H56: 400.58878 | I56: 304.49746
B57: Net gain/(loss) on financial instruments | C57: 187.1234 | D57: 359.55492 | E57: 113.91488 | F57: -87.042488 | G57: 73.569132 | H57: 62.843522 | I57: 202.45677
B58: Other operating income | C58: 6.26167 | D58: 18.676095 | E58: 2.38487 | F58: 1.901366 | G58: 5.009308 | H58: 5.24619 | I58: 16.884919
B59: Net other operating income | C59: 2034.8017 | D59: 2603.8746 | E59: 1468.9251 | F59: 1043.7562 | G59: 1249.7604 | H59: 1264.1434 | I59: 1183.0324
B60: Net operating income | C60: 9868.2225 | D60: 12004.269 | E60: 7627.7638 | F60: 6285.3321 | G60: 5243.6195 | H60: 4562.6823 | I60: 4287.5093
... B73: Allocated to minority interests | C73: 124.45176 | D73: 83.014097 | E73: -1.388537 | F73: 0 | G73: 0 | H73: 0 | I73: 0
B74: Profit after tax | C74: 5460.1901 | D74: 6574.0052 | E74: =SUM(E71:E73) -> 4652.4905 | F74: 3544.5523 | G74: 2817.0855 | H74: 2512.7004 | I74: 2033.105
B76: 1.1.3 Comprehensive income statement
B78: Quarterly figures
B79: (MNOK) | C79: =C21 -> Q3-26 | D79: Q2-26 | E79: =E21 -> Q1-26 | F79: Q4-25 | G79: Q3-25 | H79: Q2-25 | I79: Q1-25 | J79: Q4-24 | K79: Q3-24 | L79: Q2-24 | M79: Q1-24 | N79: Q4-23 | O79: Q3-23 | P79: Q2-23 | Q79: Q1-23 | R79: Q4-22 | S79: Q3-22 | T79: Q2-22 | U79: Q1-22
B80: Profit after tax | C80: 1677.4881 | D80: 1766.2823 | E80: 2016.4196 | F80: 1749.7559 | G80: 1796.3562 | H80: 1696.2818 | I80: =I41 -> 1331.6113 | J80: =J41 -> 1084.0367 | K80: =K41 -> 1242.829 | L80: =L41 -> 1101.661 | M80: =M41 -> 1223.9638 | N80: =N41 -> 1001.3012 | O80: =O41 -> 886.13163 | P80: =P41 -> 787.38618 | ... U80: =U41 -> 755.73943
B81: Estimate variance, pensions | C81: 0 | D81: 0 | E81: 0 | F81: -6.488008 | G81: 0 | H81: 0 | I81: 0 | J81: 0 | K81: 0 | L81: 0 | M81: 0 | N81: 0 | O81: 0 | P81: 0 | Q81: 0 | R81: 0 | S81: 0 | T81: 0 | U81: 0
B82: Changes in fair value due to credit risk - debt securities issued | C82: 76.93595 | D82: -134.57068 | E82: 37.076313 | F82: -97.102954 | G82: -52.573115 | H82: -34.611963 | I82: -212.64594 | J82: 160.89522 | K82: 56.123962 | L82: -152.4661 | M82: -108.26206 | N82: 15.378047 | O82: 86.732117 | P82: -19.703897 | Q82: 107.30067 | R82: 96.97507 | S82: -16.600526 | T82: 114.0125 | U82: 129.65737
B83: Base margin from hedging instruments related to hedge accounting | C83: 80.928088 | D83: -63.271187 | E83: 28.102574 | F83: -6.952478 | G83: 54.338237 | H83: -11.244457 | I83: 41.259343 | J83: -62.210775 | K83: -33.005637 | L83: -29.507511 | M83: -60.81052 | N83: -9.348227 | O83: -0.563928 | P83: -1.76034 | Q83: 7.008877 | R83: -24.12689 | S83: 27.195214 | T83: 18.936514 | U83: 29.5475
B84: Tax on other profit/loss elements | C84: -36.462531 | D84: 45.822344 | E84: -16.695538 | F84: 26.35681 | G84: -0.3144 | H84: 11.312051 | I84: 38.026916 | J84: -22.038656 | K84: -5.155222 | L84: 40.785546 | M84: 37.409343 | N84: -0.294708 | O84: -19.326652 | P84: 5.302993 | Q84: -25.445474 | R84: -12.430166 | S84: -2.777674 | T84: -30.422127 | U84: -36.328325
B85: Total other profit/loss elements in the period after tax | C85: 121.40151 | D85: -152.01952 | E85: 48.483349 | F85: -84.18663 | G85: 1.450722 | H85: -34.544369 | I85: =SUM(I82:I84) -> -133.35968 | J85: =SUM(J82:J84) -> 76.645792 | K85: =SUM(K82:K84) -> 17.963103 | L85: =SUM(L82:L84) -> -141.18807 | M85: =SUM(M82:M84) -> -131.66323 | N85: =SUM(N82:N84) -> 5.735112 | O85: =SUM(O82:O84) -> 66.841537 | P85: =SUM(P82:P84) -> -16.161244 | ... U85: =SUM(U82:U84) -> 122.87654
B86: Total profit for the period | C86: 1798.8896 | D86: 1614.2628 | E86: 2064.903 | F86: 1665.5692 | G86: 1797.8069 | H86: 1661.7374 | I86: =I80+I85 -> 1198.2517 | J86: =J80+J85 -> 1160.6825 | K86: =K80+K85 -> 1260.7921 | L86: =L80+L85 -> 960.47294 | M86: =M80+M85 -> 1092.3006 | N86: =N80+N85 -> 1007.0363 | O86: =O80+O85 -> 952.97317 | P86: =P80+P85 -> 771.22494 | ... U86: =U80+U85 -> 878.61597
B88: Full year figures
B89: (MNOK) | C89: 2026 | D89: 2025 | E89: 2024 | F89: 2023 | G89: 2022 | H89: 2021 | I89: 2020
B90: Profit after tax | C90: 5460.1901 | D90: 6574.0052 | E90: =+E69 -> 4652.4905 | F90: =+F69 -> 3544.5523 | G90: =+G69 -> 2817.0855 | H90: =+H69 -> 2512.7004 | I90: =+I69 -> 2033.105
B91: Estimate variance, pensions | C91: 0 | D91: -6.488008 | E91: 0 | F91: 0 | G91: 0 | H91: 0 | I91: 0
B92: Changes in fair value due to credit risk - debt securities issued | C92: -20.558413 | D92: -396.93397 | E92: -43.708974 | F92: 189.70694 | G92: 324.04441 | H92: -48.950451 | I92: -7.609442
B93: Base margin from hedging instruments related to hedge accounting | C93: 45.759475 | D93: 77.400645 | E93: -185.53444 | F93: -4.663618 | G93: 51.552338 | H93: 34.10748 | I93: 35.609454
B94: Tax on other profit/loss elements | C94: -7.335725 | D94: 75.381377 | E94: 51.001011 | F94: -39.763841 | G94: -81.958292 | H94: 3.510802 | I94: -6.2501
B95: Total other profit/loss elements in the period after tax | C95: 17.865337 | D95: -250.63996 | E95: =SUM(E91:E94) -> -178.24241 | F95: 145.27948 | G95: 293.63846 | H95: -11.332169 | I95: 21.749912
B96: Total profit for the period | C96: 5478.0554 | D96: 6323.3652 | E96: =+E90+E95 -> 4474.2481 | F96: =+F90+F95 -> 3689.8318 | G96: =+G90+G95 -> 3110.7239 | H96: =+H90+H95 -> 2501.3683 | I96: =+I90+I95 -> 2054.8549
B98: 1.1.3 Key figures
B100: Quarterly figures
C101: Q3-26 | D101: =D79 -> Q2-26 | E101: =E79 -> Q1-26 | F101: Q4-25 | G101: Q3-25 | H101: Q2-25 | I101: Q1-25 | J101: Q4-24 | K101: Q3-24 | L101: Q2-24 | M101: Q1-24 | N101: Q4-23 | O101: Q3-23 | P101: Q2-23 | Q101: Q1-23 | R101: Q4-22 | S101: Q3-22 | T101: Q2-22 | U101: Q1-22
B102: Profitability
B103: Return on equity after tax | C103: 0.12678286 | D103: 0.13994606 | E103: 0.16088966 | F103: 0.13545489 | G103: 0.14456077 | H103: 0.1706448 | I103: 0.21264405 | J103: 0.17624219 | K103: 0.21430256 | L103: 0.20078126 | M103: 0.215938 | N103: 0.17764609 | O103: 0.16125402 | P103: 0.15145199 | Q103: 0.1702 | R103: 0.12454079 | S103: 0.17257742 | T103: 0.12094812 | U103: 0.16537492
B104: Return on equity adjusted for merger effects in 2025 (see APM) | C104: 0.14451543 | D104: 0.16006354 | E104: 0.183 | F104: 0.15426409 | G104: 0.16507353 | H104: 0.19 | I104: =+I103 -> 0.21264405 | J104: =+J103 -> 0.17624219 | K104: =+K103 -> 0.21430256 | L104: =+L103 -> 0.20078126 | M104: =+M103 -> 0.215938 | N104: =+N103 -> 0.17764609 | O104: =+O103 -> 0.16125402 | P104: =+P103 -> 0.15145199 | ... U104: =+U103 -> 0.16537492
B105: Net interest as a percentage of average assets under management | C105: 0.016967949 | D105: 0.016650972 | E105: 0.017904184 | F105: 0.018356445 | G105: 0.018682144 | H105: 0.018578262 | I105: 0.017681666 | J105: 0.018423691 | K105: 0.018653152 | L105: 0.018762867 | M105: 0.01834105 | N105: 0.018546499 | O105: 0.018472903 | P105: 0.017250402 | Q105: 0.017317703 | R105: 0.01674181 | S105: 0.015907592 | T105: 0.014895624 | U105: 0.014808746
B106: Net other operating income as a percentage of net operating revenues | C106: 0.19282765 | D106: 0.24901111 | E106: 0.19250993 | F106: 0.21217219 | G106: 0.18447206 | H106: 0.26874223 | I106: 0.22742348 | J106: 0.19346107 | K106: 0.2303131 | L106: 0.1939849 | M106: 0.16410508 | N106: 0.17405212 | O106: 0.1392341 | P106: 0.18439212 | Q106: 0.17915088 | R106: 0.14883023 | S106: 0.30578511 | T106: 0.19977544 | U106: 0.29845547
B107: Operating expenses as a percentage of net operating income (cost-income) | C107: 0.31834351 | D107: 0.31546218 | E107: 0.31877013 | F107: 0.33402676 | G107: 0.29410535 | H107: 0.27752039 | I107: 0.27727156 | J107: 0.28238912 | K107: 0.21405636 | L107: 0.24228498 | M107: 0.25985551 | N107: 0.25690608 | O107: 0.27492268 | P107: 0.30154737 | Q107: 0.32036155 | R107: 0.34507966 | S107: 0.27678875 | T107: 0.36644018 | U107: 0.32446665
B108: Operating expenses as a percentage of net operating income, corrected for financial instruments | C108: 0.31809724 | D108: 0.32479921 | E108: 0.32822881 | F108: 0.33761542 | G108: 0.29689316 | H108: 0.29880328 | I108: 0.28638633 | J108: 0.27770533 | K108: 0.2259023 | L108: 0.2443244 | M108: 0.26364467 | N108: 0.25345924 | O108: 0.26811569 | P108: 0.29762269 | Q108: 0.31945673 | R108: 0.30370429 | S108: 0.31368423 | T108: 0.34613453 | U108: 0.36763675
B110: Balance sheet figures and liquidity
B111: Total assets | C111: 604683.08 | D111: 599142.38 | E111: 577461.74 | F111: 581715.29 | G111: 569302.04 | H111: 568117.31 | I111: 345225.78 | J111: 338167.47 | K111: 327906.78 | L111: 322801.94 | M111: 316521.99 | N111: 306494.7 | O111: 295890.78 | P111: 288462.12 | Q111: 274466.54 | R111: 263811.55 | S111: 263031.96 | T111: 253548.49 | U111: 244825.98
B112: Average total assets | C112: 601927.73 | D112: 588302.06 | E112: 579588.51 | F112: 575496.23 | G112: 568709.67 | H112: 494611.26 | I112: 341998.48 | J112: 333638.71 | K112: 326849.99 | L112: 320522.88 | M112: 312645.4 | N112: 302436.98 | O112: 293177.12 | P112: 281618 | Q112: 269829.47 | R112: 264254.42 | S112: 256363.37 | T112: 247144.48 | U112: 239313.36
B113: Gross loans to customers | C113: 513216.71 | D113: 504914.35 | E113: 494299.15 | F113: 487477.02 | G113: 474215.97 | H113: 463246.97 | I113: 289968.2 | J113: 283173.71 | K113: 277202.72 | L113: 272912.45 | M113: 265431.02 | N113: 256644.37 | O113: 248330.88 | P113: 241078.49 | Q113: 232128.26 | R113: 225374.23 | S113: 218705.32 | T113: 214314.89 | U113: 206932.95
B114: Lending growth, last 12 months | C114: 0.082242569 | D114: 0.089946355 | E114: 0.70466678 | F114: 0.72147698 | G114: 0.71071901 | H114: 0.69741971 | I114: 0.092442752 | J114: 0.10337005 | K114: 0.11626689 | L114: 0.1320481 | M114: 0.14346708 | N114: 0.1387476 | O114: 0.13545879 | P114: 0.12487981 | Q114: 0.1217559 | R114: 0.10567254 | S114: 0.10371301 | T114: 0.11502225 | U114: 0.12726816
B115: Customer deposits | C115: 233424.93 | D115: 231117.05 | E115: 222131.05 | F115: 225640.36 | G115: 221827.47 | H115: 220905.5 | I115: 135051.54 | J115: 135127.57 | K115: 133613.68 | L115: 134174.6 | M115: 127366.45 | N115: 123598.7 | O115: 123493.36 | P115: 123653.82 | Q115: 115625.81 | R115: 112274.44 | S115: 108124.49 | T115: 106445.8 | U115: 97366.295
B116: Deposit growth, last 12 months | C116: 0.052281464 | D116: 0.046225855 | E116: 0.64478728 | F116: 0.66983212 | G116: 0.66021527 | H116: 0.64640324 | I116: 0.060338415 | J116: 0.093276651 | K116: 0.081950264 | L116: 0.085082553 | M116: 0.10153994 | N116: 0.10086234 | O116: 0.14214056 | P116: 0.16165995 | Q116: 0.18753423 | R116: 0.23633459 | S116: 0.1818969 | T116: 0.19843408 | U116: 0.15247068
B117: Deposit coverage | C117: 0.45658378 | D117: 0.45945373 | E117: 0.45111895 | F117: 0.46452662 | G117: 0.4695196 | H117: 0.47871576 | I117: 0.46714058 | J117: 0.47868565 | K117: 0.48357609 | L117: 0.49324566 | M117: 0.48142991 | N117: 0.48324769 | O117: 0.49901399 | P117: 0.51473813 | Q117: 0.49997406 | R117: 0.50012162 | S117: 0.49634081 | T117: 0.49873824 | U117: 0.47252181
B118: Liquidity Coverage Ratio (LCR) | C118: 1.7924 | D118: 1.9119 | E118: 1.7387 | F118: 1.96754 | G118: 1.8647 | H118: 1.7332 | I118: 1.9404 | J118: 1.9739 | K118: 1.7147 | L118: 1.8196 | M118: 1.7804 | N118: 1.8352 | O118: 1.8782 | P118: 1.7315 | Q118: 1.55 | R118: 1.5485 | S118: 1.74 | T118: 1.58 | U118: 1.3441
B120: Capital adequacy
B121: Risk-weighted balance sheet total | C121: 220838.54 | D121: 219189.31 | E121: 214420.24 | F121: 213538.37 | G121: 210747.24 | H121: 202908.06 | I121: 115733.33 | J121: 112683.99 | K121: 110130.61 | L121: 108455.66 | M121: 107550.35 | N121: 108026.16 | O121: 102190.71 | P121: 99388.412 | Q121: 98079.234 | R121: 97627.352 | S121: 94188.15 | T121: 90971.496 | U121: 94419.149
B122: Core Tier 1 capital adequacy | C122: 0.18205429 | D122: 0.18100885 | E122: 0.18123661 | F122: 0.17538971 | G122: 0.18121618 | H122: 0.18437136 | I122: 0.17866366 | J122: 0.17684361 | K122: 0.18011864 | L122: 0.17787698 | M122: 0.17452914 | N122: 0.16751136 | O122: 0.17621261 | P122: 0.18605761 | Q122: 0.18449678 | R122: 0.18088192 | S122: 0.18329991 | T122: 0.18531935 | U122: 0.17501095
B123: Core capital adequacy | C123: 0.20245833 | D123: 0.20300582 | E123: 0.20187366 | F123: 0.19522221 | G123: 0.20112154 | H123: 0.20504575 | I123: 0.19864926 | J123: 0.19503608 | K123: 0.1987329 | L123: 0.19677871 | M123: 0.19358998 | N123: 0.18278543 | O123: 0.18893392 | P123: 0.20101912 | Q123: 0.196222 | R123: 0.19542703 | S123: 0.19497867 | T123: 0.19741105 | U123: 0.18666113
B124: Capital adequacy | C124: 0.22882358 | D124: 0.228435 | E124: 0.2278703 | F124: 0.22294461 | G124: 0.22662152 | H124: 0.23153485 | I124: 0.22237608 | J124: 0.21940346 | K124: 0.2236533 | L124: 0.22208399 | M124: 0.214794 | N124: 0.20266025 | O124: 0.21112283 | P124: 0.22062402 | Q124: 0.21608859 | R124: 0.21432542 | S124: 0.21430169 | T124: 0.21741732 | U124: 0.20593688
...

Sheet Net Interest Income
A1: Back to contents
B2: 1.2.1 Net interest income
B4: Quarterly figures
B5: (MNOK) | C5: Q3-26 | D5: Q2-26 | E5: Q1-26 | F5: Q4-25 | G5: Q3-25 | H5: Q2-25 | I5: Q1-25 | J5: Q4-24 | K5: Q3-24 | L5: Q2-24 | M5: Q1-24 | N5: Q4-23 | O5: Q3-23 | P5: Q2-23 | Q5: Q1-23 | R5: Q4-22 | S5: Q3-22 | T5: Q2-22 | U5: Q1-22
B6: Interest and similar income from loans to and receivables from credit institutions valued at amortised cost | C6: 108.29377 | D6: 46.215767 | E6: 41.539473 | F6: 76.138607 | G6: 65.248469 | H6: 69.913488 | I6: 48.003164 | J6: 22.627117 | K6: 24.647482 | L6: 18.517812 | M6: 32.811275 | N6: 44.612698 | O6: 18.581514 | P6: 8.173395 | Q6: 5.831083 | R6: 9.119531 | S6: 4.448934 | T6: 5.882268 | U6: 1.771681
B7: Interest and similar income from loans to and receivables from customers valued at amortised cost | C7: 7186.602 | D7: 6769.5433 | E7: 6529.2329 | F7: 6695.8222 | G7: 6746.1496 | H7: 5829.3379 | I7: 3932.4982 | J7: 3979.216 | K7: 3980.3025 | L7: 3877.2439 | M7: 3698.5355 | N7: 3514.9196 | O7: 3138.8939 | P7: 2688.8139 | Q7: 2416.913 | R7: 2151.5174 | S7: 1635.4196 | T7: 1337.4198 | U7: 1189.8093
B8: Interest and similar income from loans to and receivables from customers valued at fair value | C8: 321.946 | D8: 314.37734 | E8: 312.14277 | F8: 342.59871 | G8: 378.06576 | H8: 387.08644 | I8: 331.82191 | J8: 348.22363 | K8: 298.28118 | L8: 286.77138 | M8: 304.40728 | N8: 331.23594 | O8: 322.38964 | P8: 276.4426 | Q8: 268.44631 | R8: 257.50252 | S8: 189.46804 | T8: 168.58829 | U8: 142.11067
B9: Interest and similar income from commercial papers, bonds and other interest-bearing securities | C9: 752.43776 | D9: 688.00054 | E9: 718.33572 | F9: 836.8779 | G9: 887.41239 | H9: 803.23943 | I9: 518.36479 | J9: 509.31258 | K9: 508.84621 | L9: 512.36967 | M9: 471.95508 | N9: 456.41723 | O9: 389.37593 | P9: 319.33418 | Q9: 289.75899 | R9: 249.93164 | S9: 148.68741 | T9: 104.36641 | U9: 75.061823
B10: Interest income and similar income | C10: 8369.2796 | D10: 7818.1369 | E10: 7601.2508 | F10: 7951.4374 | G10: 8076.8762 | H10: 7089.5773 | I10: =SUM(I6:I9) -> 4830.6881 | J10: =SUM(J6:J9) -> 4859.3793 | K10: =SUM(K6:K9) -> 4812.0774 | L10: =SUM(L6:L9) -> 4694.9027 | M10: =SUM(M6:M9) -> 4507.7091 | N10: =SUM(N6:N9) -> 4347.1855 | O10: =SUM(O6:O9) -> 3869.241 | P10: =SUM(P6:P9) -> 3292.7641 | ... U10: =SUM(U6:U9) -> 1408.7534
B11: Interest and similar expenses on debt to credit institutions | C11: 7.108678 | D11: 10.29538 | E11: 34.057343 | F11: 82.763018 | G11: 89.937349 | H11: 75.465992 | I11: 60.063026 | J11: 63.834708 | K11: 70.176252 | L11: 49.971967 | M11: 83.332393 | N11: 67.311992 | O11: 54.285749 | P11: 59.400642 | Q11: 18.607458 | R11: 11.395169 | S11: 5.50152 | T11: 3.727905 | U11: 2.529393
B12: Interest and similar expenses on deposits from and debt to customers | C12: 1828.6092 | D12: 1708.6772 | E12: 1641.6399 | F12: 1677.3274 | G12: 1775.1196 | H12: 1599.3892 | I12: 1119.5437 | J12: 1131.3175 | K12: 1135.0068 | L12: 1115.839 | M12: 1034.9753 | N12: 994.37739 | O12: 880.6433 | P12: 740.53541 | Q12: 612.02047 | R12: 482.60751 | S12: 288.98267 | T12: 181.40627 | U12: 119.63304
B13: Interest and similar expenses on issued securities | C13: 3728.012 | D13: 3412.2157 | E13: 3169.1356 | F13: 3319.9385 | G13: 3322.5164 | H13: 2936.4177 | I13: 2043.1048 | J13: 2001.6469 | K13: 1955.3106 | L13: 1917.98 | M13: 1858.3097 | N13: 1771.6138 | O13: 1476.8745 | P13: 1204.3078 | Q13: 1113.8417 | R13: 997.69427 | S13: 600.74117 | T13: 461.5073 | U13: 362.80181
B14: Interest and similar expenses on subordinated loan capital | C14: 83.823917 | D14: 78.722474 | E14: 78.079504 | F14: 76.361457 | G14: 77.472733 | H14: 67.631114 | I14: 42.870513 | J14: 45.465656 | K14: 44.249158 | L14: 40.269061 | M14: 35.515633 | N14: 35.300461 | O14: 31.651945 | P14: 24.468195 | Q14: 21.87708 | R14: 19.525624 | S14: 14.146625 | T14: 11.436284 | U14: 10.371046
B15: Other interest expenses etc. 1) | C15: 11.390296 | D15: 10.888862 | E15: 12.314073 | F15: 10.195737 | G15: 10.072604 | H15: 7.966769 | I15: 2.679243 | J15: 3.919023 | K15: 6.552731 | L15: 7.872168 | M15: 6.218234 | N15: 7.95306 | O15: 5.793317 | P15: 4.542305 | Q15: 5.343702 | R15: 5.445915 | S15: 4.145976 | T15: 4.1876 | U15: 4.168725
B16: Fee Norwegian Banks' Guarantee Fund | C16: 46.758805 | D16: 68.316764 | E16: 25.200848 | F16: 42.074849 | G16: 41.954842 | H16: 37.806763 | I16: 29.511262 | J16: 26.866632 | K16: 26.866773 | L16: 26.866774 | M16: 26.866914 | N16: 29.058311 | O16: 27.147483 | P16: 27.147483 | Q16: 34.460533 | R16: 15.83774 | S16: 23.150788 | T16: 24.246805 | U16: 22.054972
B17: Interest expenses and similar expenses | C17: 5705.7029 | D17: 5289.1164 | E17: 4960.4272 | F17: 5208.6609 | G17: 5317.0734 | H17: 4724.6775 | I17: =SUM(I11:I16) -> 3297.7726 | J17: =SUM(J11:J16) -> 3273.0505 | K17: =SUM(K11:K16) -> 3238.1623 | L17: =SUM(L11:L16) -> 3158.7989 | M17: =SUM(M11:M16) -> 3045.2182 | N17: =SUM(N11:N16) -> 2905.615 | O17: =SUM(O11:O16) -> 2476.3963 | P17: =SUM(P11:P16) -> 2060.4018 | ... U17: =SUM(U11:U16) -> 521.55898
B18: Net interest and credit commission income | C18: 2663.5766 | D18: 2529.0206 | E18: 2640.8236 | F18: 2742.7765 | G18: 2759.8027 | H18: 2364.8998 | I18: =I10-I17 -> 1532.9155 | J18: =J10-J17 -> 1586.3288 | K18: =K10-K17 -> 1573.9151 | L18: =L10-L17 -> 1536.1038 | M18: =M10-M17 -> 1462.4909 | N18: =N10-N17 -> 1441.5705 | O18: =O10-O17 -> 1392.8446 | P18: =P10-P17 -> 1232.3623 | ... U18: =U10-U17 -> 887.19446
B20: Full year figures
B21: (MNOK) | C21: 2026 | D21: 2025 | E21: 2024 | F21: 2023 | G21: 2022 | H21: 2021 | I21: 2020
B22: Interest and similar income from loans to and receivables from credit institutions valued at amortised cost | C22: 196.04901 | D22: 259.30373 | E22: 98.603686 | F22: 77.19869 | G22: 21.222414 | H22: 4.860579 | I22: 22.246902
B23: Interest and similar income from loans to and receivables from customers valued at amortised cost | C23: 20485.378 | D23: 23203.808 | E23: 15535.298 | F23: 11759.54 | G23: 6314.1661 | H23: 3898.8746 | I23: 4187.0598
B24: Interest and similar income from loans to and receivables from customers valued at fair value | C24: 948.46612 | D24: 1439.5728 | E24: 1237.6835 | F24: 1198.5145 | G24: 757.66953 | H24: 443.67459 | I24: 640.37924
B25: Interest and similar income from commercial papers, bonds and other interest-bearing securities | C25: 2158.774 | D25: 3045.8945 | E25: 2002.4835 | F25: 1454.8863 | G25: 578.04728 | H25: 177.47441 | I25: 276.142
B26: Interest income and similar income | C26: 23788.667 | D26: 27948.579 | E26: 18874.069 | F26: 14490.14 | G26: 7671.1053 | H26: 4524.8842 | I26: 5125.828
B27: Interest and similar expenses on debt to credit institutions | C27: 51.461401 | D27: 308.22938 | E27: 267.31532 | F27: 199.60584 | G27: 23.153987 | H27: 2.554428 | I27: 15.090312
B28: Interest and similar expenses on deposits from and debt to customers | C28: 5178.9263 | D28: 6171.3798 | E28: 4417.1386 | F28: 3227.5766 | G28: 1072.6295 | H28: 251.15515 | I28: 547.26412
B29: Interest and similar expenses on issued securities | C29: 10309.363 | D29: 11621.977 | E29: 7733.2472 | F29: 5566.6377 | G29: 2422.7445 | H29: 838.01766 | I29: 1307.8048
B30: Interest and similar expenses on subordinated loan capital | C30: 240.6259 | D30: 264.33582 | E30: 165.49951 | F30: 113.29768 | G30: 55.479579 | H30: 35.221164 | I30: 50.646023
B31: Other interest expenses etc. 1) | C31: 34.593231 | D31: 30.914353 | E31: 24.562156 | F31: 23.632384 | G31: 17.948216 | H31: 16.170555 | I31: 13.495945
B32: Fee Norwegian Banks' Guarantee Fund | C32: 140.27642 | D32: 151.34772 | E32: 107.46709 | F32: 117.81381 | G32: 85.290305 | H32: 83.22631 | I32: 87.049925
B33: Interest expenses and similar expenses | C33: 15955.247 | D33: 18548.184 | E33: 12715.23 | F33: 9248.564 | G33: 3677.2461 | H33: 1226.3453 | I33: 2021.3511
B34: Net interest and credit commission income | C34: 7833.4208 | D34: 9400.3945 | E34: =+E26-E33 -> 6158.8387 | F34: 5241.5759 | G34: 3993.8592 | H34: 3298.5389 | I34: 3104.4769
B36: 1) Interest from derivatives entered into to manage the interest rate risk attached to the bank's ordinary portfolios is classified as interest income and recognised as an adjustment of the bank's other interest income/ interest expenses.

Sheet Net Other Operating Income
A1: Back to contents
B2: 1.3.1 Net other operating income
B4: Quarterly figures
B5: (MNOK) | C5: Q3-26 | D5: Q2-26 | E5: Q1-26 | F5: Q4-25 | G5: Q3-25 | H5: Q2-25 | I5: Q1-25 | J5: Q4-24 | K5: Q3-24 | L5: Q2-24 | M5: Q1-24 | N5: Q4-23 | O5: Q3-23 | P5: Q2-23 | Q5: Q1-23 | R5: Q4-22 | S5: Q3-22 | T5: Q2-22 | U5: Q1-22
B6: Guarantee commissions | C6: 17.482276 | D6: 18.92952 | E6: 19.179936 | F6: 21.288605 | G6: 20.133725 | H6: 19.476009 | I6: 17.881675 | J6: 18.355572 | K6: 16.158066 | L6: 16.52009 | M6: 14.95896 | N6: 14.352815 | O6: 16.189555 | P6: 13.140268 | Q6: 12.58879 | R6: 12.171583 | S6: 10.995007 | T6: 11.1958 | U6: 8.332068
B7: Fees from payment transfers | C7: 213.03796 | D7: 192.33258 | E7: 175.70081 | F7: 185.50169 | G7: 208.3158 | H7: 167.90906 | I7: 104.32543 | J7: 115.00765 | K7: 132.37111 | L7: 115.37869 | M7: 95.973325 | N7: 95.306662 | O7: 107.65971 | P7: 97.082381 | Q7: 82.661394 | R7: 90.697435 | S7: 102.48799 | T7: 88.632618 | U7: 75.642578
B8: Income from insurance | C8: 62.906324 | D8: 74.312721 | E8: 81.391575 | F8: 157.91115 | G8: 58.849772 | H8: 55.949579 | I8: 34.253482 | J8: 64.569196 | K8: 32.137797 | L8: 29.265949 | M8: 26.857856 | N8: 31.512036 | O8: 26.137595 | P8: 28.452871 | Q8: 24.976232 | R8: 81.890748 | S8: 27.735923 | T8: 27.363065 | U8: 25.400009
B9: Commission income from savings and investment products | C9: 47.701875 | D9: 45.649201 | E9: 44.869758 | F9: 44.365825 | G9: 39.494508 | H9: 36.555346 | I9: 31.36487 | J9: 34.162512 | K9: 29.845097 | L9: 32.060361 | M9: 35.372321 | N9: 31.765469 | O9: 31.330031 | P9: 29.39477 | Q9: 28.002351 | R9: 28.664659 | S9: 28.966277 | T9: 22.850231 | U9: 39.358303
B10: Commission income from asset management | C10: 52.94307 | D10: 56.721815 | E10: 46.068893 | F10: 40.69137 | G10: 36.242532 | H10: 30.794009 | I10: 27.715854 | J10: 25.7 | K10: 0 | L10: 0 | M10: 0 | N10: 0 | O10: 0 | P10: 0 | Q10: 0 | R10: 0 | S10: 0 | T10: 0 | U10: 0
B11: Real estate broking commission | C11: 159.9902 | D11: 192.687 | E11: 114.19027 | F11: 132.9421 | G11: 148.02055 | H11: 169.49197 | I11: 83.063832 | J11: 62.724043 | K11: 75.265004 | L11: 93.790102 | M11: 56.239521 | N11: 52.598461 | O11: 64.996077 | P11: 77.498543 | Q11: 65.512488 | R11: 49.732581 | S11: 58.433938 | T11: 82.228059 | U11: 60.200201
B12: Other commissions and fees | C12: 49.115837 | D12: 48.69933 | E12: 42.497059 | F12: 36.08495 | G12: 38.275924 | H12: 48.990668 | I12: 45.466715 | J12: 34.357116 | K12: 26.356354 | L12: 18.432523 | M12: 27.162127 | N12: 47.533622 | O12: 21.544562 | P12: 23.1017 | Q12: 19.870883 | R12: 40.874724 | S12: 17.056118 | T12: 20.768627 | U12: 13.469621
B13: Commission income and income from banking services | C13: 603.17755 | D13: 629.33217 | E13: 523.8983 | F13: 618.78569 | G13: 549.33281 | H13: 529.16664 | I13: =SUM(I6:I12) -> 344.07186 | J13: =SUM(J6:J12) -> 354.87609 | K13: =SUM(K6:K12) -> 312.13342 | L13: =SUM(L6:L12) -> 305.44771 | M13: =SUM(M6:M12) -> 256.56411 | N13: =SUM(N6:N12) -> 273.06907 | O13: =SUM(O6:O12) -> 267.85753 | P13: =SUM(P6:P12) -> 268.67053 | ... U13: =SUM(U6:U12) -> 222.40278
B14: Fees payment transfers | C14: 59.736264 | D14: 52.735711 | E14: 40.463013 | F14: 34.4027 | G14: 56.942334 | H14: 56.661127 | I14: 34.778764 | J14: 18.227548 | K14: 42.943425 | L14: 34.330618 | M14: 29.642383 | N14: 26.716881 | O14: 30.26653 | P14: 30.14381 | Q14: 28.682043 | R14: 25.771928 | S14: 29.59811 | T14: 25.707816 | U14: 22.347023
B15: Expenses related to savings and investment products | C15: 2.021072 | D15: 2.371124 | E15: 1.604062 | F15: -1.28541 | G15: 2.170116 | H15: 2.003584 | I15: 2.063589 | J15: 3.407143 | K15: 0.965419 | L15: 1.011036 | M15: 2.469635 | N15: 1.175073 | O15: -1.88859 | P15: 2.614603 | Q15: 2.190899 | R15: 1.458902 | S15: 3.395277 | T15: 1.659923 | U15: 1.447205
B16: Other commissions and fees | C16: 48.418188 | D16: 53.552467 | E16: 46.768735 | F16: 29.786417 | G16: 37.988932 | H16: 33.493044 | I16: 9.368085 | J16: 18.939362 | K16: 1.153618 | L16: 4.516966 | M16: 6.033175 | N16: 4.939442 | O16: 1.002962 | P16: 2.276419 | Q16: 0.840575 | R16: 1.361085 | S16: 1.021498 | T16: 0.661302 | U16: 1.390622
B17: Commission expenses and expenses relating to banking services | C17: 110.17552 | D17: 108.6593 | E17: 88.83581 | F17: 62.903707 | G17: 97.101382 | H17: 92.157755 | I17: 46.210438 | J17: 40.574053 | K17: 45.062462 | L17: 39.85862 | M17: 38.145193 | N17: 32.831396 | O17: 29.380902 | P17: 35.034832 | Q17: 31.713517 | R17: 28.591915 | S17: 34.014885 | T17: 28.029041 | U17: 25.18485
B18: Net banking services | C18: 493.00202 | D18: 520.67287 | E18: 435.06249 | F18: 555.88198 | G18: 452.23143 | H18: 437.00889 | I18: 297.86142 | J18: 314.30204 | K18: 267.07096 | L18: 265.58909 | M18: 218.41892 | N18: =+N13-N17 -> 240.23767 | O18: =+O13-O17 -> 238.47662 | P18: =+P13-P17 -> 233.6357 | Q18: =+Q13-Q17 -> 201.89862 | R18: =+R13-R17 -> 275.43982 | S18: =+S13-S17 -> 211.66037 | T18: =+T13-T17 -> 225.00936 | U18: =+U13-U17 -> 197.21793
B21: Full year figures
B22: (MNOK) | C22: 2026 | D22: 2025 | E22: 2024 | F22: 2023 | G22: 2022 | H22: 2021 | I22: 2020
B23: Guarantee commissions | C23: 55.591732 | D23: 78.780014 | E23: 65.992688 | F23: 56.271428 | G23: 42.694458 | H23: 32.720769 | I23: 53.243207
B24: Fees from payment transfers | C24: 581.07135 | D24: 666.05199 | E24: 458.73077 | F24: 382.71014 | G24: 357.46062 | H24: 296.42867 | I24: 244.65491
B25: Income from insurance | C25: 218.61062 | D25: 306.96399 | E25: 152.8308 | F25: 111.07873 | G25: 162.38975 | H25: 125.3521 | I25: 112.97145
B26: Commission income from savings and investment products | C26: 138.22083 | D26: 151.78055 | E26: 131.44029 | F26: 120.49262 | G26: 119.83947 | H26: 113.82684 | I26: 90.290115
B27: Commission income from asset management | C27: 155.73378 | D27: 135.44377 | E27: 25.7 | F27: 0 | G27: 0 | H27: 0 | I27: 0
B28: Real estate broking commission | C28: 466.86748 | D28: 533.51844 | E28: 288.01867 | F28: 260.60557 | G28: 250.59478 | H28: 260.54347 | I28: 224.80265
B29: Other commissions and fees | C29: 140.31223 | D29: 168.81826 | E29: 106.30812 | F29: 112.05077 | G29: 92.16909 | H29: 70.965365 | I29: 47.015086
B30: Commission income and income from banking services | C30: 1756.408 | D30: 2041.357 | E30: 1229.0213 | F30: 1043.2093 | G30: 1025.1482 | H30: 899.8372 | I30: 772.97741
B31: Fees payment transfers | C31: 152.93499 | D31: 182.78492 | E31: 125.14397 | F31: 115.80926 | G31: 103.42488 | H31: 97.251835 | I31: 98.793374
B32: Expenses related to savings and investment products | C32: 5.996258 | D32: 4.951879 | E32: 7.853233 | F32: 4.091985 | G32: 8.286162 | H32: 0.680164 | I32: 5.48055
B33: Other commissions and fees | C33: 148.73939 | D33: 110.63648 | E33: 30.643121 | F33: 9.059398 | G33: 4.434507 | H33: 6.440244 | I33: 9.365813
... B35: Net banking services | C35: 1448.7374 | D35: 1742.9837 | E35: 1065.381 | F35: 914.24861 | G35: 909.00262 | H35: 795.46495 | I35: 659.33767
B38: 1.3.2 Net income on financial instruments
B40: Quarterly figures
B41: (MNOK) | C41: Q3-26 | D41: Q2-26 | E41: =E5 -> Q1-26 | F41: Q4-25 | G41: Q3-25 | H41: Q2-25 | I41: Q1-25 | J41: Q4-24 | K41: Q3-24 | L41: Q2-24 | M41: Q1-24 | N41: Q4-23 | O41: Q3-23 | P41: Q2-23 | Q41: Q1-23 | R41: Q4-22 | S41: Q3-22 | T41: Q2-22 | U41: Q1-22
B42: Dividend | C42: 0.192069 | D42: 2.282198 | E42: 21.71449 | F42: 24.193809 | G42: 1.11256 | H42: 17.005321 | I42: 0 | J42: 24.509314 | K42: 1.464995 | L42: 31.584274 | M42: 13.194298 | N42: 0 | O42: 0.116513 | P42: 2.478043 | Q42: 0.007625 | R42: 24.574636 | S42: 8.902566 | T42: 1.024694 | U42: 2.007582
B43: Gain/(loss) on shares | C43: 25.594547 | D43: -2.437684 | E43: 13.297109 | F43: -2.65508 | G43: -2.401223 | H43: 76.274204 | I43: 18.177386 | J43: 42.447944 | K43: 73.196109 | L43: 17.125239 | M43: -17.049807 | N43: 50.276937 | O43: 23.319863 | P43: -21.769397 | Q43: -8.100411 | R43: -13.534604 | S43: -20.659347 | T43: -15.39424 | U43: 54.533288
B44: Gain/(loss) on commercial papers and bonds 1) | C44: -71.639703 | D44: 47.470255 | E44: -21.013996 | F44: -6.943546 | G44: -28.52381 | H44: 53.351002 | I44: -10.077511 | J44: -73.471369 | K44: -9.085078 | L44: 19.4189 | M44: 27.552353 | N44: -4.427181 | O44: 13.691364 | P44: -17.448392 | Q44: -28.699392 | R44: 26.569953 | S44: -28.82252 | T44: -74.933376 | U44: -48.558896
B45: Gain/(loss) on financial instruments, designated at fair value 1) | C45: 39.438881 | D45: 6.568006 | E45: 4.573195 | F45: 102.045 | G45: -7.379715 | H45: 33.722432 | I45: 23.362177 | J45: -58.922388 | K45: 1.509934 | L45: -42.056572 | M45: -9.964142 | N45: -103.48221 | O45: -88.779547 | P45: -12.606608 | Q45: 3.444578 | R45: -232.0982 | S45: 190.10259 | T45: 12.675606 | U45: 112.24877
B46: Gain/(loss) related to positions to customers and trading | C46: 35.694135 | D46: 50.480185 | E46: 37.672076 | F46: 32.373779 | G46: 33.718313 | H46: 53.946774 | I46: 33.659107 | J46: 26.600668 | K46: 26.028615 | L46: 19.662803 | M46: -2.217384 | N46: 49.993628 | O46: 10.147062 | P46: 34.848938 | Q46: 29.872939 | R46: 17.362812 | S46: 22.345984 | T46: 18.079809 | U46: 26.878852
B47: Net gain/(loss) on financial instruments designated for hedge accounting | C47: -14.666491 | D47: -7.533578 | E47: 38.206963 | F47: -111.6764 | G47: 35.070881 | H47: -5.151123 | I47: 4.536501 | J47: 5.8894 | K47: 13.813438 | L47: -29.732163 | M47: 17.04472 | N47: -10.423466 | O47: 1.763904 | P47: -1.102098 | Q47: -0.094745 | R47: -1.356593 | S47: 1.151339 | T47: -0.688515 | U47: 1.793714
B48: Other gain/(loss) | C48: -17.151611 | D48: -0.848233 | E48: -0.769415 | F48: -0.561004 | G48: 0.005515 | H48: -0.734534 | I48: -6.895892 | J48: -0.058889 | K48: -0.347512 | L48: -0.176479 | M48: -4.046339 | N48: -5.157602 | O48: -0.522358 | P48: -3.982815 | Q48: -0.407659 | R48: 0 | S48: -0.126774 | T48: -8.048968 | U48: -2.461028
B49: Net income on financial instruments | C49: -2.538173 | D49: 95.981149 | E49: 93.680422 | F49: 36.776557 | G49: 31.602521 | H49: 228.41408 | I49: =SUM(I42:I48) -> 62.761768 | J49: =SUM(J42:J48) -> -33.00532 | K49: =SUM(K42:K48) -> 106.5805 | L49: =SUM(L42:L48) -> 15.826002 | M49: =SUM(M42:M48) -> 24.513699 | N49: =SUM(N42:N48) -> -23.219895 | O49: =SUM(O42:O48) -> -40.263199 | P49: =SUM(P42:P48) -> -19.582329 | ... U49: =SUM(U42:U48) -> 146.44228
B51: Full year figures
B52: (MNOK) | C52: =C22 -> 2026 | D52: 2025 | E52: 2024 | F52: 2023 | G52: 2022 | H52: 2021 | I52: 2020
B53: Dividend | C53: 24.188757 | D53: 42.31169 | E53: 70.752881 | F53: 2.602181 | G53: 36.509478 | H53: 8.734417 | I53: 51.10531
B54: Gain/(loss) on shares | C54: 36.453972 | D54: 89.395287 | E54: 115.71949 | F54: 43.726992 | G54: 4.945097 | H54: 20.09192 | I54: -7.705412
B55: Gain/(loss) on commercial papers and bonds 1) | C55: -45.183444 | D55: 7.806135 | E55: -35.585194 | F55: -36.883601 | G55: -125.74484 | H55: -57.595218 | I55: -67.095244
B56: Gain/(loss) on financial instruments, designated at fair value 1) | C56: 50.580082 | D56: 151.74989 | E56: -109.43317 | F56: -201.42379 | G56: 82.928765 | H56: 29.309897 | I56: -75.890068
B57: Gain/(loss) related to positions to customers and trading | C57: 123.8464 | D57: 153.69797 | E57: 70.074702 | F57: 124.86257 | G57: 84.667457 | H57: 82.144891 | I57: 63.94828
B58: Net gain/(loss) on financial instruments designated for hedge accounting | C58: 16.006894 | D58: -77.220137 | E58: 7.015395 | F58: -9.856405 | G58: 0.899945 | H58: -1.701365 | I58: 1.298333
B59: Other gain/(loss) | C59: -18.769259 | D59: -8.185915 | E59: -4.629219 | F59: -10.070434 | G59: -10.63677 | H59: -18.14102 | I59: -4.901432
B60: Net income on financial instruments | C60: 187.1234 | D60: 359.55492 | E60: 113.91488 | F60: -87.042488 | G60: 73.569133 | H60: 62.843522 | I60: -39.240233
B62: 1) The value adjustment of derivatives used to manage interest and currency risk is distributed between the financial instruments they are managed together with.

Sheet Operating Expenses
A1: Back to contents
B2: 1.4.1 Operating expenses - Group
B4: Quarterly figures
B5: (MNOK) | C5: Q3-26 | D5: Q2-26 | E5: Q1-26 | F5: Q4-25 | G5: Q3-25 | H5: Q2-25 | I5: Q1-25 | J5: Q4-24 | K5: Q3-24 | L5: Q2-24 | M5: Q1-24 | N5: Q4-23 | O5: Q3-23 | P5: Q2-23 | Q5: Q1-23 | R5: Q4-22 | S5: Q3-22 | T5: Q2-22 | U5: Q1-22
B6: Payroll expenses including empl.Nat.Ins.contributions | C6: 503.07523 | D6: 497.3159 | E6: 489.18106 | F6: 492.63057 | G6: 491.62302 | H6: 394.88167 | I6: 244.97286 | J6: 237.22652 | K6: 211.30374 | L6: 216.52192 | M6: 204.74014 | N6: 194.09248 | O6: 203.43337 | P6: 190.26803 | Q6: 189.42251 | R6: 168.35374 | S6: 190.78895 | T6: 187.42558 | U6: 175.13743
B7: Pension expenses | C7: 62.073319 | D7: 49.611747 | E7: 36.777164 | F7: 58.025841 | G7: 55.316402 | H7: 36.184152 | I7: 24.864167 | J7: 24.477726 | K7: 24.905235 | L7: 25.096163 | M7: 23.927621 | N7: 17.545639 | O7: 24.843729 | P7: 23.112974 | Q7: 24.330229 | R7: 25.714841 | S7: 22.921623 | T7: 22.436706 | U7: 23.418016
B8: Other personnel expences | C8: 31.905226 | D8: 29.688918 | E8: 32.555042 | F8: 43.885579 | G8: 26.644008 | H8: 34.641545 | I8: 16.888051 | J8: 18.415724 | K8: 10.961195 | L8: 13.566083 | M8: 15.097807 | N8: 11.450224 | O8: 12.748474 | P8: 13.919286 | Q8: 13.465299 | R8: 24.071314 | S8: 9.56146 | T8: 13.476859 | U8: 12.316826
B9: External fees | C9: 41.23688 | D9: 63.604202 | E9: 50.704172 | F9: 69.745455 | G9: 31.34157 | H9: 63.047473 | I9: 56.768272 | J9: 27.336682 | K9: 17.392367 | L9: 12.916564 | M9: 12.426865 | N9: 19.803683 | O9: 9.42296 | P9: 24.026728 | Q9: 29.205815 | R9: 24.506746 | S9: 18.862331 | T9: 17.895192 | U9: 20.891264
B10: ICT expenses | C10: 191.90461 | D10: 187.91785 | E10: 184.78542 | F10: 182.10091 | G10: 174.31474 | H10: 153.93243 | I10: 89.567758 | J10: 87.343146 | K10: 72.197837 | L10: 89.86579 | M10: 88.272111 | N10: 80.261572 | O10: 83.505643 | P10: 72.903396 | Q10: 79.72311 | R10: 71.333412 | S10: 63.802449 | T10: 66.890977 | U10: 65.439454
B11: Marketing | C11: 28.821862 | D11: 36.786363 | E11: 40.298749 | F11: 33.954136 | G11: 35.815329 | H11: 43.019634 | I11: 21.712448 | J11: 22.396017 | K11: 14.717774 | L11: 19.491283 | M11: 17.328229 | N11: 13.477518 | O11: 11.200702 | P11: 19.34956 | Q11: 19.548148 | R11: 17.603652 | S11: 11.639843 | T11: 18.776132 | U11: 18.714606
B12: Payroll and general administration expenses | C12: 859.01713 | D12: 864.92498 | E12: 834.3016 | F12: 880.34249 | G12: 815.05507 | H12: 725.70691 | I12: =SUM(I6:I11) -> 454.77356 | J12: =SUM(J6:J11) -> 417.19582 | K12: =SUM(K6:K11) -> 351.47815 | L12: =SUM(L6:L11) -> 377.4578 | M12: =SUM(M6:M11) -> 361.79277 | N12: =SUM(N6:N11) -> 336.63112 | O12: =SUM(O6:O11) -> 345.15488 | P12: =SUM(P6:P11) -> 343.57998 | ... U12: =SUM(U6:U11) -> 315.9176
B13: Depreciation | C13: 111.79863 | D13: 109.20876 | E13: 113.12552 | F13: 109.94041 | G13: 107.38723 | H13: 85.461825 | I13: 49.772096 | J13: 48.702286 | K13: 46.182353 | L13: 42.562752 | M13: 40.936456 | N13: 48.147771 | O13: 46.911908 | P13: 48.004963 | Q13: 49.391543 | R13: 57.125519 | S13: 54.528792 | T13: 54.199172 | U13: 52.444354
B14: Operating expenses, premises | C14: 6.317292 | D14: 7.752898 | E14: 22.053988 | F14: 7.444074 | G14: 6.881428 | H14: 11.821691 | I14: 8.983404 | J14: 9.993293 | K14: 6.755354 | L14: 7.114272 | M14: 9.804945 | N14: 9.405315 | O14: 8.094534 | P14: 10.816388 | Q14: 14.142603 | R14: 8.559779 | S14: 9.471527 | T14: 11.173675 | U14: 8.251968
B15: Wealth tax | C15: 0 | D15: 0 | E15: 0 | F15: 70.366088 | G15: 0 | H15: 0 | I15: 0 | J15: 48.273473 | K15: 0 | L15: 0 | M15: 0 | N15: 20.160005 | O15: 0 | P15: 0 | Q15: 0 | R15: 31.39289 | S15: 0 | T15: 0 | U15: 0
B16: Other operating expenses | C16: 66.579001 | D16: 71.38256 | E16: 66.788856 | F16: 87.600161 | G16: 60.507689 | H16: 66.974039 | I16: 33.243801 | J16: 28.444272 | K16: 30.65194 | L16: 32.230683 | M16: 30.683199 | N16: 24.310135 | O16: 35.837896 | P16: 45.396823 | Q16: 30.603592 | R16: 23.425935 | S16: 28.865381 | T16: 28.015999 | U16: 28.029378
B17: Total other operating expenses | C17: 72.896293 | D17: 79.135458 | E17: 88.842844 | F17: =F14+F15+F16 -> 165.41032 | G17: =G14+G15+G16 -> 67.389117 | H17: =H14+H15+H16 -> 78.79573 | I17: =I14+I15+I16 -> 42.227205 | J17: =J14+J15+J16 -> 86.711038 | K17: =K14+K15+K16 -> 37.407294 | L17: =L14+L15+L16 -> 39.344955 | M17: =M14+M15+M16 -> 40.488144 | ... U17: =U14+U15+U16 -> 36.281346
B18: Total operating expenses | C18: 1043.7121 | D18: 1053.2692 | E18: 1036.27 | F18: =F13+F12+F17 -> 1155.6932 | G18: =G13+G12+G17 -> 989.83142 | H18: =H13+H12+H17 -> 889.96446 | I18: =I13+I12+I17 -> 546.77286 | J18: =J13+J12+J17 -> 552.60914 | K18: =K13+K12+K17 -> 435.0678 | L18: =L13+L12+L17 -> 459.36551 | M18: =M13+M12+M17 -> 443.21737 | ... U18: =U13+U12+U17 -> 404.6433
B20: Full year figures
B21: (MNOK) | C21: 2026 | D21: 2025 | E21: 2024 | F21: 2023 | G21: 2022 | H21: 2021 | I21: 2020
B22: Payroll expenses including empl.Nat.Ins.contributins | C22: 1489.5722 | D22: 1624.1081 | E22: 869.79232 | F22: 777.21639 | G22: 721.7057 | H22: 702.39018 | I22: 599.64507
B23: Pension expenses | C23: 148.46223 | D23: 174.39056 | E23: 98.406745 | F23: 89.832571 | G23: 94.491186 | H23: 79.04402 | I23: 86.741116
B24: Other personnel expences | C24: 94.149186 | D24: 122.05918 | E24: 58.040809 | F24: 51.583283 | G24: 59.426459 | H24: 45.753604 | I24: 47.29371
B25: External fees | C25: 155.54525 | D25: 220.90277 | E25: 70.072478 | F25: 82.459186 | G25: 82.155533 | H25: 51.333519 | I25: 71.785749
B26: ICT expenses | C26: 564.60788 | D26: 599.91584 | E26: 337.67888 | F26: 316.39372 | G26: 267.46629 | H26: 247.87133 | I26: 231.42702
B27: Marketing | C27: 105.90697 | D27: 134.50155 | E27: 73.933303 | F27: 63.575928 | G27: 66.734233 | H27: 63.155147 | I27: 60.262395
B28: Payroll and general administration expenses | C28: 2558.2437 | D28: 2875.878 | E28: 1507.9245 | F28: 1381.0611 | G28: 1291.9794 | H28: 1189.5478 | I28: 1097.1551
B29: Depreciation | C29: 334.13291 | D29: 352.56156 | E29: 178.38385 | F29: 192.45619 | G29: 218.29784 | H29: 207.8607 | I29: 187.88121
B30: Operating expenses, premises | C30: 36.124178 | D30: 35.130597 | E30: 33.667864 | F30: 42.45884 | G30: 37.456949 | H30: 30.682439 | I30: 32.29687
B31: Wealth tax | C31: 0 | D31: 70.366088 | E31: 48.273473 | F31: 20.160005 | G31: 31.39289 | H31: 12.749672 | I31: 17.804148
B32: Other operating expenses | C32: 204.75042 | D32: 248.32569 | E32: 122.01009 | F32: 136.14845 | G32: 108.33669 | H32: 97.631008 | I32: 113.02
... B34: Total operating expenses | C34: 3133.2512 | D34: 3582.262 | E34: 1890.2598 | F34: 1772.2846 | G34: 1687.4638 | H34: 1538.4716 | I34: 1448.1573
B37: 1.4.2 Operating expenses - Parent bank
B39: Quarterly figures
B40: (MNOK) | C40: Q3-26 | D40: Q2-26 | E40: =E5 -> Q1-26 | F40: Q4-25 | G40: Q3-25 | H40: Q2-25 | I40: Q1-25 | J40: Q4-24 | K40: Q3-24 | L40: Q2-24 | M40: Q1-24 | N40: Q4-23 | O40: Q3-23 | P40: Q2-23 | Q40: Q1-23 | R40: Q4-22 | S40: Q3-22 | T40: Q2-22 | U40: Q1-22
B41: Payroll expenses including empl.Nat.Ins.contributins | C41: 346.36493 | D41: 341.4564 | E41: 360.19856 | F41: 349.80017 | G41: 352.15305 | H41: 287.85633 | I41: 191.78913 | J41: 185.29988 | K41: 170.88922 | L41: 171.99379 | M41: 170.26914 | N41: 159.26373 | O41: 164.60916 | P41: 150.31161 | Q41: 150.37362 | R41: 134.39755 | S41: 154.58693 | T41: 145.79992 | U41: 140.87772
B42: Pension expenses | C42: 50.533564 | D42: 35.551436 | E42: 32.545859 | F42: 47.209614 | G42: 46.822377 | H42: 29.772005 | I42: 21.816817 | J42: 20.028677 | K42: 22.467193 | L42: 22.68751 | M42: 21.628549 | N42: 14.035374 | O42: 22.264133 | P42: 20.43502 | Q42: 21.600962 | R42: 21.852985 | S42: 20.107901 | T42: 20.093206 | U42: 21.089006
B43: Other personnel expences | C43: 24.635284 | D43: 21.970015 | E43: 22.317152 | F43: 33.108578 | G43: 20.216568 | H43: 29.195785 | I43: 13.138657 | J43: 16.071536 | K43: 8.090003 | L43: 9.897873 | M43: 11.104593 | N43: 11.747372 | O43: 9.150134 | P43: 9.777918 | Q43: 9.571376 | R43: 18.950231 | S43: 7.54595 | T43: 9.94588 | U43: 10.628172
B44: External fees | C44: 37.358265 | D44: 56.859381 | E44: 44.547962 | F44: 50.733437 | G44: 23.799268 | H44: 54.009564 | I44: 51.802363 | J44: 14.232357 | K44: 16.016122 | L44: 12.713111 | M44: 12.065039 | N44: 19.260199 | O44: 8.365703 | P44: 23.207965 | Q44: 28.546941 | R44: 23.087627 | S44: 18.052202 | T44: 16.91852 | U44: 19.911732
B45: ICT expenses | C45: 173.02197 | D45: 171.63838 | E45: 167.33166 | F45: 164.57553 | G45: 158.90967 | H45: 138.75176 | I45: 84.153607 | J45: 82.357796 | K45: 69.54969 | L45: 87.071609 | M45: 85.553907 | N45: 77.318031 | O45: 80.894152 | P45: 69.63028 | Q45: 76.534423 | R45: 68.292514 | S45: 60.744329 | T45: 63.149419 | U45: 62.44383
B46: Marketing | C46: 22.819987 | D46: 28.314313 | E46: 35.913664 | F46: 28.468759 | G46: 29.737237 | H46: 35.554776 | I46: 19.245512 | J46: 19.187993 | K46: 12.544136 | L46: 16.758201 | M46: 14.97414 | N46: 11.606187 | O46: 9.192187 | P46: 17.086328 | Q46: 17.401157 | R46: 14.608214 | S46: 9.419753 | T46: 16.817129 | U46: 16.383494
B47: Payroll and general administration expenses | C47: 654.73399 | D47: 655.78992 | E47: 662.85486 | F47: 673.89608 | G47: 631.63818 | H47: 575.14022 | I47: =SUM(I41:I46) -> 381.94608 | J47: =SUM(J41:J46) -> 337.17824 | K47: =SUM(K41:K46) -> 299.55636 | L47: =SUM(L41:L46) -> 321.1221 | M47: =SUM(M41:M46) -> 315.59537 | N47: =SUM(N41:N46) -> 293.2309 | O47: =SUM(O41:O46) -> 294.47547 | P47: =SUM(P41:P46) -> 290.44912 | ... U47: =SUM(U41:U46) -> 271.33395
B48: Depreciation | C48: 94.616215 | D48: 94.007315 | E48: 98.195419 | F48: 95.473127 | G48: 91.575452 | H48: 72.382253 | I48: 44.852415 | J48: 43.780423 | K48: 45.419897 | L48: 41.754705 | M48: 40.086284 | N48: 42.248671 | O48: 46.126634 | P48: 47.270718 | Q48: 48.572962 | R48: 49.215988 | S48: 53.961995 | T48: 53.377145 | U48: 51.759831
B49: Operating expenses, premises | C49: 4.245261 | D49: 3.260058 | E49: 16.018402 | F49: 6.510281 | G49: 5.035344 | H49: 5.539183 | I49: 3.489351 | J49: 5.10394 | K49: 2.740014 | L49: 3.184724 | M49: 5.409581 | N49: 5.106352 | O49: 4.002901 | P49: 6.075762 | Q49: 10.383538 | R49: 5.294779 | S49: 5.913994 | T49: 7.377814 | U49: 4.768565
B50: Wealth tax | C50: 0 | D50: 0 | E50: 0 | F50: 70.366088 | G50: 0 | H50: 0 | I50: 0 | J50: 48.273473 | K50: 0 | L50: 0 | M50: 0 | N50: 20.160005 | O50: 0 | P50: 0 | Q50: 0 | R50: 31.39289 | S50: 0 | T50: 0 | U50: 0
B51: Other operating expenses | C51: 28.663976 | D51: 32.869882 | E51: 32.203358 | F51: 39.739601 | G51: 30.014872 | H51: 30.125316 | I51: 20.15373 | J51: 19.161975 | K51: 19.797246 | L51: 17.2581 | M51: 20.990021 | N51: 15.753345 | O51: 23.989467 | P51: 30.98774 | Q51: 20.301852 | R51: 15.058572 | S51: 19.17745 | T51: 14.507366 | U51: 18.649359
B52: Total other operating expenses | C52: 32.909237 | D52: 36.12994 | E52: 48.22176 | F52: =F49+F50+F51 -> 116.61597 | G52: =G49+G50+G51 -> 35.050216 | H52: =H49+H50+H51 -> 35.664499 | I52: =I49+I50+I51 -> 23.643081 | J52: =J49+J50+J51 -> 72.539388 | K52: =K49+K50+K51 -> 22.53726 | L52: =L49+L50+L51 -> 20.442824 | M52: =M49+M50+M51 -> 26.399602 | ... U52: =U49+U50+U51 -> 23.417924
B53: Total operating expenses | C53: 782.25944 | D53: 785.92718 | E53: 809.27204 | F53: =F47+F48+F52 -> 885.98518 | G53: =G47+G48+G52 -> 758.26385 | H53: =H47+H48+H52 -> 683.18697 | I53: =I47+I48+I52 -> 450.44158 | J53: =J47+J48+J52 -> 453.49805 | K53: =K47+K48+K52 -> 367.51352 | L53: =L47+L48+L52 -> 383.31962 | M53: =M47+M48+M52 -> 382.08126 | ... U53: =U47+U48+U52 -> 346.51171
B55: Full year figures
B56: (MNOK) | C56: 2026 | D56: 2025 | E56: 2024 | F56: 2023 | G56: 2022 | H56: 2021 | I56: 2020
B57: Payroll expenses including empl.Nat.Ins.contributins | C57: 1048.0199 | D57: 1181.5987 | E57: 698.45204 | F57: 624.55813 | G57: 575.66211 | H57: 559.78891 | I57: 472.72648
B58: Pension expenses | C58: 118.63086 | D58: 145.62081 | E58: 86.811929 | F58: 78.335489 | G58: 83.143098 | H58: 68.999908 | I58: 77.415097
B59: Other personnel expences | C59: 68.922451 | D59: 95.659588 | E59: 45.164005 | F59: 40.2468 | G59: 47.070233 | H59: 33.975861 | I59: 39.316339
B60: External fees | C60: 138.76561 | D60: 180.34463 | E60: 55.026629 | F60: 79.380808 | G60: 77.970081 | H60: 48.275658 | I60: 68.894683
B61: ICT expenses | C61: 511.99201 | D61: 546.39056 | E61: 324.533 | F61: 304.37689 | G61: 254.63009 | H61: 234.89643 | I61: 219.39768
B62: Marketing | C62: 87.047964 | D62: 113.00628 | E62: 63.46447 | F62: 55.285859 | G62: 57.22859 | H62: 53.153385 | I62: 54.707814
B63: Payroll and general administration expenses | C63: 1973.3788 | D63: 2262.6206 | E63: 1273.4521 | F63: 1182.184 | G63: 1095.7042 | H63: 999.09015 | I63: 932.45809
B64: Depreciation | C64: 286.81895 | D64: 304.28325 | E64: 171.04131 | F64: 184.21899 | G64: 208.31496 | H64: 205.01287 | I64: 208.27063
B65: Operating expenses, premises | C65: 23.523721 | D65: 20.574159 | E65: 16.438259 | F65: 25.568553 | G65: 23.355152 | H65: 18.774126 | I65: 15.30422
B66: Wealth tax | C66: 0 | D66: 70.366088 | E66: 48.273473 | F66: 20.160005 | G66: 31.39289 | H66: 12.749672 | I66: 17.804148
B67: Other operating expenses | C67: 93.737216 | D67: 120.03352 | E67: 77.207342 | F67: 91.032404 | G67: 67.392747 | H67: 61.831987 | I67: 81.338779
... B69: Total operating expenses | C69: 2377.4587 | D69: 2777.8776 | E69: 1586.4125 | F69: 1503.1639 | G69: 1426.16 | H69: 1297.4588 | I69: 1255.1759

Sheet Associated companies
A1: Back to contents
B2: 1.5.1 Associated companies
B4: Quarterly figures
B5: (MNOK) | C5: Q3-26 | D5: Q2-26 | E5: Q1-26 | F5: Q4-25 | G5: Q3-25 | H5: Q2-25 | I5: Q1-25 | J5: Q4-24 | K5: Q3-24 | L5: Q2-24 | M5: Q1-24 | N5: Q4-23 | O5: Q3-23 | P5: Q2-23 | Q5: Q1-23 | R5: Q4-22 | S5: Q3-22 | T5: Q2-22 | U5: Q1-22
B6: Frende Forsikring | C6: 119.55961 | D6: 180.26841 | E6: 42.105307 | F6: 107.7 | G6: 116.46699 | H6: 149.5485 | I6: 7.38306 | J6: 36.03236 | K6: 39.945302 | L6: 49.005503 | M6: -4.538411 | N6: 34.195021 | O6: -16.143953 | P6: 13.296509 | Q6: 19.687197 | R6: 55.492541 | S6: 36.990866 | T6: 30.1 | U6: -8.600911
B7: Norne Securities | C7: 2.285917 | D7: 2.2163099 | E7: 4.114999 | F7: 3.6 | G7: 1.85163 | H7: 4.62859 | I7: -0.782528 | J7: 3.9636196 | K7: -0.15647578 | L7: 3.226107 | M7: -0.442373 | N7: 1.89465 | O7: -0.90718317 | P7: 0.092394 | Q7: 0.028999 | R7: 3.539251 | S7: -0.980415 | T7: 2.768 | U7: 7.084557
B8: Brage Finans 1) | C8: 0 | D8: 0 | E8: 0 | F8: 0 | G8: 0 | H8: 18.333833 | I8: 49.804036 | J8: 43.896718 | K8: 44.764044 | L8: 25.616876 | M8: 41.901117 | N8: 44.751047 | O8: 39.498098 | P8: 46.537689 | Q8: 35.76331 | R8: 37.104084 | S8: 33.927712 | T8: 32.163 | U8: 29.301138
B9: Others | C9: 2.2586 | D9: 6.5165826 | E9: 33.229568 | F9: 1.3 | G9: 0.316562 | H9: 2.053242 | I9: 20.414737 | J9: 4.8183735 | K9: -0.26101021 | L9: 0.011368 | M9: -0.538784 | N9: -1.350695 | O9: -0.22820063 | P9: -0.082877 | Q9: -2.383307 | R9: -0.899394 | S9: -1.996907 | T9: 6.163 | U9: 0.005489
B10: Share of profit from associated companies | C10: 124.10412 | D10: 189.08495 | E10: 79.449874 | F10: =F6+F7+F8+F9 -> 112.6 | G10: =G6+G7+G8+G9 -> 118.63518 | H10: =H6+H7+H8+H9 -> 174.56417 | I10: =I6+I7+I8+I9 -> 76.819305 | J10: =J6+J7+J8+J9 -> 88.71107 | K10: =K6+K7+K8+K9 -> 84.29186 | L10: =L6+L7+L8+L9 -> 77.859854 | M10: =M6+M7+M8+M9 -> 36.381549 | ... U10: =U6+U7+U8+U9 -> 27.790273
B12: Full year figures
B13: (MNOK) | C13: 2026 | D13: 2025 | E13: 2024 | F13: 2023 | G13: 2022 | H13: 2021 | I13: 2020
B14: Frende Holding | C14: 341.93332 | D14: 381.17041 | E14: 120.44475 | F14: 51.034774 | G14: 113.99841 | H14: 150 | I14: 226
B15: Norne Securities | C15: 8.617226 | D15: 9.3 | E15: 6.5908778 | F15: 1.10886 | G15: 12.41234 | H15: 3 | I15: 1
B16: Brage Finans 1) | C16: 0 | D16: 68.1 | E16: 156.17875 | F16: 166.55014 | G16: 132.496 | H16: 77 | I16: 81
B17: Others | C17: 42.004751 | D17: 24 | E17: 4.0299473 | F17: -4.04508 | G17: 3.27256 | H17: -4 | I17: -3
B18: Share of profit from associated companies | C18: 392.67926 | D18: 482.57041 | E18: 287.24433 | F18: 214.6487 | G18: 262.17931 | H18: 226 | I18: 305
B20: 1) As a result of the merger, Sparebanken Norge obtained control over Brage Finans AS. This led to a change in classification from an associated company to a subsidiary as of 2 May 2025.

Sheet Impairments
A1: Back to contents
B2: 1.6.1 Impairments
B4: Quarterly figures
B5: (MNOK) | C5: Q3-26 | D5: Q2-26 | E5: Q1-26 | F5: Q4-25 | G5: Q3-25 | H5: Q2-25 | I5: Q1-25 | J5: Q4-24 | K5: Q3-24 | L5: Q2-24 | M5: Q1-24 | N5: Q4-23 | O5: Q3-23 | P5: Q2-23 | Q5: Q1-23 | R5: Q4-22 | S5: Q3-22 | T5: Q2-22 | U5: Q1-22
B6: Expected Credit Loss - stage 1 | C6: 443.96171 | D6: 492.72929 | E6: 496.90438 | F6: 604.84149 | G6: 485.54994 | H6: 572.91138 | I6: 284.63168 | J6: 261.78644 | K6: 306.84714 | L6: 273.44468 | M6: 288 | N6: 318.72715 | O6: 307.2577 | P6: 307.5667 | Q6: 268.98367 | R6: 198.57263 | S6: 179.29182 | T6: 172.26509 | U6: 167.17556
B7: Expected Credit Loss - stage 2 | C7: 403.86989 | D7: 439.88746 | E7: 445.3607 | F7: 498.1164 | G7: 613.92433 | H7: 613.5285 | I7: 343.28512 | J7: 351.27632 | K7: 306.61983 | L7: 304.21219 | M7: 251 | N7: 246.94421 | O7: 269.33098 | P7: 254.88943 | Q7: 253.56247 | R7: 335.80634 | S7: 374.18193 | T7: 341.27786 | U7: 319.93553
B8: Expected Credit Loss - stage 3 | C8: 1322.3607 | D8: 1153.3479 | E8: 1172.6326 | F8: 953.79412 | G8: 950.97914 | H8: 874.32707 | I8: 395.54045 | J8: 436.11141 | K8: 462.32748 | L8: 498.06532 | M8: 524 | N8: 460.70593 | O8: 440.844 | P8: 442.03203 | Q8: 470.57017 | R8: 441.33092 | S8: 408.99269 | T8: 457.72156 | U8: 463.51061
B9: Total loss provision in the balance sheet | C9: 2170.1923 | D9: 2085.9646 | E9: 2114.8977 | F9: 2056.752 | G9: 2050.4534 | H9: 2060.7669 | I9: =SUM(I6:I8) -> 1023.4573 | J9: =SUM(J6:J8) -> 1049.1742 | K9: =SUM(K6:K8) -> 1075.7945 | L9: =SUM(L6:L8) -> 1075.7222 | M9: =SUM(M6:M8) -> 1063 | N9: =SUM(N6:N8) -> 1026.3773 | O9: =SUM(O6:O8) -> 1017.4327 | P9: =SUM(P6:P8) -> 1004.4882 | ... U9: =SUM(U6:U8) -> 950.62171
B11: Corporate customers | C11: 1761.9299 | D11: 1685.1756 | E11: 1739.8575 | F11: 1666.6744 | G11: 1501.0913 | H11: 1503.307 | I11: 817.95724 | J11: 845.75238 | K11: 867.7305 | L11: 875.11184 | M11: 872 | N11: 844.8794 | O11: 856.12607 | P11: 851.83188 | Q11: 864.64434 | R11: 855.34946 | S11: 862.0857 | T11: 884.69686 | U11: 876.23059
B12: Retail customers | C12: 408.26244 | D12: 400.78896 | E12: 375.0402 | F12: 390.09651 | G12: 549.36206 | H12: 557.45996 | I12: 205.50001 | J12: 203.42179 | K12: 208.06396 | L12: 200.61036 | M12: 191 | N12: 181.49798 | O12: 161.30661 | P12: 152.65627 | Q12: 128.47196 | R12: 120.36043 | S12: 100.38074 | T12: 86.56765 | U12: 74.39112
B13: Total loss provision in the balance sheet | C13: 2170.1923 | D13: 2085.9646 | E13: 2114.8977 | F13: 2056.7709 | G13: 2050.4534 | H13: 2060.7669 | I13: =I11+I12 -> 1023.4573 | J13: =J11+J12 -> 1049.1742 | K13: =K11+K12 -> 1075.7945 | L13: =L11+L12 -> 1075.7222 | M13: =M11+M12 -> 1063 | N13: =N11+N12 -> 1026.3774 | O13: =O11+O12 -> 1017.4327 | P13: =P11+P12 -> 1004.4882 | ... U13: =U11+U12 -> 950.62171
B15: Individual loss provisions | C15: 736.28572 | D15: 659.53161 | E15: 621.46229 | F15: 428 | G15: 433 | H15: 430
B16: Model-based loss provision | C16: 1433.9066 | D16: 1426.433 | E16: 1493.4354 | F16: 1629 | G16: 1617 | H16: 1631
B17: Total loss provision in the balance sheet | C17: 2170.1923 | D17: 2085.9646 | E17: 2114.8977 | F17: =+F16+F15 -> 2057 | G17: =+G16+G15 -> 2050 | H17: =+H16+H15 -> 2061
B19: Loss cost for the period:
B20: Change in total write-downs | C20: 84.227706 | D20: -28.93309 | E20: 186.2822 | F20: =+E46-G20-H20-I20 -> -86.349032 | G20: -15.864927 | H20: 150.72775 | I20: -25.716916 | J20: =22.796872000686-K20-L20-M20 -> -26.720287 | K20: 0.072257001 | L20: =12.344901999286+0.1 -> 12.444902 | M20: 37 | N20: 8.944705 | O20: 12.944529 | P20: -2.4835095 | Q20: 31.261773 | R20: 13.243356 | S20: -8.7980663 | T20: 20.642891 | U20: 4.8642807
B21: Confirmed loss | C21: 19.039091 | D21: 68.94894 | E21: -76.254223 | F21: =+E47-G21-H21-I21 -> -75.468056 | G21: 90.779271 | H21: 33.496578 | I21: 40.514979 | J21: 47.134995 | K21: 14.417571 | L21: =15.47020602+0.3 -> 15.770206 | M21: 12 | N21: 6.803367 | O21: 10.102928 | P21: 33.683509 | Q21: 3.899706 | R21: 28.108547 | S21: 2.3778818 | T21: 10.263298 | U21: 10.926865
B22: Recoveries in previosly confimed write-downs | C22: -6.539838 | D22: -6.591579 | E22: -7.39945 | F22: =+E48-G22-H22-I22 -> -4.642443 | G22: -1.741257 | H22: -4.419242 | I22: -4.4182 | J22: -4.523893 | K22: -2.0984599 | L22: -3.5987891 | M22: -5 | N22: -3.120325 | O22: -2.559215 | P22: -2.44391 | Q22: -2.742792 | R22: -0.03145652 | S22: -1.2596947 | T22: -7.4403621 | U22: -10.790406
B23: Other changes | C23: 0 | D23: 0 | E23: 0 | F23: =+E49-G23-H23-I23 -> 0 | G23: 0 | H23: 0 | I23: 0 | J23: 0 | K23: 0 | L23: 0 | M23: 0 | N23: 0 | O23: 0 | P23: 0 | Q23: 0.542129 | R23: -3.538048 | S23: -2.7936405 | T23: -4.5330425 | U23: 0.664681
B24: Loss cost for the period | C24: 96.726959 | D24: 33.424271 | E24: 102.62853 | F24: =+E50-G24-H24-I24 -> -166.45953 | G24: 73.173087 | H24: 179.80508 | I24: =SUM(I20:I23) -> 10.379863 | J24: =SUM(J20:J23) -> 15.890815 | K24: =SUM(K20:K23) -> 12.391368 | L24: =SUM(L20:L23) -> 24.616319 | M24: =SUM(M20:M23) -> 44 | N24: =SUM(N20:N23) -> 12.627747 | O24: =SUM(O20:O23) -> 20.488242 | P24: =SUM(P20:P23) -> 28.75609 | ... U24: =SUM(U20:U23) -> 5.6654215
B26: Individual write-downs | C26: 89.253367 | D26: 100.42668 | E26: 238.35316 | F26: =200-138 -> 62 | G26: =138-46 -> 92 | H26: =46-11 -> 35 | I26: 11
B27: Model-based write-downs | C27: 7.473592 | D27: -67.00241 | E27: -135.72463 | F27: =112-125 -> -13 | G27: =125-144 -> -19 | H27: 145 | I27: -1
B28: Loss cost for the period | C28: 96.726959 | D28: 33.424271 | E28: 102.62853 | F28: =+F27+F26 -> 49 | G28: =+G27+G26 -> 73 | H28: =+H27+H26 -> 180 | I28: =+I27+I26 -> 10
B30: Full year figures
B31: (MNOK) | C31: 2026 | D31: 2025 | E31: 2024 | F31: 2023 | G31: 2022 | H31: 2021 | I31: 2020 | J31: 2020
B32: Expected Credit Loss - stage 1 | C32: 443.96171 | D32: 604.84149 | E32: 261.78644 | F32: 318.72715 | G32: 198.57263 | H32: 168.93281 | I32: 146.69876 | J32: 146.69876
B33: Expected Credit Loss - stage 2 | C33: 403.86989 | D33: 498.1164 | E33: 351.27632 | F33: 246.94421 | G33: 335.80634 | H33: 343.73548 | I33: 350.14986 | J33: 350.14986
B34: Expected Credit Loss - stage 3 | C34: 1322.3607 | D34: 953.79412 | E34: 436.11141 | F34: 460.70593 | G34: 441.33092 | H34: 433.08904 | I34: 538.2559 | J34: 538.2559
B35: Total loss provision in the balance sheet | C35: 2170.1923 | D35: 2056.752 | E35: 1049.1742 | F35: 1026.3773 | G35: 975.70989 | H35: 945.75734 | I35: 1035.1045 | J35: 1035.1045
B37: Corporate customers | C37: 1761.9299 | D37: 1666.6744 | E37: 845.75238 | F37: 844.8794 | G37: 855.34946 | H37: 836.34053 | I37: 926.42302 | J37: 926.42302
B38: Retail customers | C38: 408.26244 | D38: 390.09651 | E38: 203.42179 | F38: 181.49798 | G38: 120.36043 | H38: 109.4169 | I38: 108.6815 | J38: 108.6815
B39: Total loss provision in the balance sheet | C39: 2170.1923 | D39: 2056.7709 | E39: 1049.1742 | F39: 1026.3774 | G39: 975.70989 | H39: 945.75743 | I39: 1035.1045 | J39: 1035.1045
B41: Individual loss provisions | C41: 736.28572 | D41: 428
B42: Model-based loss provision | C42: 1433.9066 | D42: 1629
B43: Total loss provision in the balance sheet | C43: 2170.1923 | D43: 2057
B45: Loss cost for the period:
B46: Change in total write-downs | C46: 241.57682 | D46: 80.411429 | E46: 22.796872 | F46: 50.667498 | G46: 29.952462 | H46: -89.3471 | I46: 352.77189 | J46: 352.77189
B47: Confirmed loss | C47: 11.733808 | D47: 250.14569 | E47: 89.322772 | F47: 54.48951 | G47: 51.676592 | H47: 83.776316 | I47: 120.65188 | J47: 120.65188
B48: Recoveries in previosly confimed write-downs | C48: -20.530867 | D48: -18.424258 | E48: -15.221142 | F48: -10.866242 | G48: -19.521919 | H48: -26.125548 | I48: -33.005566 | J48: -33.005566
B49: Other changes | C49: 0 | D49: 0 | E49: 0 | F49: 0.542129 | G49: -10.20005 | H49: 1.010796 | I49: 7.40073 | J49: 7.40073
B50: Loss cost for the period | C50: 232.77976 | D50: 312.13286 | E50: 96.898502 | F50: 94.832895 | G50: 51.907085 | H50: -30.685536 | I50: 447.81893 | J50: 447.81893
B52: Individual write-downs | C52: 428.0332 | D52: 200
B53: Model-based write-downs | C53: -195.25345 | D53: 112
B54: Loss cost for the period | C54: 232.77976 | D54: 312
B56: 1.6.2 Defaults and non-performing loans
B58: Quarterly figures
B59: (MNOK) | C59: Q3-26 | D59: Q2-26 | E59: Q1-26 | F59: Q4-25 | G59: Q3-25 | H59: Q2-25
B60: Corporate customers | C60: 3832.8468 | D60: 3598.534 | E60: 3666.335 | F60: 2534 | G60: 2587 | H60: 2399
B61: Retail customers | C61: 973.70111 | D61: 940.03445 | E61: 839.94366 | F61: 738 | G61: 797 | H61: 761
B62: Gross default and non-performing loans | C62: 4806.5479 | D62: 4538.5684 | E62: 4506.2786 | F62: 3272 | G62: 3384 | H62: 3160
B63: Share of gross lending | C63: 0.0093655328 | D63: 0.0089887888 | E63: 0.0091165008 | F63: 0.0067 | G63: 0.0071 | H63: 0.0068
B65: 1.6.3 Provision coverage ratio
B67: Quarterly figures
B68: Provisions / defaults and non-performing loans | C68: =C59 -> Q3-26 | D68: =D59 -> Q2-26 | E68: Q1-26 | F68: Q4-25 | G68: Q3-25 | H68: Q2-25
B69: Corporate customers | C69: =+C11/C60 -> 0.45969222 | D69: =+D11/D60 -> 0.46829504 | E69: =+E11/E60 -> 0.47454952 | F69: 0.65772472 | G69: 0.58024404 | H69: 0.62663901
B70: Retail customers | C70: =+C12/C61 -> 0.41928928 | D70: =+D12/D61 -> 0.42635562 | E70: =+E12/E61 -> 0.44650638 | F70: 0.52858606 | G70: 0.6892874 | H70: 0.73253608
B71: Total provision coverage ratio | C71: =+C13/C62 -> 0.45150747 | D71: =+D13/D62 -> 0.45960849 | E71: =+E13/E62 -> 0.46932244 | F71: 0.62859748 | G71: 0.60592595 | H71: 0.65214144

Sheet Proforma
B2: 1.7.1 Sparebanken Norge - Proforma
B4: Quarterly figures
B5: (MNOK) | C5: Q3-26 | D5: Q2-26 | E5: Q1-26 | F5: Q4-25** | G5: Q3-25 | H5: Q2-25* | I5: Q1-25 | J5: Q4-24 | K5: Q3-24 | L5: Q2-24 | M5: Q1-24
B6: Net interest and credit commission income | C6: 2663.5766 | D6: 2529.0206 | E6: 2640.8236 | F6: 2767.527 | G6: 2800.087 | H6: 2748.904 | I6: 2603.827 | J6: 2679.117 | K6: 2671.375 | L6: 2608.701 | M6: 2536.284
B7: Net commission income and income from banking services | C7: 493.00202 | D7: 520.67287 | E7: 435.0625 | F7: 555.691 | G7: 451.996 | H7: 478.143 | I7: 409.672 | J7: 446.972 | K7: 383.996 | L7: 396.509 | M7: 306.517
B8: Income from associated companies | C8: 124.10412 | D8: 189.12467 | E8: 79.450466 | F8: 113.7292 | G8: 119 | H8: 169 | I8: 26 | J8: 57 | K8: 56 | L8: 72 | M8: -11
B9: Net gain/(loss) on financial instruments | C9: -2.538175 | D9: 95.98115 | E9: 93.680422 | F9: 37.188 | G9: 32.384 | H9: 170.756 | I9: 85.763 | J9: -111.836 | K9: 53.384 | L9: -7.78 | M9: 73.763
B10: Other operating income | C10: 0.427212 | D10: 4.013701 | E10: 1.820757 | F10: 12.227949 | G10: 3 | H10: 3 | I10: 3 | J10: 12.037 | K10: 4 | L10: 2 | M10: 3
B11: Net operating income | C11: 3278.5718 | D11: 3338.8129 | E11: 3250.8377 | F11: 3486.3632 | G11: 3406.467 | H11: 3569.803 | I11: 3128.262 | J11: 3083.29 | K11: 3168.755 | L11: 3071.43 | M11: 2908.564
B12: Operating expenses | C12: 973.56422 | D12: 983.12138 | E12: 969.26997 | F12: 1070.289 | G12: 941.622 | H12: 961.622 | I12: 939.921 | J12: 1015.124 | K12: 852.248 | L12: 889.986 | M12: 869.745
B13: Merger-related one-off costs | C13: 26 | D13: 26 | E13: 23 | F13: 65.35 | G13: 19.5 | H13: 59.2 | I13: 80 | J13: 11 | K13: 19 | L13: 0 | M13: 0
B14: Amortisation of merger-related intangible assets | C14: 44.147829 | D14: 44.147829 | E14: 44 | F14: 43.4 | G14: 43 | H14: 29 | I14: 0 | J14: 0 | K14: 0 | L14: 0 | M14: 0
B15: Write-downs of loans and losses on guarantees | C15: 96.726959 | D15: 33.425822 | E15: 102.62698 | F15: 59.863 | G15: 73.887 | H15: 79.103 | I15: 35.168 | J15: 72.399 | K15: 53.723 | L15: 56.824 | M15: 129.772
B16: Profit/loss before tax expense | C16: 2138.1328 | D16: 2252.1179 | E16: 2111.9408 | F16: 2247.4612 | G16: 2328.458 | H16: 2440.878 | I16: 2073.173 | J16: 1984.767 | K16: 2243.784 | L16: 2124.62 | M16: 1909.047
B17: Tax expense | C17: 460.6447 | D17: 485.83557 | E17: 95.521134 | F17: 501.86422 | G17: 512.364 | H17: 513.998 | I17: 137.116 | J17: 463.641 | K17: 528.261 | L17: 489.573 | M17: 98.434
B18: Profit/loss for the period | C18: 1677.4881 | D18: 1766.2823 | E18: 2016.4196 | F18: 1745.5969 | G18: 1816.094 | H18: 1926.88 | I18: 1936.057 | J18: 1521.126 | K18: 1715.523 | L18: 1635.047 | M18: 1810.613
B19: *Q2-25 excl. Merger effects losses on loans 114 MNOK and gain on financial instruments 55 MNOK Brage
B20: **Q4 2025 excl. merger effects losses on loans -12 MNOK
B22: Profitability
B23: Return on equity after tax | C23: 0.12678286 | D23: 0.13992357 | E23: 0.16091369 | F23: 0.13397708 | G23: 0.14420588 | H23: 0.16242319 | I23: 0.18009742 | J23: 0.13958021 | K23: 0.16556016 | L23: 0.16508682 | M23: 0.18426362
B24: Return on equity adjusted for merger effects in 2025 (see APM) | C24: 0.14451543 | D24: 0.16003817 | E24: 0.18331713 | F24: 0.15243445 | G24: 0.16456177 | H24: 0.17755134 | I24: 0.18009742 | J24: 0.13958021 | K24: 0.16556016 | L24: 0.16508682 | M24: 0.18426362
B25: Operating expenses as a percentage of net operating income (cost-income) | C25: 0.31834351 | D25: 0.31546218 | E25: 0.31877013 | F25: 0.33818594 | G25: 0.29476933 | H25: 0.29408402 | I25: 0.32603439 | J25: 0.33280165 | K25: 0.27494963 | L25: 0.28976275 | M25: 0.29902901
B26: Operating expenses as a percentage of net operating income (cost-income), adjusted for merger-related one-off-costs | C26: 0.31041322 | D26: 0.30767498 | E26: 0.31169503 | F26: 0.31944148 | G26: 0.28904493 | H26: 0.27750047 | I26: 0.30046109 | J26: 0.32923403 | K26: 0.26895358 | L26: 0.28976275 | M26: 0.29902901
B28: Balance sheet figures
B29: Gross loans to customers | C29: 513216.71 | D29: 504914 | E29: 494299.15 | F29: 487477 | G29: 478680.69 | H29: 467653.27 | I29: 456771.13 | J29: 447363.58 | K29: 439088.47 | L29: 433032.24 | M29: 422479.39
B30: Lending growth, last 12 months | C30: 0.072148348 | D30: 0.079675981 | E30: 0.08215936 | F30: 0.089666257 | G30: 0.090169118 | H30: 0.079950227 | I30: 0.081167855 | J30: 0.086915394 | K30: 0.094057205 | L30: 0.10203366 | M30: 0.10738396
B31: Retail customer lending | C31: 357023.98 | D31: 352057 | E31: 344901.87 | F31: 341177 | G31: 334514.76 | H31: 325300.73 | I31: 317331.61 | J31: 312114.07 | K31: 305519.04 | L31: 300430.72 | M31: 292264.22
B32: Lending growth retail customers, last 12 months | C32: 0.067289171 | D32: 0.082250859 | E32: 0.086881529 | F32: 0.093116365 | G32: 0.09490642 | H32: 0.082781195 | I32: 0.085769635 | J32: 0.091989716 | K32: 0.089742652 | L32: 0.10269771 | M32: 0.10900209
B33: whereof Bulder | C33: 77895.602 | D33: 77633 | E33: 76220 | F33: 75619 | G33: 72025 | H33: 65396 | I33: 62549 | J33: 60913 | K33: 57600.049 | L33: 56121.595 | M33: 52256
B34: whereof Retail ex. Bulder | C34: 279128.37 | D34: 274424 | E34: 268681.87 | F34: 265558 | G34: 262489.76 | H34: 259904.73 | I34: 254782.61 | J34: 251201.07 | K34: 247918.99 | L34: 244309.13 | M34: 240008.22
B35: Corporate customer lending | C35: 156192.73 | D35: 152857 | E35: 149397.28 | F35: 146300 | G35: 144165.93 | H35: 142352.53 | I35: 139439.52 | J35: 135249.51 | K35: 133569.43 | L35: 132601.52 | M35: 130215.17
B36: Lending growth corporate customers, last 12 months | C36: 0.083423315 | D36: 0.073791929 | E36: 0.071412814 | F36: 0.081704473 | G36: 0.079333286 | H36: 0.073536201 | I36: 0.070839291 | J36: 0.075383504 | K36: 0.10405569 | L36: 0.10053211 | M36: 0.10376924
B37: Customer deposits | C37: 233424.93 | D37: 231116.59 | E37: 222130.57 | F37: 225640 | G37: 227634.71 | H37: 227647.94 | I37: 214650.16 | J37: 213386.45 | K37: 211307.65 | L37: 213590.02 | M37: 201537.52
B38: Deposit growth, last 12 months | C38: 0.025436457 | D38: 0.015236908 | E38: 0.034849301 | F38: 0.057424193 | G38: 0.077266802 | H38: 0.065817317 | I38: 0.06506301 | J38: 0.088811951 | K38: 0.074685476 | L38: 0.077632493 | M38: 0.080331341
B39: Retail customer deposits | C39: 134838.37 | D39: 136526.17 | E39: 128883.11 | F39: 126700 | G39: 126804 | H39: 127489 | I39: 119097.68 | J39: 115612.15 | K39: 113380.55 | L39: 114814.56 | M39: 107063.06
B40: Deposit growth retail customers, last 12 months | C40: 0.063360537 | D40: 0.070885854 | E40: 0.082163034 | F40: 0.095905577 | G40: 0.11839289 | H40: 0.11039051 | I40: 0.11240683 | J40: 0.12324414 | K40: 0.11598891 | L40: 0.12195717 | M40: 0.098688467
... B45: Average intangible assets / goodwill related to mergers | C45: 5034.0325 | D45: 5067.1 | E45: 5100.2543 | F45: 5021 | G45: 5015 | H45: 3361 | I45: 0 | J45: 0 | K45: 0 | L45: 0 | M45: 0
B48: Personnel
B49: Number of full-time equivalents | C49: 1648 | D49: 1649 | E49: 1660 | F49: 1644 | G49: 1624 | H49: 1639 | I49: 1654 | J49: 1632 | K49: 1615 | L49: 1606 | M49: 1579
B51: Sparebanken Norge equity certificate
B52: Earnings per ECC, NOK | C52: 3.6570781 | D52: 3.868211 | E52: 4.475817 | F52: 3.8674843 | G52: 4.0222621 | H52: 4.3265996 | I52: 4.329381 | J52: 3.3571178 | K52: 3.8170932 | L52: 3.6245551 | M52: 4.0949731
B55: Net commision income
B56: (MNOK) | C56: Q3-26 | D56: Q2-26 | E56: Q1-26 | F56: Q4-25 | G56: Q3-25 | H56: Q2-25 | I56: Q1-25 | J56: Q4-24 | K56: Q3-24 | L56: Q2-24 | M56: Q1-24
B57: Payment fees | C57: 153.3017 | D57: 139 | E57: 136 | F57: 152 | G57: 151 | H57: 124 | I57: 108.07073 | J57: 149.70441 | K57: 137.24241 | L57: 120.60553 | M57: 104.6027
B58: Insurance | C58: 62.906324 | D58: 74 | E58: 81 | F58: 158 | G58: 59 | H58: 62 | I58: 58.985198 | J58: 94.51917 | K58: 52.001326 | L58: 50.972807 | M58: 47.655435
B59: Savings and investment | C59: 45.680803 | D59: 44 | E59: 43 | F59: 45 | G59: 36.7 | H59: 38 | I59: 38 | J59: 39.755369 | K59: 39 | L59: 40 | M59: 42.902686
B60: Borea AM | C60: 52.94307 | D60: 57 | E60: 46 | F60: 41 | G60: 36 | H60: 31 | I60: 28 | J60: 25.7 | K60: 0 | L60: 0 | M60: 0
B61: Real estate broking | C61: 159.9902 | D61: 193 | E61: 114 | F61: 133 | G61: 148 | H61: 190 | I61: 137 | J61: 112.72404 | K61: 127.265 | L61: 169 | M61: 91.239521
B62: Other | C62: 18.179925 | D62: 14 | E62: 14 | F62: 26.691 | G62: 21.696 | H62: 33.143 | I62: 39.616072 | J62: 24.871043 | K62: 28.540752 | L62: 15.930666 | M62: 20.53557
B63: Net commission income | C63: 493.00202 | D63: 521 | E63: 435 | F63: 555.691 | G63: 452.396 | H63: 478.143 | I63: 409.672 | J63: 447.27404 | K63: 384.04949 | L63: 396.509 | M63: 306.93592

Sheet Balance Sheet items
A1: Back to contents
B6: Section 2 - Balance sheet items
B8: 2.1 Balance sheet
B10: 2.2 Lending by sector
B12: 2.3 Deposits by sector

Sheet Balance Sheet
A1: Back to contents
B2: 2.1.1 Balance sheet
B4: (MNOK) | C4: Q3-26 | D4: Q2-26 | E4: Q1-26 | F4: Q4-25 | G4: Q3-25 | H4: Q2-25 | I4: Q1-25 | J4: Q4-24 | K4: Q3-24 | L4: Q2-24 | M4: Q1-24 | N4: Q4-23 | O4: Q3-23 | P4: Q2-23 | Q4: Q1-23 | R4: Q4-22 | S4: Q3-22 | T4: Q2-22 | U4: Q1-22
B5: Assets
B6: Cash and receivables from central banks | C6: 508.35266 | D6: 554.57453 | E6: 738.76213 | F6: 85.865084 | G6: 755.93746 | H6: 63.980869 | I6: 442.93858 | J6: 482.52544 | K6: 363.79823 | L6: 540.46588 | M6: 176.70321 | N6: 386.58406 | O6: 217.72666 | P6: 514.10864 | Q6: 101.25367 | R6: 142.6792 | S6: 1396.866 | T6: 227.80192 | U6: 651.49864
B7: Loans to and receivables from credit institutions | C7: 16472.956 | D7: 17012.26 | E7: 8026.6938 | F7: 5412.3007 | G7: 4240.4621 | H7: 14735.958 | I7: 3795.9433 | J7: 2631.2892 | K7: 111.023 | L7: 1174.6957 | M7: 2759.1297 | N7: 3153.8453 | O7: 1167.9711 | P7: 553.09912 | Q7: 1202.073 | R7: 1018.1283 | S7: 2686.7095 | T7: 3420.4688 | U7: 5369.5602
B8: Net lendings | C8: 511242.28 | D8: 503025.74 | E8: 492400.17 | F8: 485742.59 | G8: 472456.24 | H8: 461454.42 | I8: 289102.55 | J8: 282288.75 | K8: 276303.32 | L8: 272023.89 | M8: 264558.65 | N8: 255766.77 | O8: 247474.75 | P8: 240226.66 | Q8: 231263.61 | R8: 224494.27 | S8: 217843.23 | T8: 213430.19 | U8: 206056.72
B9: Shares at fair value through profit or loss | C9: 479.06891 | D9: 528.39161 | E9: 522.55469 | F9: 501.14726 | G9: 509.43035 | H9: 512.79362 | I9: 375.24368 | J9: 353.59885 | K9: 767.64107 | L9: 653.54922 | M9: 618.65437 | N9: 560.10898 | O9: 286.30711 | P9: 279.75551 | Q9: 303.65984 | R9: 226.33618 | S9: 233.64348 | T9: 245.50958 | U9: 260.90383
B10: Commercial papers and bonds | C10: 61263.409 | D10: 61102.495 | E10: 59933.202 | F10: 69915.035 | G10: 70965.406 | H10: 70514.664 | I10: 41065.635 | J10: 39562.85 | K10: 38975.993 | L10: 38859.613 | M10: 37868.121 | N10: 36560.018 | O10: 33457.803 | P10: 34463.902 | Q10: 31140.746 | R10: 30824.56 | S10: 31221.75 | T10: 29724.378 | U10: 24616.116
B11: Financial derivatives | C11: 2251.3425 | D11: 4380.7373 | E11: 3518.1687 | F11: 8271.7537 | G11: 8785.4244 | H11: 9344.2052 | I11: 3872.215 | J11: 6319.8873 | K11: 6164.9511 | L11: 4629.4299 | M11: 5930.6794 | N11: 5401.1916 | O11: 5112.1709 | P11: 7004.5989 | Q11: 5616.465 | R11: 2575.2291 | S11: 3574.6994 | T11: 2643.9928 | U11: 1072.5869
B12: Shareholdings in associated companies | C12: 3291.3552 | D12: 3180.2778 | E12: 3050.0179 | F12: 2970.568 | G12: 2858.5924 | H12: 2739.9572 | I12: 3485.7901 | J12: 3408.9708 | K12: 3320.2598 | L12: 3003.3794 | M12: 2858.9255 | N12: 2798.428 | O12: 2617.5563 | P12: 2560.512 | Q12: 2639.1986 | R12: 2586.1024 | S12: 2223.2044 | T12: 2130.3178 | U12: 2196.9348
B13: Deferred tax assets | C13: 0 | D13: 0 | E13: 0 | F13: 0 | G13: 0 | H13: 0 | I13: 374.4938 | J13: 142.75932 | K13: 348.06127 | L13: 205.39088 | M13: 176.21406 | N13: 256.11262 | O13: 263.29726 | P13: 117.08647 | Q13: 91.730967 | R13: 173.40179 | S13: 0 | T13: 79.039568 | U13: 211.7081
B14: Pension assets | C14: 161.40945 | D14: 161.40945 | E14: 161.40945 | F14: 161.40945 | G14: 148.29732 | H14: 148.29732 | I14: 148.27298 | J14: 148.27298 | K14: 123.48385 | L14: 123.48385 | M14: 123.48385 | N14: 123.48385 | O14: 100.46761 | P14: 100.46761 | Q14: 100.46761 | R14: 100.46761 | S14: 96.245932 | T14: 96.245932 | U14: 96.245932
B15: Other intangible assets | C15: 6049.5726 | D15: 6099.0371 | E15: 6145.5001 | F15: 6208.2258 | G15: 6095.9031 | H15: 6151.1688 | I15: 553.10484 | J15: 565.29204 | K15: 237.62761 | L15: 247.19845 | M15: 249.4257 | N15: 252.24505 | O15: 260.61771 | P15: 271.96635 | Q15: 275.02274 | R15: 275.75909 | S15: 276.37956 | T15: 289.47686 | U15: 298.41831
B16: Tangible fixed assets | C16: 1330.9463 | D16: 1340.4199 | E16: 1353.4244 | F16: 1348.614 | G16: 1280.8591 | H16: 1261.8606 | I16: 667.88923 | J16: 623.75322 | K16: 628.26852 | L16: 650.22787 | M16: 665.94321 | N16: 660.45124 | O16: 656.62628 | P16: 664.66283 | Q16: 673.80168 | R16: 654.75711 | S16: 650.13802 | T16: 663.42822 | U16: 678.2636
B17: Prepaid expenses | C17: 287.6451 | D17: 333.77564 | E17: 256.799 | F17: 305.30365 | G17: 337.72708 | H17: 256.49509 | I17: 126.12499 | J17: 69.411872 | K17: 56.092645 | L17: 101.58133 | M17: 129.27813 | N17: 43.790121 | O17: 45.301376 | P17: 88.262887 | Q17: 122.54425 | R17: 106.68159 | S17: 45.131472 | T17: 75.636818 | U17: 12.004882
B18: Other assets | C18: 1344.7419 | D18: 1367.2599 | E18: 1355.0384 | F18: 792.47275 | G18: 867.75308 | H18: 933.50779 | I18: 1215.5704 | J18: 1570.1013 | K18: 506.26794 | L18: 589.0108 | M18: 406.76437 | N18: 531.65212 | O18: 4230.182 | P18: 1617.0326 | Q18: 935.96575 | R18: 633.1696 | S18: 2783.9571 | T18: 522.00214 | U18: 3305.0129
B19: Total assets | C19: 604683.08 | D19: 599086.38 | E19: 577461.74 | F19: 581715.29 | G19: 569302.04 | H19: =SUM(H6:H18) -> 568117.31 | I19: =SUM(I6:I18) -> 345225.78 | J19: =SUM(J6:J18) -> 338167.47 | K19: =SUM(K6:K18) -> 327906.78 | L19: =SUM(L6:L18) -> 322801.92 | M19: =SUM(M6:M18) -> 316521.97 | N19: =SUM(N6:N18) -> 306494.68 | O19: =SUM(O6:O18) -> 295890.78 | ... U19: =SUM(U6:U18) -> 244825.98
B21: Liabilities
B22: Liabilities to credit institutions | C22: 1234.4462 | D22: 9969.8135 | E22: 8279.6984 | F22: 8815.018 | G22: 12808.216 | H22: 15638.54 | I22: 3613.8085 | J22: 6860.6117 | K22: 6674.5662 | L22: 5236.9191 | M22: 7174.5468 | N22: 5454.4414 | O22: 4475.1993 | P22: 6985.8536 | Q22: 5326.4296 | R22: 3094.6455 | S22: 2071.7736 | T22: 3492.9585 | U22: 1190.0711
B23: Deposits from customers | C23: 233424.93 | D23: 231117.05 | E23: 222131.05 | F23: 225640.36 | G23: 221827.47 | H23: 220905.5 | I23: 135051.54 | J23: 135127.57 | K23: 133613.68 | L23: 134174.6 | M23: 127366.45 | N23: 123598.7 | O23: 123493.36 | P23: 123653.82 | Q23: 115625.81 | R23: 112274.44 | S23: 108124.49 | T23: 106445.8 | U23: 97366.295
B24: Securitised debt | C24: 276713.95 | D24: 269723.37 | E24: 255212.5 | F24: 257880.09 | G24: 249901.83 | H24: 246370.83 | I24: 156557.11 | J24: 149909.5 | K24: 142400.65 | L24: 141277.2 | M24: 139952.18 | N24: 136377.69 | O24: 128487.47 | P24: 122247.1 | Q24: 117763.47 | R24: 113140.23 | S24: 116582.29 | T24: 112501.03 | U24: 113512.96
B25: Financial derivatives | C25: 6279.4357 | D25: 2906.3552 | E25: 3436.8554 | F25: 964.91821 | G25: 1278.2121 | H25: 1082.1191 | I25: 1430.0601 | J25: 869.45794 | K25: 858.16132 | L25: 1518.8673 | M25: 1218.8765 | N25: 1670.0595 | O25: 1651.0168 | P25: 1573.6738 | Q25: 1207.6864 | R25: 1922.1948 | S25: 1830.8366 | T25: 1450.1531 | U25: 2697.287
B26: Accrued expenses and pre-paid income | C26: 508.417 | D26: 486.47715 | E26: 621.19781 | F26: 602.02684 | G26: 509.72711 | H26: 509.90579 | I26: 243.57183 | J26: 233.7512 | K26: 194.66733 | L26: 191.87458 | M26: 216.5848 | N26: 203.0034 | O26: 196.81368 | P26: 208.42948 | Q26: 221.90169 | R26: 220.45834 | S26: 184.7841 | T26: 180.24632 | U26: 211.99739
B27: Pension obligation | C27: 355.96089 | D27: 352.57851 | E27: 383.73339 | F27: 400.9724 | G27: 212.38677 | H27: 213.89282 | I27: 197.20717 | J27: 197.20717 | K27: 167.22932 | L27: 167.22932 | M27: 167.22932 | N27: 167.22932 | O27: 136.23269 | P27: 136.23269 | Q27: 136.23269 | R27: 138.96421 | S27: 131.71205 | T27: 131.71205 | U27: 131.71205
B28: Tax liabilities | C28: 1170.6029 | D28: 824.45167 | E28: 480.16366 | F28: 1325.2946 | G28: 786.24957 | H28: 377.53803 | I28: 139.39427 | J28: 906.4226 | K28: 702.0452 | L28: 212.01587 | M28: 275.12932 | N28: 1027.6064 | O28: 731.73847 | P28: 388.19773 | Q28: 125.95963 | R28: 735.99091 | S28: 597.48467 | T28: 471.11732 | U28: 432.36543
B29: Deferred taxes | C29: 1167.9144 | D29: 1026.6046 | E29: 930.8952 | F29: 959.30713 | G29: 926.41513 | H29: 683.03873 | I29: 0 | J29: 0 | K29: 0 | L29: 0 | M29: 0 | N29: 0 | O29: 0 | P29: 0 | Q29: 0 | R29: 0 | S29: 45.998405 | T29: 0 | U29: 0
B30: Other provision for commitments | C30: 195.76331 | D30: 197.35111 | E30: 215.91138 | F30: 322.34267 | G30: 290.74026 | H30: 268.21548 | I30: 157.8132 | J30: 164.21857 | K30: 175.57423 | L30: 187.1659 | M30: 191.11741 | N30: 148.78046 | O30: 161.30661 | P30: 152.65627 | Q30: 128.47196 | R30: 95.75068 | S30: 100.38074 | T30: 86.56765 | U30: 74.39112
B31: Senior non-preferred bonds | C31: 20201.376 | D31: 19914.172 | E31: 20527.521 | F31: 21450.634 | G31: 20580.945 | H31: 21007.1 | I31: 14304.624 | J31: 13505.369 | K31: 12358.592 | L31: 11562.682 | M31: 10967.037 | N31: 10106.51 | O31: 7969.7442 | P31: 6675.2964 | Q31: 6716.0422 | R31: 6695.319 | S31: 5783.835 | T31: 5104.4442 | U31: 4107.4432
B32: Subordinated loan capital | C32: 5880.7718 | D32: 5627.9113 | E32: 5668.863 | F32: 5972.8682 | G32: 5445.5918 | H32: 5799.6389 | I32: 2770.2204 | J32: 2769.1986 | K32: 2774.5278 | L32: 2768.9388 | M32: 2299.561 | N32: 2165.4345 | O32: 2285.1723 | P32: 1962.548 | Q32: 1960.6293 | R32: 1854.6899 | S32: 1827.1364 | T32: 1824.9906 | U32: 1824.5981
B33: Other liabilities | C33: 2291.2153 | D33: 2997.1852 | E33: 7570.8665 | F33: 2630.1091 | G33: 2319.3611 | H33: 4617.1204 | I33: 5380.7681 | J33: 1362.8748 | K33: 2997.0396 | L33: 1709.1748 | M33: 3825.6834 | N33: 2152.0144 | O33: 3402.8612 | P33: 2301.1105 | Q33: 4171.7229 | R33: 1746.0762 | S33: 5081.7155 | T33: 2031.8038 | U33: 4111.0077
B34: Total liabilities | C34: 549424.78 | D34: 545143.32 | E34: 525459.26 | F34: 526963.95 | G34: 516887.14 | H34: =SUM(H22:H33) -> 517473.45 | I34: =SUM(I22:I33) -> 319846.11 | J34: =SUM(J22:J33) -> 311906.19 | K34: =SUM(K22:K33) -> 302916.73 | L34: =SUM(L22:L33) -> 299006.67 | M34: =SUM(M22:M33) -> 293654.39 | N34: =SUM(N22:N33) -> 283071.48 | O34: =SUM(O22:O33) -> 272990.91 | ... U34: =SUM(U22:U33) -> 225660.12
B36: Equity
B37: Equity certificates | C37: 4332.1859 | D37: 4332.1859 | E37: 4332.1859 | F37: 4332.1859 | G37: 4240.4125 | H37: 4240.4125 | I37: 2743.0296 | J37: 2743.0296 | K37: 2743.0296 | L37: 2743.0296 | M37: 2743.0296 | N37: 2743.0296 | O37: 2743.0296 | P37: 2743.0296 | Q37: 2743.0296 | R37: 2743.0296 | S37: 2683.076 | T37: 2683.076 | U37: 2683.076
B38: Own equity certificates | C38: -12.536925 | D38: -2.350475 | E38: -0.623625 | F38: -1.361075 | G38: -2.058375 | H38: -9.3403 | I38: -1.3913 | J38: -1.3913 | K38: -6.566925 | L38: -0.316925 | M38: -0.316925 | N38: -0.883925 | O38: -6.774975 | P38: -1.774975 | Q38: -1.774975 | R38: -2.706375 | S38: -3.542475 | T38: -3.542475 | U38: -4.63215
B39: Premium reserve | C39: 9305.0178 | D39: 9305.0178 | E39: 9305.0178 | F39: 9305.0178 | G39: 8878.9981 | H39: 8878.9981 | I39: 1966.2962 | J39: 1966.2962 | K39: 1966.2962 | L39: 1966.2962 | M39: 1966.2962 | N39: 1966.2962 | O39: 1966.2962 | P39: 1966.2962 | Q39: 1966.2962 | R39: 1966.2962 | S39: 1836.8219 | T39: 1836.8219 | U39: 1836.8219
B40: Equalisation reserve | C40: 3557.2726 | D40: 3633.0727 | E40: 3645.9847 | F40: 3570.5198 | G40: 3600.9124 | H40: 3564.1505 | I40: 3603.5425 | J40: 4536.1726 | K40: 2764.072 | L40: 2790.7627 | M40: 2790.6677 | N40: 3611.5308 | O40: 2509.6609 | P40: 2526.1037 | Q40: 2525.7132 | R40: 3126.8251 | S40: 2020.4379 | T40: 2020.4379 | U40: 2017.0817
B41: Total equity certificate capital | C41: 17181.939 | D41: 17267.926 | E41: 17282.565 | F41: 17206.363 | G41: 16718.265 | H41: 16674.221 | I41: 8311.477 | J41: =SUM(J37:J40) -> 9244.1071 | K41: 7466.8309 | L41: 7499.7716 | M41: 7499.6765 | N41: 8319.9727 | O41: 7212.2117 | P41: 7233.6545 | Q41: 7233.264 | R41: 7833.4446 | S41: 6536.7933 | T41: 6536.7933 | U41: 6532.3475
B43: Primary capital | C43: 19238.744 | D43: 19238.744 | E43: 19240.71 | F43: 19139.781 | G43: 19105.89 | H43: 19113.884 | I43: 11941.406 | J43: 13302.166 | K43: 10750.337 | L43: 10750.337 | M43: 10750.337 | N43: 11950.701 | O43: 10373.033 | P43: 10373.033 | Q43: 10373.033 | R43: 11254.325 | S43: 9641.4245 | T43: 9641.4245 | U43: 9641.4245
B44: Gift fund | C44: 150 | D44: 150 | E44: 150 | F44: 150 | G44: 150 | H44: 150 | I44: 150 | J44: 150 | K44: 150 | L44: 150 | M44: 150 | N44: 150 | O44: 150 | P44: 150 | Q44: 150 | R44: 150 | S44: 150 | T44: 150 | U44: 150
B45: Compensation fund | C45: 5517.3222 | D45: 5517.3222 | E45: 5517.3222 | F45: 5517.3222 | G45: 5376.7695 | H45: 5376.7695 | I45: 35.507836 | J45: 35.507836 | K45: 35.507836 | L45: 35.507836 | M45: 35.507836 | N45: 35.507836 | O45: 35.507836 | P45: 35.507836 | Q45: 35.507836 | R45: 35.507836 | S45: 14.378492 | T45: 14.378492 | U45: 14.378492
B46: Total primary capital | C46: 24906.066 | D46: 24906.066 | E46: 24908.032 | F46: 24807.103 | G46: 24632.66 | H46: 24640.654 | I46: 12126.914 | J46: =SUM(J43:J45) -> 13487.674 | K46: 10935.845 | L46: 10935.845 | M46: 10935.845 | N46: 12136.209 | O46: 10558.541 | P46: 10558.541 | Q46: 10558.541 | R46: 11439.833 | S46: 9805.803 | T46: 9805.803 | U46: 9805.803
B48: Reserve for unrealised gains
B49: Other equity | C49: 7126.99 | D49: 5457.821 | E49: 3972.3517 | F49: 7264.2292 | G49: 5707.4581 | H49: 4027.5817 | I49: 2461.2691 | J49: 1306.1176 | K49: 4493.6854 | L49: 3274.2839 | M49: 2354.6485 | N49: 1299.1112 | O49: 3800.0101 | P49: 2874.795 | Q49: 2124.7538 | R49: 1188.7511 | S49: 3220.8252 | T49: 2380.3006 | U49: 1723.1745
B50: Minority interests | C50: 1476.9709 | D50: 1436.471 | E50: 1355.5417 | F50: 1193.827 | G50: 1104.8994 | H50: 1059.118 | I50: 2341.3206 | J50: 144.19978 | K50: 0 | L50: 0 | M50: 0 | N50: 0 | O50: 0 | P50: 0 | Q50: 0 | R50: 0 | S50: 0 | T50: 0 | U50: 0
B51: Hybrid capital | C51: 4566.3336 | D51: 4874.7703 | E51: 4483.9919 | F51: 4279.8144 | G51: 4251.5966 | H51: 4242.2893 | I51: 138.68266 | J51: 2079.1823 | K51: 2093.6979 | L51: 2085.3474 | M51: 2077.4081 | N51: 1667.9127 | O51: 1329.1025 | P51: 1510.2109 | Q51: 1165.6319 | R51: 1430.7564 | S51: 1106.1052 | T51: 1104.7751 | U51: 1104.5262
B53: Total equity | C53: 55258.3 | D53: 53943.054 | E53: 52002.482 | F53: =F41+F46+F49+F50+F51 -> 54751.337 | G53: 52414.878 | H53: =H41+H46+SUM(H49:H51) -> 50643.864 | I53: =I41+I46+SUM(I49:I51) -> 25379.664 | J53: =J41+J46+SUM(J49:J51) -> 26261.281 | K53: =K41+K46+SUM(K49:K51) -> 24990.059 | L53: =L41+L46+SUM(L49:L51) -> 23795.248 | M53: =M41+M46+SUM(M49:M51) -> 22867.578 | N53: =N41+N46+SUM(N49:N51) -> 23423.205 | O53: =O41+O46+SUM(O49:O51) -> 22899.865 | ... U53: =U41+U46+SUM(U49:U51) -> 19165.851
B55: Total liabilities and equity | C55: 604683.08 | D55: 599086.38 | E55: 577461.74 | F55: 581715.29 | G55: 569302.02 | H55: =H53+H34 -> 568117.31 | I55: =I53+I34 -> 345225.78 | J55: =J53+J34 -> 338167.47 | K55: =K53+K34 -> 327906.78 | L55: =L53+L34 -> 322801.92 | M55: =M53+M34 -> 316521.97 | N55: =N53+N34 -> 306494.68 | O55: =O53+O34 -> 295890.78 | ... U55: =U53+U34 -> 244825.98

Sheet Lending by sector
A1: Back to contents
B2: 2.2.1 Loans by sector and industry
B4: (MNOK) | C4: Q3-26 | D4: Q2-26 | E4: Q1-26 | F4: Q4-25 | G4: Q3-25 | H4: Q2-25 | I4: Q1-25 | J4: Q4-24 | K4: Q3-24 | L4: Q2-24 | M4: Q1-24 | N4: Q4-23 | O4: Q3-23 | P4: Q2-23 | Q4: Q1-23 | R4: Q4-22 | S4: Q3-22 | T4: Q2-22 | U4: Q1-22
B5: Primary industries | C5: 21641.692 | D5: 20696.972 | E5: 19871.486 | F5: 20311.46 | G5: 20406.08 | H5: 19602.083 | I5: 14260.983 | J5: 13023.884 | K5: 12460.335 | L5: 12893.322 | M5: 12309.745 | N5: 11499.213 | O5: 10596.407 | P5: 10319.104 | Q5: 10078.214 | R5: 9882.459 | S5: 9626.254 | T5: 9175.645 | U5: 8662.57
B6: Manufacturing and mining | C6: 8749.7734 | D6: 9628.3518 | E6: 9173.5364 | F6: 9030.7 | G6: 8592.73 | H6: 8325.813 | I6: 4465.7 | J6: 4728.048 | K6: 5050.028 | L6: 4345.524 | M6: 4125.492 | N6: 3695.643 | O6: 4127.762 | P6: 4308.466 | Q6: 4406.18 | R6: 4056.111 | S6: 4129.909 | T6: 3817.036 | U6: 3392.839
B7: Power and water supply | C7: 4803.7383 | D7: 4564.6721 | E7: 4662.5724 | F7: 4634.97 | G7: 4022.26 | H7: 3984.388 | I7: 3229.011 | J7: 3118.926 | K7: 3141.288 | L7: 2951.405 | M7: 2837.134 | N7: 2637.204 | O7: 2475.621 | P7: 2476.504 | Q7: 2742.268 | R7: 2487.021 | S7: 2431.456 | T7: 2321.061 | U7: 2225.292
B8: Building and construction | C8: 21326.285 | D8: 20231.442 | E8: 19651.94 | F8: 19823.94 | G8: 18240.89 | H8: 19234.929 | I8: 7630.899 | J8: 7514.598 | K8: 7362.899 | L8: 7491.453 | M8: 7866.552 | N8: 7368.715 | O8: 7209.901 | P8: 7103.948 | Q8: 7058.658 | R8: 6714.408 | S8: 6981.912 | T8: 6826.251 | U8: 6175.355
B9: Commerce | C9: 6456.0217 | D9: 6952.2889 | E9: 6873.0272 | F9: 6177.52 | G9: 6513.13 | H9: 6998.944 | I9: 3506.474 | J9: 2956.482 | K9: 3057.696 | L9: 3218.005 | M9: 3315.88 | N9: 3129.849 | O9: 3066.873 | P9: 3261.586 | Q9: 3095.536 | R9: 2756.599 | S9: 2700.296 | T9: 2598.963 | U9: 2438.324
B10: International shipping and transport | C10: 16142.326 | D10: 15915.626 | E10: 14967.036 | F10: 14635.19 | G10: 13316.77 | H10: 12552.569 | I10: 8755.0594 | J10: 7937.5143 | K10: 8369.502 | L10: 8312.328 | M10: 8819.315 | N10: 9384.642 | O10: 9251.974 | P10: 9639.777 | Q10: 9036.501 | R10: 9151.237 | S10: 8780.729 | T10: 8514.904 | U10: 7432.43
B11: Hotel and restaurants | C11: 2125.3662 | D11: 1450.0929 | E11: 1523.6285 | F11: 1392.8 | G11: 1500.71 | H11: 1466.685 | I11: 647.175 | J11: 635.769 | K11: 636.051 | L11: 688.159 | M11: 706.737 | N11: 682.433 | O11: 638.41 | P11: 654.93 | Q11: 662.31 | R11: 655.192 | S11: 796.496 | T11: 849.15 | U11: 870.086
B12: Property management | C12: 54856.938 | D12: 53438.463 | E12: 53053.062 | F12: 50710.41 | G12: 47700.67 | H12: 50525.098 | I12: 21881.542 | J12: 21598.27 | K12: 21086.584 | L12: 20401.83 | M12: 19528.942 | N12: 18739.716 | O12: 17156.429 | P12: 17176.926 | Q12: 17115.255 | R12: 16549.224 | S12: 15921.93 | T12: 15685.194 | U12: 15475.837
B13: Services | C13: 18941.625 | D13: 18551.792 | E13: 18198.58 | F13: 18490.52 | G13: 21557.83 | H13: 17590.925 | I13: 4632.678 | J13: 4533.397 | K13: 4306.967 | L13: 4659.023 | M13: 4563.785 | N13: 4255.897 | O13: 3999.912 | P13: 3767.218 | Q13: 3581.679 | R13: 3368.807 | S13: 3121.092 | T13: 3486.624 | U13: 3237.798
B14: Municipal/public sector | C14: 287.17338 | D14: 300.03983 | E14: 395.10515 | F14: 362.48 | G14: 281.04 | H14: 250.806 | I14: 78.445 | J14: 80.065 | K14: 61.014 | L14: 61.636 | M14: 62.364 | N14: 62.903 | O14: 63.785 | P14: 64.413 | Q14: 65.082 | R14: 65.768 | S14: 55.311 | T14: 55.774 | U14: 56.375
B15: Other financial undertakings | C15: 861.7956 | D15: 1127.2631 | E15: 1027.3103 | F15: 730.31 | G15: 855.32 | H15: 687.515 | I15: 593.111 | J15: 661.21 | K15: 570.861 | L15: 558.4 | M15: 576.887 | N15: 553.932 | O15: 449.482 | P15: 407.581 | Q15: 438.406 | R15: 444.998 | S15: 436.014 | T15: 446.705 | U15: 452.798
B16: Total corporate sector | C16: 156192.73 | D16: 152857 | E16: 149397.28 | F16: 146300.3 | G16: 142987.43 | H16: =SUM(H5:H15) -> 141219.76 | I16: =SUM(I5:I15) -> 69681.077 | J16: =SUM(J5:J15) -> 66788.163 | K16: =SUM(K5:K15) -> 66103.225 | L16: =SUM(L5:L15) -> 65581.085 | M16: =SUM(M5:M15) -> 64712.833 | N16: =SUM(N5:N15) -> 62010.147 | O16: =SUM(O5:O15) -> 59036.556 | ... U16: =SUM(U5:U15) -> 50419.704
B17: Retail customers | C17: 357023.98 | D17: 352057.35 | E17: 344901.87 | F17: 341176.72 | G17: 331228.54 | H17: 322027.22 | I17: 220287.12 | J17: 216385.55 | K17: 211099.5 | L17: 207331.23 | M17: 200718.19 | N17: 194634.22 | O17: 189294.32 | P17: 181898.04 | Q17: 173848.17 | R17: 169242.41 | S17: 163723.92 | T17: 160537.58 | U17: 156513.25
B18: Total gross loans to customers | C18: 513216.71 | D18: 504914.35 | E18: 494299.15 | F18: 487477.02 | G18: 474215.97 | H18: =SUM(H16:H17) -> 463246.97 | I18: =SUM(I16:I17) -> 289968.2 | J18: =SUM(J16:J17) -> 283173.71 | K18: =SUM(K16:K17) -> 277202.72 | L18: =SUM(L16:L17) -> 272912.31 | M18: =SUM(M16:M17) -> 265431.02 | N18: =SUM(N16:N17) -> 256644.37 | O18: =SUM(O16:O17) -> 248330.88 | ... U18: =SUM(U16:U17) -> 206932.95
B19: Total write-downs on loans | C19: 1974.429 | D19: 1888.6135 | E19: 1898.9863 | F19: 1734.4283 | G19: 1759.71 | H19: 1792.5515 | I19: 865.64405 | J19: 884.9556 | K19: 900 | L19: 888.55629 | M19: 872.37789 | N19: 877.59684 | O19: 856.12607 | P19: 851.83188 | Q19: 864.64434 | R19: 879.95921 | S19: 862.0857 | T19: 884.69686 | U19: 876.23
B20: Total net loans to customers | C20: 511242.28 | D20: 503025.74 | E20: 492400.17 | F20: 485742.59 | G20: 472456.26 | H20: =H18-H19 -> 461454.42 | I20: =I18-I19 -> 289102.55 | J20: =J18-J19 -> 282288.75 | K20: =K18-K19 -> 276302.72 | L20: =L18-L19 -> 272023.76 | M20: =M18-M19 -> 264558.65 | N20: =N18-N19 -> 255766.77 | O20: =O18-O19 -> 247474.75 | ... U20: =U18-U19 -> 206056.72
B22: 2.2.2 Loans linked to NIBOR rate
B24: (MNOK) | C24: =C4 -> Q3-26 | D24: =D4 -> Q2-26 | E24: Q1-26
B25: Loans not linked to NIBOR rate | C25: =C18-C26 -> 427783.71 | D25: =D18-D26 -> 423527.35 | E25: =E18-E26 -> 413824.64
B26: Loans linked to NIBOR rate | C26: 85433 | D26: =47782+33400+205 -> 81387 | E26: 80474.515
B27: Total gross loans to customers | C27: =C18 -> 513216.71 | D27: =D18 -> 504914.35 | E27: =E18 -> 494299.15
B29: 2.2.3 Breakdown of corporate portfolio*
C31: =C4 -> Q3-26 | D31: =D24 -> Q2-26 | E31: Q1-26 | F31: Q4-25
B32: Property | C32: 0.43728697 | D32: 0.43557814 | E32: 0.38994256 | F32: 0.39698283
B33: Construction | C33: 0.066552407 | D33: 0.067895531 | E33: 0.096213332 | F33: 0.096246029
B34: Fisheries and fish processing | C34: 0.057955213 | D34: 0.055571071 | E34: 0.073191896 | F34: 0.076412486
B35: Shipping | C35: 0.07750606 | D35: 0.07427761 | E35: 0.062736225 | F35: 0.058144295
B36: Industry | C36: 0.05426083 | D36: 0.054924061 | E36: 0.056704975 | F36: 0.056562716
B37: Aquaculture/fish farming | C37: 0.049607118 | D37: 0.049324288 | E37: 0.050902886 | F37: 0.04962142
B38: Retail trade | C38: 0.042805909 | D38: 0.042620004 | E38: 0.047393874 | F38: 0.042144512
B39: Land- based transport | C39: 0.00072221458 | D39: 0.00064534636 | E39: 0.034772483 | F39: 0.034725857
B40: Energy and small-scale hydropower | C40: 0.038539813 | D40: 0.045539748 | E40: 0.031955719 | F40: 0.030668092
B41: Agriculture and forestry | C41: 0.029192351 | D41: 0.034857037 | E41: 0.0298109 | F41: 0.028626081
B42: Hotel and restaurant | C42: 0.021665168 | D42: 0.019877946 | E42: 0.01976333 | F42: 0.020539034
B43: Offshore | C43: 0.0066821522 | D43: 0.0069302358 | E43: 0.0079414949 | F43: 0.0086939673
B44: Other | C44: 0.1172238 | D44: 0.11195898 | E44: 0.098670331 | F44: 0.10063268
B45: *The breakdown is based on the Groups internal reporting.
B48: 2.2.4 Breakdown of property portfolio*
B50: (Share in per cent of property portfolio) | C50: =C31 -> Q3-26 | D50: =D31 -> Q2-26 | E50: Q1-26 | F50: Q4-25
B51: Multi-purpose | C51: 0.278399 | D51: 0.267142 | E51: 0.292 | F51: 0.305
B52: Offices | C52: 0.148739 | D52: 0.148783 | E52: 0.162 | F52: 0.16
B53: Residential | C53: 0.148128 | D53: 0.154143 | E53: 0.11 | F53: 0.121
B54: Stores | C54: 0.103489 | D54: 0.100127 | E54: 0.108 | F54: 0.114
B55: Land plots | C55: 0.108999 | D55: 0.108423 | E55: 0.108 | F55: 0.106
B56: Buildings under construction | C56: 0.094986 | D56: 0.096692 | E56: 0.089 | F56: 0.077
B57: Warehouses | C57: 0.046497 | D57: 0.050254 | E57: 0.05 | F57: 0.044
B58: Hotels | C58: 0.040113 | D58: 0.043214 | E58: 0.048 | F58: 0.044
B59: Industrial | C59: 0.030645 | D59: 0.031216 | E59: 0.033 | F59: 0.029
B60: *The breakdown is based on the Groups internal reporting.
B63: 2.2.5 Property portfolio - Distribution of loan to value*
B65: (Share in per cent of property portfolio) | C65: =C50 -> Q3-26 | D65: =D50 -> Q2-26 | E65: Q1-26 | F65: Q4-25
B66: LTV < 40 % | C66: 0.7024064 | D66: 0.71392529 | E66: 0.6898689 | F66: 0.6933
B67: LTV 40 - 60 % | C67: 0.18751316 | D67: 0.18493415 | E67: 0.18988288 | F67: 0.1859
B68: LTV 60 - 80 % | C68: 0.064099008 | D68: 0.060798091 | E68: 0.061534766 | F68: 0.0615
B69: LTV > 80 % | C69: 0.045981435 | D69: 0.040342463 | E69: 0.058211379 | F69: 0.05929
B70: *Only the part of each loan above the LTV threshold is allocated to the higher LTV bracket
B73: 2.2.6 Property portfolio - Lending by size
B75: (Share in per cent of property portfolio) | C75: =C65 -> Q3-26 | D75: =D65 -> Q2-26 | E75: Q1-26
B76: <250 MNOK | C76: 0.52701434 | D76: 0.55129434 | E76: 0.5393568
B77: 250-500 MNOK | C77: 0.14035931 | D77: 0.16835308 | E77: 0.19779022
B78: 500-750 MNOK | C78: 0.13608316 | D78: 0.064309747 | E78: 0.083291473
B79: >750 MNOK | C79: 0.19654318 | D79: 0.21604284 | E79: 0.1795615
B82: 2.2.7 Property portfolio - Lending by region
B84: (Share in per cent of property portfolio) | C84: =C75 -> Q3-26 | D84: =D75 -> Q2-26 | E84: Q1-26
B85: Agder | C85: 0.3441914 | D85: 0.35207148 | E85: 0.36697082
B86: Rogaland | C86: 0.23401809 | D86: 0.23057453 | E86: 0.23369313
B87: Vestland | C87: 0.24340261 | D87: 0.22559235 | E87: 0.22913252
B88: Telemark | C88: 0.066680139 | D88: 0.08289253 | E88: 0.07305467
B89: Oslo | C89: 0.058494631 | D89: 0.058953005 | E89: 0.049087091
B90: Møre og Romsdal | C90: 0.017251045 | D90: 0.016462223 | E90: 0.018379932
B91: Vestfold | C91: 0.014050806
B92: Other | C92: 0.02191129 | D92: 0.033453886 | E92: 0.02968183
B94: 2.2.8 Break-down of shipping and offshore*
B96: (Share in per cent of shipping and offshore portfolio) | C96: =C84 -> Q3-26 | D96: =D84 -> Q2-26 | E96: Q1-26 | F96: Q4-25
B97: Small dry bulk | C97: 0.31313131 | D97: 0.30273822 | E97: 0.28916239 | F97: 0.2488
B98: Offshore wind/subsea | C98: 0.16161616 | D98: 0.17183312 | E98: 0.21674792 | F98: 0.2536
B99: Chemical tankers | C99: 0.18181818 | D99: 0.16434985 | E99: 0.13888416 | F99: 0.1186
B100: Transport | C100: 0.12121212 | D100: 0.14838964 | E100: 0.13155748 | F100: 0.1246
B101: Offshore | C101: 0.090909091 | D101: 0.085120725 | E101: 0.082253185 | F101: 0.086
B102: Dry bulk | C102: 0.060606061 | D102: 0.041489311 | E102: 0.062634612 | F102: 0.0745
B103: LPG | C103: 0.03030303 | D103: 0.040069958 | E103: 0.035462939 | F103: 0.0228
B104: Product tankers | C104: 0.03030303 | D104: 0.030991191 | E104: 0.029247759 | F104: 0.038
B105: Large Tankers | C105: 0.01010101 | D105: 0.015017977 | E105: 0.014490676 | F105: 0.0168
B106: Other | F106: 0.0163
B107: *The breakdown is based on the Groups internal reporting.

Sheet Deposits by sector
A1: Back to contents
B2: 2.3.1 Deposits by sector and industry
B4: (MNOK) | C4: Q3-26 | D4: Q2-26 | E4: Q1-26 | F4: Q4-25 | G4: Q3-25 | H4: Q2-25 | I4: Q1-25 | J4: Q4-24 | K4: Q3-24 | L4: Q2-24 | M4: Q1-24 | N4: Q4-23 | O4: Q3-23 | P4: Q2-23 | Q4: Q1-23 | R4: Q4-22 | S4: Q3-22 | T4: Q2-22 | U4: Q1-22
B5: Primary industries | C5: 7398.3078 | D5: 7761.849 | E5: 8052.6638 | F5: 8796.52 | G5: 9011.58 | H5: 8237.5038 | I5: 7074.7571 | J5: 6748.7082 | K5: 7002.3534 | L5: 6897.858 | M5: 6585.6069 | N5: 6251.5802 | O5: 6445.3409 | P5: 6356.6797 | Q5: 6112.7031 | R5: 5762.9632 | S5: 5402.8745 | T5: 5309.4233 | U5: 5084.7799
B6: Manufacturing and mining | C6: 9718.2021 | D6: 9552.9656 | E6: 10268.546 | F6: 10994.89 | G6: 11436.28 | H6: 6271.1653 | I6: 4127.976 | J6: 7346.497 | K6: 7351.3102 | L6: 7050.8728 | M6: =7952.85668293+2500 -> 10452.857 | N6: 9906.668 | O6: 9965.6242 | P6: 9969.5147 | Q6: 9096.4137 | R6: 7403.427 | S6: 7169.7614 | T6: 6821.4894 | U6: 5721.2691
B7: Power and water supply | C7: 2066.3154 | D7: 1568.0346 | E7: 2904.5901 | F7: 2770.02 | G7: 1664.91 | H7: 740.29975 | I7: 783.60786 | J7: 915.78136 | K7: 880.18449 | L7: 795.54893 | M7: 979.49212 | N7: 1226.9874 | O7: 1464.5619 | P7: 1571.4401 | Q7: 1415.8639 | R7: 1741.9348 | S7: 1426.2565 | T7: 1066.3165 | U7: 902.54969
B8: Building and construction | C8: 7758.8983 | D8: 7523.0233 | E8: 7885.9865 | F8: 9022.97 | G8: 7041.11 | H8: 5702.3997 | I8: 4417.1262 | J8: 4404.5481 | K8: 3946.4229 | L8: 3949.0604 | M8: 3628.2493 | N8: 3858.8389 | O8: 3615.1106 | P8: 3625.2982 | Q8: 3619.8479 | R8: 3784.0732 | S8: 3525.099 | T8: 3192.1937 | U8: 3084.7616
B9: Commerce | C9: 4726.7997 | D9: 3892.2071 | E9: 3711.1649 | F9: 4106.95 | G9: 3969.01 | H9: 4225.086 | I9: 3100.6686 | J9: 2991.0137 | K9: 3083.9622 | L9: 3091.4494 | M9: 3314.4953 | N9: 3310.493 | O9: 3772.9339 | P9: 3314.8939 | Q9: 2936.4325 | R9: 2816.2152 | S9: 2977.6283 | T9: 2462.1273 | U9: 2383.0037
B10: International shipping and transport | C10: 7483.5566 | D10: 6599.982 | E10: 6829.3365 | F10: 6864.68 | G10: 6757.19 | H10: 4930.3485 | I10: 6151.942 | J10: 6734.9449 | K10: 7032.1614 | L10: 7703.1503 | M10: 6698.7911 | N10: 6137.0062 | O10: 6363.5431 | P10: 6119.1138 | Q10: 5381.8634 | R10: 4347.6802 | S10: 4316.3017 | T10: 3392.3059 | U10: 2402.3503
B11: Hotel and restaurants | C11: 1316.9689 | D11: 1073.1742 | E11: 871.46761 | F11: 1094.27 | G11: 1424.34 | H11: 1119.7262 | I11: 610.49801 | J11: 682.36832 | K11: 817.62548 | L11: 728.87505 | M11: 496.46025 | N11: 572.80038 | O11: 744.75371 | P11: 641.57677 | Q11: 488.0948 | R11: 537.33611 | S11: 527.13082 | T11: 514.33589 | U11: 406.14834
B12: Property management | C12: 12334.631 | D12: 11556.322 | E12: 11036.079 | F12: 12492.39 | G12: 11317.32 | H12: 12138.898 | I12: 6427.2767 | J12: 6554.405 | K12: 6967.88 | L12: 6701.2148 | M12: 6923.4157 | N12: 6378.5413 | O12: 6755.3859 | P12: 6892.0057 | Q12: 6876.9396 | R12: 6579.5908 | S12: 5633.9779 | T12: 6110.3903 | U12: 5734.589
B13: Services | C13: 27733.241 | D13: 24803.533 | E13: 23710.872 | F13: 26970.82 | G13: 25577.03 | H13: 31062.722 | I13: 14833.166 | J13: 14539.348 | K13: 13770.075 | L13: 13734.153 | M13: =13277.56106213-2500 -> 10777.561 | N13: 11470.316 | O13: 11769.149 | P13: 12011.97 | Q13: 10806.423 | R13: 9958.1843 | S13: 9505 | T13: 9281 | U13: 8966.45
B14: Municipal/public sector | C14: 10489.317 | D14: 12876.642 | E14: 10620.531 | F14: 9804.5 | G14: 12860.37 | H14: 17308.494 | I14: 1712.873 | J14: 1502.647 | K14: 1315.3519 | L14: 1438.0418 | M14: 1854.7504 | N14: 2313.3776 | O14: 1936.8798 | P14: 2189.2896 | Q14: 2233.7019 | R14: 2495.152 | S14: 2914 | T14: 3268 | U14: 2896
B15: Other financial undertakings | C15: 7560.3263 | D15: 7382.6941 | E15: 7356.2261 | F15: 6022.31 | G15: 5688.23 | H15: 3398.2195 | I15: 3751.286 | J15: 3720.896 | K15: 4027.2057 | L15: 3762.6228 | M15: 3525.9411 | N15: 3580.5876 | O15: 3449.223 | P15: 3478.9254 | Q15: 2987.9899 | R15: 4280.7027 | S15: 3048 | T15: 2597 | U15: 2690
B16: Total corporate sector | C16: 98586.563 | D16: 94590.426 | E16: 93247.464 | F16: 98940.32 | G16: 96747.37 | H16: 95134.864 | I16: =SUM(I5:I15) -> 52991.178 | J16: =SUM(J5:J15) -> 56141.157 | K16: =SUM(K5:K15) -> 56194.533 | L16: =SUM(L5:L15) -> 55852.848 | M16: =SUM(M5:M15) -> 55237.62 | N16: =SUM(N5:N15) -> 55007.197 | O16: =SUM(O5:O15) -> 56282.506 | P16: =SUM(P5:P15) -> 56170.708 | ... U16: =SUM(U5:U15) -> 40271.902
B17: Retail customers | C17: 134838.37 | D17: 136526.17 | E17: 128883.11 | F17: 126700 | G17: 125079.68 | H17: 125770.82 | I17: 82060.503 | J17: 78986.858 | K17: 77419.145 | L17: 78321.757 | M17: 72128.826 | N17: 68591.504 | O17: 67210.766 | P17: 67483.114 | Q17: 63669.535 | R17: 62566.865 | S17: 61678.097 | T17: 62431 | U17: 57094.573
B18: Total deposits to customers | C18: 233424.93 | D18: 231116.59 | E18: 222130.57 | F18: 225640.32 | G18: 221827.05 | H18: 220905.68 | I18: =SUM(I16:I17) -> 135051.68 | J18: =SUM(J16:J17) -> 135128.01 | K18: =SUM(K16:K17) -> 133613.68 | L18: =SUM(L16:L17) -> 134174.6 | M18: =SUM(M16:M17) -> 127366.45 | N18: =SUM(N16:N17) -> 123598.7 | O18: =SUM(O16:O17) -> 123493.27 | P18: =SUM(P16:P17) -> 123653.82 | ... U18: =SUM(U16:U17) -> 97366.475
B20: 2.3.2 Deposits linked to NIBOR rate
B22: (MNOK) | C22: =C4 -> Q3-26 | D22: =D4 -> Q2-26 | E22: Q1-26
B23: Depoits not linked to NIBOR rate | C23: =C18-C24 -> 189058.85 | D23: =D18-D24 -> 186361.8 | E23: =E18-E24 -> 180627.95
B24: Deposits linked to NIBOR rate | C24: 44366.085 | D24: =36154.79654724+8600 -> 44754.797 | E24: =41502618660.1/1000000 -> 41502.619
B25: Total deposits to customers | C25: =+C24+C23 -> 233424.93 | D25: =+D24+D23 -> 231116.59 | E25: =+E24+E23 -> 222130.57
B27: 2.3.3 Deposits covered by DGS*
B29: Share in % of deposits | C29: =C4 -> Q3-26 | D29: =D22 -> Q2-26 | E29: Q1-26 | F29: Q4-25
B30: Corporate - DGS | C30: 0.11390203 | D30: 0.113 | E30: 0.115 | F30: 0.116
B31: Retail - DGS | C31: 0.51754026 | D31: 0.533 | E31: 0.519 | F31: 0.506
B32: Corporate - not DGS | C32: 0.30874594 | D32: 0.297 | E32: 0.307 | F32: 0.323
B33: Retail - not DGS | C33: 0.059811765 | D33: 0.058 | E33: 0.059 | F33: 0.055
B35: *DGS= Deposit Guarantee Scheme (up to mNOK 2 in Norway)

Sheet Capital adequacy
A1: Back to contents
B6: Section 3 - Capital adequacy
B8: 3.1 Own Funds
B10: 3.2 MREL
B12: 3.3 IRB

Sheet Own funds
A1: Back to contents
B2: 3.1.1 Capital adequacy
B4: Own funds
B5: (MNOK) | C5: Q3-26 | D5: Q2-26 | E5: Q1-26 | F5: Q4-25 | G5: Q3-25 | H5: Q2-25 | I5: Q1-25 | J5: Q4-24 | K5: Q3-24 | L5: Q2-24 | M5: Q1-24 | N5: Q4-23 | O5: Q3-23 | P5: Q2-23 | Q5: Q1-23 | R5: Q4-22 | S5: Q3-22 | T5: Q2-22 | U5: Q1-22
B6: Equity certificates | C6: 4332.1859 | D6: 4332.1859 | E6: 4332.1859 | F6: 4332.1859 | G6: 4240.4125 | H6: 4240.4125 | I6: 2743.0296 | J6: 2743.0296 | K6: 2743.0296 | L6: 2743.0296 | M6: 2743.0296 | N6: 2743.0296 | O6: 2743.0296 | P6: 2743.0296 | Q6: 2743.0296 | R6: 2743.0296 | S6: 2683.076 | T6: 2683.076 | U6: 2683.076
B7: Deductions for own equity certificates | C7: -12.536925 | D7: -2.350475 | E7: -0.623625 | F7: -1.361075 | G7: -2.058375 | H7: -9.3403 | I7: -1.3913 | J7: -1.3913 | K7: -6.566925 | L7: -0.316925 | M7: -0.316925 | N7: -0.883925 | O7: -6.774975 | P7: -1.774975 | Q7: -1.774975 | R7: -2.706375 | S7: -3.542475 | T7: -3.542475 | U7: -4.63215
B8: Premium reserve | C8: 9305.0178 | D8: 9305.0178 | E8: 9305.0178 | F8: 9305.0178 | G8: 8878.9981 | H8: 8878.9981 | I8: 1966.2962 | J8: 1966.2962 | K8: 1966.2962 | L8: 1966.2962 | M8: 1966.2962 | N8: 1966.2962 | O8: 1966.2962 | P8: 1966.2962 | Q8: 1966.2962 | R8: 1966.2962 | S8: 1836.8219 | T8: 1836.8219 | U8: 1836.8219
B9: Primary capital | C9: 19238.744 | D9: 19238.744 | E9: 19240.71 | F9: 19139.781 | G9: 19105.89 | H9: 19113.884 | I9: 11941.406 | J9: 13302.166 | K9: 10750.337 | L9: 10750.337 | M9: 10750.337 | N9: 11950.701 | O9: 10373.033 | P9: 10373.033 | Q9: 10373.033 | R9: 11254.325 | S9: 9641.4245 | T9: 9641.4245 | U9: 9641.4245
B10: Compensation fund | C10: 5517.3222 | D10: 5517.3222 | E10: 5517.3222 | F10: 5517.3222 | G10: 5376.7695 | H10: 5376.7695 | I10: 35.507836 | J10: 35.507836 | K10: 35.507836 | L10: 35.507836 | M10: 35.507836 | N10: 35.507836 | O10: 35.507836 | P10: 35.507836 | Q10: 35.507836 | R10: 35.507836 | S10: 14.378492 | T10: 14.378492 | U10: 14.378492
B11: Gift fund | C11: 150 | D11: 150 | E11: 150 | F11: 150 | G11: 150 | H11: 150 | I11: 150 | J11: 150 | K11: 150 | L11: 150 | M11: 150 | N11: 150 | O11: 150 | P11: 150 | Q11: 150 | R11: 150 | S11: 150 | T11: 150 | U11: 150
B12: Equalisation reserve | C12: 3557.2726 | D12: 3633.0727 | E12: 3645.9847 | F12: 3570.5198 | G12: 3600.9124 | H12: 3564.1505 | I12: 3603.5425 | J12: 4536.1726 | K12: 2764.072 | L12: 2790.7627 | M12: 2790.6677 | N12: 3611.5308 | O12: 2509.6609 | P12: 2526.1037 | Q12: 2525.7132 | R12: 3126.8251 | S12: 2020.4379 | T12: 2020.4379 | U12: 2017.0817
B13: Other equity | C13: 7126.9903 | D13: 5457.821 | E13: 3972.3516 | F13: 7264.2289 | G13: 5707.4711 | H13: 4027.5817 | I13: 2461.2691 | J13: 1306.1176 | K13: 4493.6854 | L13: 3274.2839 | M13: 2354.6485 | N13: 1299.1112 | O13: 3800.0101 | P13: 2874.795 | Q13: 2124.7538 | R13: 1188.7511 | S13: 3220.8252 | T13: 2380.3006 | U13: 1723.1745
B14: Minority interests | C14: 1476.9709 | D14: 1436.471 | E14: 1355.5417 | F14: 1193.827 | G14: 1104.8994 | H14: 1059.118 | I14: 138.68266 | J14: 144.19978 | K14: 0 | L14: 0 | M14: 0 | N14: 0 | O14: 0 | P14: 0 | Q14: 0 | R14: 0 | S14: 0 | T14: 0 | U14: 0
B15: Total book equity excluding hybrid capital | C15: 50691.966 | D15: 49068.284 | E15: 47518.49 | F15: 50471.522 | G15: 48163.295 | H15: =SUM(H6:H14) -> 46401.574 | I15: =SUM(I6:I14) -> 23038.343 | J15: =SUM(J6:J14) -> 24182.099 | K15: =SUM(K6:K14) -> 22896.361 | L15: =SUM(L6:L14) -> 21709.9 | M15: =SUM(M6:M14) -> 20790.17 | N15: =SUM(N6:N14) -> 21755.292 | O15: =SUM(O6:O14) -> 21570.762 | ... U15: =SUM(U6:U14) -> 18061.325
B17: Deductions
B18: Goodwill and other intangible assets | C18: -6258.916 | D18: -6297.8218 | E18: -6335.0379 | F18: -6387.303 | G18: -6275.3268 | H18: -6324.0361 | I18: -665.66902 | J18: -670.10074 | K18: -241.77298 | L18: -251.84408 | M18: -254.09719 | N18: -246.43888 | O18: -255.22992 | P18: -265.67779 | Q18: -267.72419 | R18: -266.97717 | S18: -280.4575 | T18: -293.71749 | U18: -301.13479
B19: Including effects of regulatory scope of consolidation | C19: 0 | D19: 0 | E19: 0 | F19: 0 | G19: 0 | H19: 0 | I19: -36.548014 | J19: -37.377526 | K19: -37.085024 | L19: -37.585072 | M19: -37.611149 | N19: -27.133491 | O19: -27.412 | P19: -26.511019 | Q19: -25.615923 | R19: -24.618 | S19: -23.702406 | T19: -23.86511 | U19: -22.341
B20: Adj. for unrealised losses/(gains) on debt recorded at fair value | C20: 75.394043 | D20: 133.22784 | E20: 32.017665 | F20: 59.734191 | G20: -14.406655 | H20: -55.371744 | I20: -81.139704 | J20: -246.96022 | K20: -121.73498 | L20: -77.993385 | M20: -196.12554 | N20: -280.24711 | O20: -267.08413 | P20: -199.80273 | Q20: -214.59091 | R20: -131.19376 | S20: -54.910854 | T20: -68.306108 | U20: 19.450294
B21: Value adjustments due to the requirements for prudent valuation | C21: -141.10081 | D21: -139.71849 | E21: -131.89591 | F21: -171.39717 | G21: -176.14094 | H21: -177.9095 | I21: -129.64757 | J21: -129.64418 | K21: -125.49085 | L21: -123.11171 | M21: -123.43244 | N21: -121.99568 | O21: -115.3825 | P21: -114.06355 | Q21: -108.88141 | R21: -103.58102 | S21: -108.0396 | T21: -100.65849 | U21: -95.054564
B22: Adj. for investments in other financial institutions | C22: -641.46748 | D22: -654.6845 | E22: -654.3758 | F22: -621.58298 | G22: -621.24141 | H22: -621.18291 | I22: -388.67662 | J22: -368.26188 | K22: -364.68061 | L22: -364.66671 | M22: -364.65534 | N22: -364.6443 | O22: -364.62043 | P22: -329.78201 | Q22: -329.75518 | R22: -329.74016 | S22: -276.67942 | T22: -263.166 | U22: -263.15281
B23: Adjusted expected losses IRB-portfolios | C23: -715.61216 | D23: -486.39495 | E23: -401.715 | F23: -592.26178 | G23: -383.68673 | H23: -262.47295 | I23: -440.41489 | J23: -530.99186 | K23: -481.37527 | L23: -476.50766 | M23: -487.58788 | N23: -623.08475 | O23: -514.24372 | P23: -459.02299 | Q23: -476.73414 | R23: -486.7543 | S23: -513.27941 | T23: -489.249 | U23: -525.32697
B24: Other adjustments | C24: -266.84035 | D24: -182.74922 | E24: -220.11672 | F24: -228.8038 | G24: -215.17829 | H24: -105.48802 | I24: -11.204998 | J24: -15.306494 | K24: 0 | L24: 0 | M24: 0 | N24: 0 | O24: 0 | P24: 0 | Q24: 0 | R24: 0 | S24: 0 | T24: 0 | U24: 0
B25: Dividend and donations | C25: -2538.8209 | D25: -1764.9369 | E25: -946.56846 | F25: -5077.4747 | G25: -2286.5029 | H25: -1444.6782 | I25: -644.24971 | J25: -2293.39 | K25: -1724.7312 | L25: -1124.012 | M25: =-1187.200472/2 -> -593.60024 | N25: -2023.2727 | O25: -2046.9101 | P25: -806.67055 | Q25: -423.56932 | R25: -1484.7591 | S25: -1065.375 | T25: -649.021 | U25: -371.7216
B26: Common Equity Tier 1 capital | C26: 40204.603 | D26: 39675.206 | E26: 38860.798 | F26: 37452.433 | G26: 38190.811 | H26: =H15+SUM(H18:H25)-H19 -> 37410.435 | I26: =I15+SUM(I18:I25)-I19 -> 20677.34 | J26: =J15+SUM(J18:J25)-J19 -> 19927.443 | K26: =K15+SUM(K18:K25)-K19 -> 19836.575 | L26: =L15+SUM(L18:L25)-L19 -> 19291.765 | M26: =M15+SUM(M18:M25)-M19 -> 18770.671 | N26: =N15+SUM(N18:N25)-N19 -> 18095.609 | O26: =O15+SUM(O18:O25)-O19 -> 18007.292 | ... U26: =U15+SUM(U18:U25)-U19 -> 16524.385
B27: Additional Tier 1 capital | C27: 4506 | D27: 4821.5 | E27: 4425 | F27: 4235 | G27: 4195 | H27: 4195 | I27: 2313 | J27: 2050 | K27: 2050 | L27: 2050 | M27: 2050 | N27: 1650 | O27: 1300 | P27: 1487 | Q27: 1150 | R27: 1420 | S27: 1100 | T27: 1100 | U27: 1100
B28: Total Tier 1 capital | C28: 44710.603 | D28: 44496.706 | E28: 43285.798 | F28: 41687.433 | G28: 42385.811 | H28: =SUM(H26:H27) -> 41605.435 | I28: =SUM(I26:I27) -> 22990.34 | J28: =SUM(J26:J27) -> 21977.443 | K28: =SUM(K26:K27) -> 21886.575 | L28: =SUM(L26:L27) -> 21341.765 | M28: =SUM(M26:M27) -> 20820.671 | N28: =SUM(N26:N27) -> 19745.609 | O28: =SUM(O26:O27) -> 19307.292 | ... U28: =SUM(U26:U27) -> 17624.385
B29: Tier 2 instruments – Supplementary capital | C29: 5822.4638 | D29: 5573.8045 | E29: 5574.2055 | F29: 5919.795 | G29: 5374.0497 | H29: 5374.852 | I29: 2745.9834 | J29: 2745.8132 | K29: 2744.4992 | L29: 2744.5 | M29: 2280.5 | N29: 2147 | O29: 2267.5 | P29: 1948.5 | Q29: 1948.5 | R29: 1845 | S29: 1820 | T29: 1820 | U29: 1820
B30: Own funds | C30: 50533.066 | D30: 50070.51 | E30: 48860.004 | F30: 47607.228 | G30: 47759.861 | H30: =SUM(H28:H29) -> 46980.287 | I30: =SUM(I28:I29) -> 25736.324 | J30: =SUM(J28:J29) -> 24723.256 | K30: =SUM(K28:K29) -> 24631.074 | L30: =SUM(L28:L29) -> 24086.265 | M30: =SUM(M28:M29) -> 23101.171 | N30: =SUM(N28:N29) -> 21892.609 | O30: =SUM(O28:O29) -> 21574.792 | ... U30: =SUM(U28:U29) -> 19444.385
B32: Credit risk
B33: Corporates – Other | C33: 49707.201 | D33: 45058.558 | E33: 42247.472 | F33: 41307.342 | G33: 36362.429 | H33: 36046.521 | I33: 36337.393 | J33: 35703.673 | K33: 34343.035 | L33: 34386.454 | M33: 34406.572 | N33: 33702.845 | O33: 31488.62 | P33: 32537.509 | Q33: 31994.694 | R33: 30620.616 | S33: 33127.583 | T33: 31516.25 | U33: 33781.954
B34: Corporates – Specialised | C34: 502.78278 | D34: 539.53811 | E34: 577.39239 | F34: 611.61667 | G34: 687.1107 | H34: 493.69347 | I34: 543.85121 | J34: 538.863 | K34: 869.04143 | L34: 812.07359 | M34: 822.30386 | N34: 1038.5811 | O34: 730.96484 | P34: 688.53348 | Q34: 672.25396 | R34: 692.33815 | S34: 753.39208 | T34: 755.05048 | U34: 700.1288
B35: Retail – Secured by property | C35: 77945.653 | D35: 75070.111 | E35: 71506.522 | F35: 68756.188 | G35: 62737.686 | H35: 49103.976 | I35: 47146.428 | J35: 46294.919 | K35: 45305.587 | L35: 44688.936 | M35: 43438.337 | N35: 44636.654 | O35: 42876.39 | P35: 39531.512 | Q35: 38722.611 | R35: 39910.34 | S35: 36012.88 | T35: 35054.356 | U35: 35387.581
B36: Retail – Other | C36: 0 | D36: 1558.6068 | E36: 1500.3051 | F36: 1481.5707 | G36: 1348.3832 | H36: 1338.9469 | I36: 1434.9101 | J36: 1396.4595 | K36: 1489.0877 | L36: 1423.773 | M36: 1400.9684 | N36: 1351.2708 | O36: 1414.0818 | P36: 1394.2209 | Q36: 1358.5063 | R36: 1389.6827 | S36: 1376.5187 | T36: 1470.0839 | U36: 1419.8731
B37: Total credit risk IRB approach | C37: 128155.64 | D37: 122226.81 | E37: 115831.69 | F37: 112156.72 | G37: =SUM(G33:G36) -> 101135.61 | H37: =SUM(H33:H36) -> 86983.137 | I37: =SUM(I33:I36) -> 85462.582 | J37: =SUM(J33:J36) -> 83933.915 | K37: =SUM(K33:K36) -> 82006.751 | L37: =SUM(L33:L36) -> 81311.237 | M37: =SUM(M33:M36) -> 80068.181 | N37: =SUM(N33:N36) -> 80729.352 | ... U37: =SUM(U33:U36) -> 71289.537
B39: Central governments or central banks | C39: 332.43522 | D39: 544.7975 | E39: 104.26023 | F39: 82.720857 | G39: 90.932074 | H39: 121.55818 | I39: 69.288841 | J39: 96.152089 | K39: 234.74072 | L39: 372.71998 | M39: 342.09502 | N39: 598.51981 | O39: 440.95463 | P39: 823.35171 | Q39: 410.31847 | R39: 422.21105 | S39: 464.17357 | T39: 491.10398 | U39: 403.12349
B40: Institutions | C40: 1577.0395 | D40: 2417.2867 | E40: 4871.9137 | F40: 1335.2863 | G40: 1392.3299 | H40: 5642.4974 | I40: 977.69468 | J40: 970.28638 | K40: 998.87064 | L40: 1045.8856 | M40: 1233.9787 | N40: 1138.6208 | O40: 951.08442 | P40: 965.84019 | Q40: 1149.5856 | R40: 1013.4959 | S40: 1236.2849 | T40: 1144.8804 | U40: 1125.7719
B41: Corporates | C41: 13308.605 | D41: 13170.521 | E41: 13304.343 | F41: 13533.882 | G41: 14204.568 | H41: 13892.813 | I41: 5362.3597 | J41: 4935.222 | K41: 4693.0707 | L41: 4624.6086 | M41: 4666.9922 | N41: 4583.8606 | O41: 4383.3806 | P41: 5856.5321 | Q41: 5464.9989 | R41: 5293.1193 | S41: 4982.9972 | T41: 4724.9878 | U41: 3751.5546
B42: Retail | C42: 17922.317 | D42: 17219.898 | E42: 17635.611 | F42: 18560.016 | G42: 10022.833 | H42: 9810.4357 | I42: 4824.6107 | J42: 4809.5596 | K42: 4633.6907 | L42: 4522.078 | M42: 4341.488 | N42: 4147.3413 | O42: 4179.0385 | P42: 2486.1993 | Q42: 2384.5669 | R42: 2310.4329 | S42: 2242.2378 | T42: 2192.3811 | U42: 3317.9138
B43: Secured by property | C43: 27276.525 | D43: 30989.375 | E43: 33371.218 | F43: 35937.574 | G43: 52588.988 | H43: 58452.14 | I43: 0 | J43: 0 | K43: 0 | L43: 0 | M43: 0 | N43: 0 | O43: 0 | P43: 0 | Q43: 0 | R43: 0 | S43: 0 | T43: 0 | U43: 0
B44: Engagements which have fallen due | C44: 1822.2065 | D44: 1665.9463 | E44: 1935.1081 | F44: 1798.0937 | G44: 1982.4962 | H44: 1886.0309 | I44: 0 | J44: 0 | K44: 0 | L44: 0 | M44: 0 | N44: 0 | O44: 0 | P44: 0 | Q44: 0 | R44: 0 | S44: 0 | T44: 0 | U44: 0
B45: Covered bonds | C45: 3677.3515 | D45: 3581.0462 | E45: 3662.7209 | F45: 4190.3178 | G45: 4267.3214 | H45: 4196.4581 | I45: 2310.8501 | J45: 2289.8523 | K45: 2280.9154 | L45: 2207.809 | M45: 2180.3004 | N45: 2106.383 | O45: 1942.2613 | P45: 1873.7833 | Q45: 1719.1755 | R45: 1560.8157 | S45: 1631.5224 | T45: 1627.9379 | U45: 1326.2121
B46: Equity | C46: 5422.3428 | D46: 5177.2409 | E46: 4862.5914 | F46: 4767.5701 | G46: 4296.0551 | H46: 629.69912 | I46: 395.47184 | J46: 374.40551 | K46: 790.793 | L46: 679.07755 | M46: 644.42097 | N46: 585.87559 | O46: 311.30669 | P46: 306.51614 | Q46: 334.11382 | R46: 260.84127 | S46: 267.15137 | T46: 284.49562 | U46: 305.46582
B47: Other items | C47: 3331.4021 | D47: 3437.1722 | E47: 203.57456 | F47: 2439.246 | G47: 3479.7651 | H47: 3899.4721 | I47: 5139.3818 | J47: 4082.6625 | K47: 4701.6682 | L47: 3818.6381 | M47: 3528.5875 | N47: 3555.1557 | O47: 4268.1512 | P47: 3760.3866 | Q47: 4419.8972 | R47: =4906.32483-R46 -> 4645.4836 | S47: 3361.8198 | T47: 3074.9581 | U47: 4220.3857
B48: Total credit risk standardised approach (SA) | C48: 74670.225 | D48: 78203.283 | E48: 79951.341 | F48: 82644.707 | G48: 92325.289 | H48: =SUM(H39:H47) -> 98531.105 | I48: =SUM(I39:I47) -> 19079.658 | J48: =SUM(J39:J47) -> 17558.14 | K48: =SUM(K39:K47) -> 18333.749 | L48: =SUM(L39:L47) -> 17270.817 | M48: =SUM(M39:M47) -> 16937.863 | N48: =SUM(N39:N47) -> 16715.757 | O48: =SUM(O39:O47) -> 16476.177 | ... U48: =SUM(U39:U47) -> 14450.428
B50: Operational risk | C50: 17544.169 | D50: 17544.169 | E50: 17544.169 | F50: 17544.169 | G50: 16070.84 | H50: 16070.84 | I50: 10525.915 | J50: 10525.915 | K50: 9051.7521 | L50: 9051.7521 | M50: 9051.7521 | N50: 9051.7521 | O50: 7907.5455 | P50: 7907.5455 | Q50: 7907.5455 | R50: 7907.5455 | S50: 7026.0416 | T50: 7026.0416 | U50: 7026.0416
B51: Risk of credit valuation adjustment for counterparty (CVA) | C51: 1371.52 | D51: 1215.0427 | E51: 1093.0382 | F51: 1192.7757 | G51: 1215.5057 | H51: 1322.978 | I51: 665.17445 | J51: 666.01667 | K51: 738.35731 | L51: 821.85085 | M51: 1492.5587 | N51: 1529.3022 | O51: 1296.9316 | P51: 1256.481 | Q51: 1540.9675 | R51: 1600.4297 | S51: 1705.5476 | T51: 1608.9688 | U51: 1653.1427
B52: Total risk-weighted volume | C52: 221741.55 | D52: 219189.31 | E52: 214420.24 | F52: 213538.37 | G52: 210747.24 | H52: =SUM(H48:H51)+H37 -> 202908.06 | I52: =SUM(I48:I51)+I37 -> 115733.33 | J52: =SUM(J48:J51)+J37 -> 112683.99 | K52: =SUM(K48:K51)+K37 -> 110130.61 | L52: =SUM(L48:L51)+L37 -> 108455.66 | M52: =SUM(M48:M51)+M37 -> 107550.35 | N52: =SUM(N48:N51)+N37 -> 108026.16 | O52: =SUM(O48:O51)+O37 -> 102190.71 | ... U52: =SUM(U48:U51)+U37 -> 94419.149
B54: Minimum requirement
B55: Own funds, minimum requirement; 8 % | C55: 17739.324 | D55: 17535.145 | E55: 17153.619 | F55: 17083.07 | G55: 16859.78 | H55: 16232.645 | I55: 9258.6663 | J55: 9014.7189 | K55: 8810.4488 | L55: =L52*0.08 -> 8676.4526 | M55: =M52*0.08 -> 8604.0284 | N55: 8642.093 | O55: 8175.2569 | P55: 7951.0729 | Q55: 7846.3387 | R55: 7810.1882 | S55: 7535.052 | T55: 7277.7197 | U55: 7553.5319
B56: Own funds, regulatory surplus | C56: 32793.742 | D56: 32535.365 | E56: 31706.385 | F56: 30524.158 | G56: 30900.081 | H56: 30747.642 | I56: 16477.658 | J56: 15708.537 | K56: 15820.626 | L56: =L30-L55 -> 15409.812 | M56: =M30-M55 -> 14497.143 | N56: =N30-N55 -> 13250.516 | O56: =O30-O55 -> 13399.535 | P56: =P30-P55 -> 13976.398 | Q56: =Q30-Q55 -> 13347.465 | R56: =R30-R55 -> 13113.835 | S56: =S30-S55 -> 12649.628 | ... U56: =U30-U55 -> 11890.853
B57: of which surplus Common Equity Tier 1 to cover buffer requirement | C57: 30226.233 | D57: 29811.687 | E57: 29211.887 | F57: 27843.206 | G57: 28707.185 | H57: 28279.572 | I57: 15469.341 | J57: 14856.664 | K57: 14880.698 | L57: 14411.26 | M57: 13930.905 | N57: 13234.432 | O57: 13175.849 | P57: 13976.398 | Q57: 13347.464 | R57: 13113.835 | S57: 12650 | T57: 12501.059 | U57: 11890.853
B58: Buffer requirements
B59: Capital conservation buffer requirement; 2,5% | C59: 5543.5388 | D59: 5479.7327 | E59: 5360.506 | F59: 5338.4592 | G59: 5268.6811 | H59: 5072.7015 | I59: 2893.3332 | J59: 2817.0997 | K59: 2753.2652 | L59: =L52*0.025 -> 2711.3914 | M59: =M52*0.025 -> 2688.7589 | N59: 2700.6541 | O59: 2554.7678 | P59: 2484.7103 | Q59: 2451.9809 | R59: 2440.6838 | S59: 2354.7037 | T59: 2274.2874 | U59: 2360.4787
B60: Systemic risk buffer requirement; 4,5% | C60: 9978.3698 | D60: 9863.5189 | E60: 9648.9108 | F60: 9609.2266 | G60: 9483.626 | H60: 9130.8627 | I60: 5207.9998 | J60: 5070.7794 | K60: 4955.8774 | L60: =L52*0.045 -> 4880.5046 | M60: =M52*0.045 -> 4839.766 | N60: 4861.1773 | O60: 4598.582 | P60: 4472.4785 | Q60: 4413.5655 | R60: 4393.2308 | S60: 4238.4667 | T60: 4093.7173 | U60: 4248.8617
B61: Countercyclical buffer requirement; 2,5% | C61: 5543.5388 | D61: 5479.7327 | E61: 5360.506 | F61: 5338.4592 | G61: 5268.6811 | H61: 5072.7015 | I61: 2893.3332 | J61: 2817.0997 | K61: 2753.2652 | L61: =L52*0.025 -> 2711.3914 | M61: =M52*0.025 -> 2688.7589 | N61: 2700.6541 | O61: 2554.7678 | P61: 2484.7103 | Q61: 2451.9809 | R61: 1952.547 | S61: 1412.8222 | T61: 1364.5724 | U61: 944.19149
B62: Total buffer requirement Common Equity Tier 1 | C62: 21065.447 | D62: 20822.984 | E62: 20369.923 | F62: 20286.145 | G62: 20020.988 | H62: 19276.266 | I62: 10994.666 | J62: 10704.979 | K62: 10462.408 | L62: =SUM(L59:L61) -> 10303.287 | M62: =SUM(M59:M61) -> 10217.284 | N62: =SUM(N59:N61) -> 10262.485 | O62: =SUM(O59:O61) -> 9708.1176 | P62: =SUM(P59:P61) -> 9441.8991 | Q62: =SUM(Q59:Q61) -> 9317.5273 | R62: =SUM(R59:R61) -> 8786.4617 | S62: =SUM(S59:S61) -> 8005.9927 | ... U62: =SUM(U59:U61) -> 7553.5319
B63: Common Equity Tier 1 capital, regulatory surplus | C63: 9160.7855 | D63: 8988.7024 | E63: 8841.9647 | F63: 7557.061 | G63: 8686.197 | H63: =H57-H62 -> 9003.3067 | I63: =I57-I62 -> 4474.6744 | J63: =J57-J62 -> 4151.685 | K63: =K57-K62 -> 4418.2898 | L63: =L57-L62 -> 4107.9728 | M63: =M57-M62 -> 3713.6215 | N63: =N57-N62 -> 2971.9463 | O63: =O57-O62 -> 3467.7311 | ... U63: =U57-U62 -> 4337.3208
B65: Common Equity Tier 1 capital | C65: 0.1813129 | D65: 0.18100885 | E65: 0.18123661 | F65: 0.17538971 | G65: 0.18121618 | H65: 0.18437136 | I65: 0.17866366 | J65: 0.17684361 | K65: 0.18011864 | L65: =L26/L52 -> 0.17787698 | M65: =M26/M52 -> 0.17452914 | N65: =N26/N52 -> 0.16751136 | O65: =O26/O52 -> 0.17621261 | P65: =P26/P52 -> 0.18605761 | Q65: =Q26/Q52 -> 0.18449678 | R65: =R26/R52 -> 0.18088192 | S65: =S26/S52 -> 0.18329991 | ... U65: =U26/U52 -> 0.17501095
B66: Additional Tier 1 capital | C66: 0.020320955 | D66: 0.021996967 | E66: 0.020637044 | F66: 0.019832501 | G66: 0.019905361 | H66: 0.020674388 | I66: 0.0199856 | J66: 0.01819247 | K66: 0.018614262 | L66: =L27/L52 -> 0.018901734 | M66: =M27/M52 -> 0.019060839 | N66: =N27/N52 -> 0.015274078 | O66: =O27/O52 -> 0.012721313 | P66: =P27/P52 -> 0.014961503 | Q66: =Q27/Q52 -> 0.011725214 | R66: =R27/R52 -> 0.014545104 | S66: =S27/S52 -> 0.011678752 | ... U66: =U27/U52 -> 0.011650179
B67: Supplementary capital | C67: 0.026257883 | D67: 0.02542918 | E67: 0.025996639 | F67: 0.027722395 | G67: 0.025499976 | H67: 0.026489101 | I67: 0.023726816 | J67: 0.024367377 | K67: 0.024920404 | L67: =L29/L52 -> 0.025305273 | M67: =M29/M52 -> 0.021204021 | N67: =N29/N52 -> 0.019874815 | O67: =O29/O52 -> 0.022188905 | P67: =P29/P52 -> 0.019604901 | Q67: =Q29/Q52 -> 0.019866591 | R67: =R29/R52 -> 0.018898392 | S67: =S29/S52 -> 0.019323025 | ... U67: =U29/U52 -> 0.019275751
B68: Capital adequacy | C68: 0.22789173 | D68: 0.228435 | E68: 0.2278703 | F68: 0.22294461 | G68: 0.22662152 | H68: 0.23153485 | I68: 0.22237608 | J68: 0.21940346 | K68: 0.2236533 | L68: =L30/L52 -> 0.22208399 | M68: =M30/M52 -> 0.214794 | N68: =N30/N52 -> 0.20266025 | O68: =O30/O52 -> 0.21112283 | P68: =P30/P52 -> 0.22062402 | Q68: =Q30/Q52 -> 0.21608859 | R68: =R30/R52 -> 0.21432542 | S68: =S30/S52 -> 0.21430169 | ... U68: =U30/U52 -> 0.20593688
B71: 3.1.2 Leverage ratio
B73: (MNOK) | C73: =C5 -> Q3-26 | D73: Q2-26 | E73: =E5 -> Q1-26 | F73: Q4-25 | G73: Q3-25 | H73: Q2-25 | I73: Q1-25 | J73: Q4-24 | K73: Q3-24 | L73: Q2-24 | M73: Q1-24 | N73: Q4-23 | O73: Q3-23 | P73: Q2-23 | Q73: Q1-23 | R73: Q4-22 | S73: Q3-22 | T73: Q2-22 | U73: Q1-22
B74: Balance sheet items, incl. gross consolidation of associated companies | C74: 595713.39 | D74: 594616.09 | E74: 558705.66 | F74: 564205.01 | G74: 569302.04 | H74: 568117.31 | I74: 356046.82 | J74: 348701.71 | K74: 338228.39 | L74: 326153.35 | M74: 326153.35 | N74: 316488.62 | O74: 305918.47 | P74: 298176.09 | Q74: 283689.82 | R74: 272618.04 | S74: 271727.86 | T74: 261663.85 | U74: 252575.19
B75: Off-balance sheet items | C75: 24532.953 | D75: 24814.869 | E75: 21211.728 | F75: 20472.178 | G75: 20137.486 | H75: 21322.734 | I75: 11241.092 | J75: 11185.241 | K75: 11461.916 | L75: 12051.288 | M75: 12051.288 | N75: 11612.592 | O75: 11777.055 | P75: 11814.811 | Q75: 11750.239 | R75: 11539.635 | S75: 10326.981 | T75: 9788.0107 | U75: 9195.3134
B76: Regulatory adjustments | C76: -4393.8325 | D76: -4075.6926 | E76: -3673.9157 | F76: -3428.7431 | G76: -7856.6782 | H76: -10900.293 | I76: -1203.952 | J76: -2310.2148 | K76: -1672.6009 | L76: -1378.578 | M76: -1378.578 | N76: 328.26885 | O76: 316.5889 | P76: -619.80542 | Q76: -521.0268 | R76: -80.467899 | S76: -394.48128 | T76: -2023.2979 | U76: -944.87969
B77: Calculation basis for leverage ratio | C77: 615852.52 | D77: 615355.27 | E77: 576243.48 | F77: 581248.45 | G77: 581582.84 | H77: =SUM(H74:H76) -> 578539.75 | I77: =SUM(I74:I76) -> 366083.96 | J77: =SUM(J74:J76) -> 357576.73 | K77: =SUM(K74:K76) -> 348017.7 | L77: =SUM(L74:L76) -> 336826.06 | M77: =SUM(M74:M76) -> 336826.06 | N77: =SUM(N74:N76) -> 328429.48 | O77: =SUM(O74:O76) -> 318012.12 | ... U77: =SUM(U74:U76) -> 260825.62
B78: Core capital | C78: 44710.603 | D78: 44496.706 | E78: 43285.798 | F78: 41687.433 | G78: 42385.811 | H78: 41605.435 | I78: 22990.34 | J78: =J28 -> 21977.443 | K78: =K28 -> 21886.575 | L78: =L28 -> 21341.765 | M78: =M28 -> 20820.671 | N78: =N28 -> 19745.609 | O78: =O28 -> 19307.292 | P78: =P28 -> 19978.971 | Q78: =Q28 -> 19245.303 | ... U78: =U28 -> 17624.385
B79: Leverage ratio | C79: 0.072599529 | D79: 0.072310595 | E79: 0.075117203 | F79: 0.071720506 | G79: 0.072880092 | H79: =H78/H77 -> 0.071914566 | I79: =I78/I77 -> 0.062800731 | J79: =J78/J77 -> 0.061462173 | K79: =K78/K77 -> 0.062889258 | L79: =L78/L77 -> 0.063361383 | M79: =M78/M77 -> 0.061814313 | N79: =N78/N77 -> 0.060121306 | O79: =O78/O77 -> 0.06071244 | ... U79: =U78/U77 -> 0.067571524

Sheet MREL
A1: Back to contents
B2: 3.2.1 Minimum Requirement for Own Funds and Eligible Liabilities (MREL)
B4: (MNOK) | C4: Q3-26 | D4: Q2-26 | E4: Q1-26 | F4: Q4-25 | G4: Q3-25 | H4: Q2-25 | I4: Q1-25
B5: Total risk exposure amount (TREA) | C5: 156222 | D5: 154130 | E5: 152166 | F5: 150163 | G5: 150237.51 | H5: 150121 | I5: 84403
B6: Own funds and eligible liabilities | C6: 83670 | D6: 80789 | E6: 76471 | F6: 77723 | G6: 72010.635 | H6: 70496 | I6: 44216
B7: Of which own funds and subordinated liabilities | C7: 52643 | D7: 52586 | E7: 53839 | F7: 54328 | G7: 51334.083 | H7: 51560 | I7: 31579
B8: Minimum requirement for own funds and eligible liabilities (MREL)
B9: MREL requirement expressed as percentage of the total risk exposure amount | C9: 0.357 | D9: 0.357 | E9: 0.357 | F9: 0.357 | G9: 0.357 | H9: 0.357 | I9: 0.355
B10: Own funds and eligible liabilities as percentage of TREA | C10: 0.536 | D10: 0.524 | E10: 0.503 | F10: 0.518 | G10: 0.479 | H10: 0.46959453 | I10: 0.51435526
B11: MREL requirement of which has to be met with own funds and subordinated liabilities | C11: 0.287 | D11: 0.287 | E11: 0.287 | F11: 0.287 | G11: 0.287 | H11: 0.287 | I11: 0.285
B12: Own funds and subordinated liabilities as percentage of TREA | C12: 0.337 | D12: 0.341 | E12: 0.354 | F12: 0.362 | G12: 0.34168618 | H12: 0.34345628 | I12: 0.37414547
B16: 3.2.2 Long-Term Funding Plan
B18: Issuance of Senior Non-Preferred and Senior Preferred is primarily driven by MREL-requirements and rating considerations, but might also be influenced by several other factors, e.g. NSFR. Based on the existing regulation and capital requirements, projected balance growth and RWA forecasts, the diagram below reflects the minimum estimated issuance of Senior Non-Preferred and Senior Preferred to year end 2027. The funding plan is updated as part of the Internal Liquidity Adequacy Assessment Process (ILAAP), and might also be revised following deviations in forecasted balance growth/RWA, updates in regulatory requirements or other material changes.

Sheet IRB
A1: Back to contents
B2: 3.3.1 IRB
B4: Q3-26
B5: (MNOK) | C5: Original exposure | D5: Exposure at default (EAD) | E5: Average risk weight in per cent | F5: Risk exposure amount (REA)
B6: Corporate exposures | C6: 112022.75 | D6: 106551.94 | E6: 0.471225 | F6: 50209.984
B7: of which small and medium-sized corporates (SME) | C7: 70697.184 | D7: 67540.523 | E7: 0.467271 | F7: 31559.794
B8: of which specialised lending (SL) | C8: 1619.8687 | D8: 1530.803 | E8: 0.328443 | F8: 502.78278
B9: of which other corporate | C9: 39705.701 | D9: 37480.618 | E9: 0.484181 | F9: 18147.407
B10: Retail exposures | C10: 314169.87 | D10: 311710.4 | E10: 0.250057 | F10: 77945.653
B11: of which secured by mortages on immovable property | C11: 314169.87 | D11: 311710.4 | E11: 0.250057 | F11: 77945.653
B12: of which other retail | C12: 0 | D12: 0 | E12: 0 | F12: 0
B13: Total credit risk, IRB approach | C13: 426192.63 | D13: 418262.35 | E13: 0.3064 | F13: 128155.64

Sheet Liquidity and funding
A1: Back to contents
B6: Section 4 - Liquidity and funding
B8: 4.1 Liquidity portfolio
B10: 4.2 Maturity profile
B12: 4.3 Ratings

Sheet Liquidity portfolio
A1: Back to contents
B2: 4.1.1 Liquidity portfolio
B4: (MNOK) | C4: Q3-26 | D4: Q2-26 | E4: Q1-26 | F4: Q4-25 | G4: Q3-25 | H4: Q2-25 | I4: Q1-25 | J4: Q4-24 | K4: Q3-24 | L4: Q2-24 | M4: Q1-24 | N4: Q4-23 | O4: Q3-23 | P4: Q2-23 | Q4: Q1-23
B5: Cash and central bank reserves | C5: 559.38273 | D5: 607.92409 | E5: 763.6901 | F5: 85.863888 | G5: 873.91133 | H5: 107.23586 | I5: 479.71253 | J5: 482.51991 | K5: 363.79178 | L5: 540.601 | M5: 176.79713 | N5: 386.67113 | O5: 217.7385 | P5: 514.06898 | Q5: 103.28893
B6: Securities issued or guaranteed by sovereigns | C6: 20170.826 | D6: 21361.478 | E6: 19757.267 | F6: 24611.298 | G6: 23811.647 | H6: 26021.913 | I6: 13147.299 | J6: 12090.224 | K6: 11599.539 | L6: 11131.767 | M6: 10434.498 | N6: 9842.9654 | O6: 9195.2682 | P6: 8875.6992 | Q6: 9471.965
B7: Securities issued by municipalities and public sector entities | C7: 2238.4855 | D7: 2382.7979 | E7: 2380.0684 | F7: 2922.7323 | G7: 2809.1737 | H7: 2961.2789 | I7: 1315.438 | J7: 1583.2523 | K7: 1310.8939 | L7: 1312.8289 | M7: 1314.9848 | N7: 1267.9449 | O7: 1069.7677 | P7: 1070.1851 | Q7: 1070.8635
B8: Extremely high quality covered bonds | C8: 42936.481 | D8: 38673.134 | E8: 34682.252 | F8: 43123.2 | G8: 40125.621 | H8: 46461.151 | I8: 24793.671 | J8: 23812.665 | K8: 20194.794 | L8: 20293.954 | M8: 21103.744 | N8: 21171.474 | O8: 18193.369 | P8: 16506.263 | Q8: 15031.825
B9: Level 1 assets | C9: =SUM(C5:C8) -> 65905.175 | D9: =SUM(D5:D8) -> 63025.334 | E9: =SUM(E5:E8) -> 57583.277 | F9: =SUM(F5:F8) -> 70743.095 | G9: =SUM(G5:G8) -> 67620.352 | H9: =SUM(H5:H8) -> 75551.578 | I9: =SUM(I5:I8) -> 39736.12 | J9: =SUM(J5:J8) -> 37968.661 | ... Q9: =SUM(Q5:Q8) -> 25677.942
B10: Securities issued by municipalities and public sector entities | C10: 2784.4792 | D10: 3703.8811 | E10: 1519.2135 | F10: 50.286338 | G10: 50.315393 | H10: 257.43529 | I10: 251.56418 | J10: 349.49989 | K10: 1022.2341 | L10: 1750.8519 | M10: 1647.8957 | N10: 2929.3144 | O10: 2140.719 | P10: 4051.4236 | Q10: 1692.4883
B11: High quality covered bonds | C11: 4148.491 | D11: 4344.9759 | E11: 2944.6574 | F11: 3220.4811 | G11: 2374.1741 | H11: 2841.642 | I11: 1413.834 | J11: 1651.3033 | K11: 1868.252 | L11: 2571.3393 | M11: 2678.5813 | N11: 2225.8138 | O11: 1784.7446 | P11: 2034.2125 | Q11: 1646.1439
B12: Level 2A assets | C12: =C10+C11 -> 6932.9702 | D12: =D10+D11 -> 8048.857 | E12: =SUM(E10:E11) -> 4463.8709 | F12: =SUM(F10:F11) -> 3270.7675 | G12: =SUM(G10:G11) -> 2424.4895 | H12: =SUM(H10:H11) -> 3099.0773 | I12: =SUM(I10:I11) -> 1665.3982 | J12: =SUM(J10:J11) -> 2000.8032 | K12: =SUM(K10:K11) -> 2890.4862 | L12: =SUM(L10:L11) -> 4322.1912 | ... Q12: =SUM(Q10:Q11) -> 3338.6322
B13: Non-HQLA | C13: 152.54689 | D13: 175.67452 | E13: 148.41054 | F13: 208.97772 | G13: 372.10899 | H13: 232.21301 | I13: 2285.6885 | J13: 2172.7723 | K13: 1577.9436 | L13: 1810.2886 | M13: 2223.1111 | N13: 588.06957 | O13: 317.27278 | P13: 618.48862 | Q13: 366.42182
B14: Total liquid assets | C14: =C9+C12+C13 -> 72990.692 | D14: =D9+D12+D13 -> 71249.866 | E14: =E9+E12+E13 -> 62195.559 | F14: =F9+F12+F13 -> 74222.84 | G14: =G9+G12+G13 -> 70416.951 | H14: =H9+H12+H13 -> 78882.868 | I14: =I9+I12+I13 -> 43687.207 | J14: =J9+J12+J13 -> 42142.237 | ... Q14: =Q9+Q12+Q13 -> 29382.996
B17: 4.1.2 Liquidity Coverage Ratio (LCR)
B19: Per cent | C19: =C4 -> Q3-26 | D19: =D4 -> Q2-26 | E19: =E4 -> Q1-26 | F19: Q4-25 | G19: Q3-25 | H19: Q2-25 | I19: Q1-25 | J19: Q4-24 | K19: Q3-24 | L19: Q2-24 | M19: Q1-24 | N19: Q4-23 | O19: Q3-23 | P19: Q2-23 | Q19: Q1-23
B20: LCR % | C20: 1.7924 | D20: 1.91 | E20: 1.74 | F20: 1.97 | G20: 1.86 | H20: 1.73 | I20: 1.94 | J20: 1.97 | K20: 1.71 | L20: 1.82 | M20: 1.7803643 | N20: 1.8352272 | O20: 1.8781609 | P20: 1.7315141 | Q20: 1.5543988
B23: 4.1.3 Net Stable Funding Ratio (NSFR)
B25: Per cent | C25: =C19 -> Q3-26 | D25: =D19 -> Q2-26 | E25: =E4 -> Q1-26 | F25: Q4-25 | G25: Q3-25 | H25: Q2-25 | I25: Q1-25 | J25: Q4-24 | K25: Q3-24 | L25: Q2-24 | M25: Q1-24 | N25: Q4-23 | O25: Q3-23 | P25: Q2-23 | Q25: Q1-23
B26: NSFR % | C26: 1.2 | D26: 1.23 | E26: 1.22 | F26: 1.18 | G26: 1.18 | H26: 1.2 | I26: 1.25 | J26: 1.23 | K26: 1.26 | L26: 1.25 | M26: 1.27 | N26: 1.2448 | O26: 1.2302308 | P26: 1.2310009 | Q26: 1.2288068

Sheet Maturity profile
A1: Back to contents
B2: 4.2.1 Funding
B4: (MNOK - book value) | C4: Q3-26 | D4: Issued last quarter | E4: Q2-26 | F4: Q1-26 | G4: Q4-25 | H4: Q3-25 | I4: Q2-25 | J4: Q1-25 | K4: Q4-24 | L4: Q3-24 | M4: Q2-24 | N4: Q1-24 | O4: Q4-23 | P4: Q3-23 | Q4: Q2-23 | R4: Q1-23
B5: Covered bonds | C5: 224368.86 | D5: 18774 | E5: 218986 | F5: 207720 | G5: 211216 | H5: 207780 | I5: 205183 | J5: 141661.13 | K5: 134827.55 | L5: 129162.83 | M5: 125931.18 | N5: 124925 | O5: 123796 | P5: 116782 | Q5: 111410 | R5: 106273
B6: Senior bonds | C6: 52345.182 | D6: 4295 | E6: 50737 | F6: 47492 | G6: 46664 | H6: 42122 | I6: 41188 | J6: 14895.99 | K6: 15082.126 | L6: 13037.994 | M6: 15146.199 | N6: 14827 | O6: 12382 | P6: 11506 | Q6: 10837 | R6: 11490
B7: Senior non-preferred bonds | C7: 20200.976 | D7: 400 | E7: 19914 | F7: 20528 | G7: 21451 | H7: 20581 | I7: 21007 | J7: 14304.624 | K7: 13505.199 | L7: 12558.422 | M7: 11762.512 | N7: 11167 | O7: 10306 | P7: 8170 | Q7: 6675 | R7: 6716
B8: Total securitised debt | C8: =SUM(C5:C7) -> 296915.02 | D8: =SUM(D5:D7) -> 23469 | E8: =SUM(E5:E7) -> 289637 | F8: =SUM(F5:F7) -> 275740 | G8: =SUM(G5:G7) -> 279331 | H8: =SUM(H5:H7) -> 270483 | I8: 267378 | J8: =SUM(J5:J7) -> 170861.74 | K8: =SUM(K5:K7) -> 163414.88 | L8: 154759.24 | M8: 152839.89 | N8: 150919 | O8: =SUM(O5:O7) -> 146484 | P8: =SUM(P5:P7)-1 -> 136457 | Q8: =SUM(Q5:Q7) -> 128922 | R8: =SUM(R5:R7)+1 -> 124480
B10: Additional Tier 1 capital | C10: 4566.3336 | D10: 0 | E10: 4875 | F10: 4484 | G10: 4280 | H10: 4252 | I10: 4242 | J10: 2313 | K10: 2050 | L10: 2050 | M10: 2050 | N10: 2050 | O10: 1650 | P10: 1300 | Q10: 1487 | R10: 1150
B11: Tier 2 instruments | C11: 5880.5704 | D11: 500 | E11: 5628 | F11: 5669 | G11: 5973 | H11: 5446 | I11: 5800 | J11: 2745.9834 | K11: 2745.8132 | L11: 2745 | M11: 2745 | N11: 2281 | O11: 2147 | P11: 2268 | Q11: 1949 | R11: 1949
B12: Total | C12: =SUM(C10:C11) -> 10446.904 | D12: =SUM(D10:D11) -> 500 | E12: =SUM(E10:E11) -> 10503 | F12: =SUM(F10:F11) -> 10153 | G12: =SUM(G10:G11) -> 10253 | H12: =SUM(H10:H11) -> 9698 | I12: 10042 | J12: =SUM(J10:J11) -> 5058.9834 | K12: =SUM(K10:K11) -> 4795.8132 | L12: 4795 | M12: 4795 | N12: 4331 | O12: =SUM(O10:O11) -> 3797 | P12: =SUM(P10:P11) -> 3568 | Q12: =SUM(Q10:Q11) -> 3436 | R12: =SUM(R10:R11) -> 3099
B15: 4.2.2 Redemption profile: 30 September 2026
B17: Redemption profile distributed by time to first call option
B45: (MNOK) | C45: 2026 | D45: 2027 | E45: 2028 | F45: 2029 | G45: 2030 | H45: 2031 | I45: 2032 | J45: 2033 | K45: 2034 | L45: 2035 | M45: 2038
B46: Covered Bonds | C46: 13608 | D46: 30206 | E46: 39714 | F46: 40781 | G46: 47839 | H46: 35099 | I46: 8165 | J46: 10515 | K46: 820 | L46: 0 | M46: 650
B47: Senior Unsecured | C47: 662 | D47: 6330 | E47: 3650 | F47: 1750 | G47: 0 | H47: 544 | I47: 0 | J47: 0 | K47: 0 | L47: 0 | M47: 0
B48: Senior Preferred | C48: 1513 | D48: 7163 | E48: 7852 | F48: 5231 | G48: 4950 | H48: 11894 | I48: 0 | J48: 0 | K48: 300 | L48: 300 | M48: 0
B49: Senior Non-Preferred | C49: 0 | D49: 2100 | E49: 6100 | F49: 5269 | G49: 5550 | H49: 1000 | I49: 0 | J49: 0 | K49: 0 | L49: 0 | M49: 0
B50: Tier 2 | C50: 145 | D50: 300 | E50: 1825 | F50: 1500 | G50: 1050 | H50: 1000 | I50: 0 | J50: 0 | K50: 0 | L50: 0 | M50: 0
B51: AT1 | C51: 231 | D51: 650 | E51: 675 | F51: 1750 | G51: 300 | H51: 900 | I51: 0 | J51: 0 | K51: 0 | L51: 0 | M51: 0
B52: Total | C52: =SUM(C46:C51) -> 16159 | D52: =SUM(D46:D51) -> 46749 | E52: =SUM(E46:E51) -> 59816 | F52: =SUM(F46:F51) -> 56281 | G52: =SUM(G46:G51) -> 59689 | H52: =SUM(H46:H51) -> 50437 | I52: =SUM(I46:I51) -> 8165 | J52: =SUM(J46:J51) -> 10515 | ... M52: =SUM(M46:M51) -> 650

Sheet Ratings
A1: Back to contents
B2: 4.3.1 Credit Ratings from Moody's Rating Agency
B4: Long-Term Debt Rating
B6: AAA/Aaa | N6: Covered Bonds: Aaa (stable outlook)
B7: AA+/Aa1
B8: AA/Aa2
B9: AA-/Aa3 | N9: Senior Preferred: Aa3 (stable outlook )
B10: A+/A1
B11: A/A2
B12: A-/A3 | N12: Senior Non-Preferred: A3 (stable outlook)
B13: BBB/Baa
B14: BB/Ba
B15: B
C16: 2016 | D16: 2017 | E16: 2018 | F16: 2019 | G16: 2020 | H16: 2021 | I16: 2022 | J16: 2023 | K16: 2024 | L16: 2025 | M16: 2026

Sheet Segments
A1: Back to contents
B6: Section 5 - Segments
B8: 5.1 Retail market
B10: 5.2 Corporate market
B12: 5.3 Bulder
B14: 5.4 Real estate brokerage
B16: 5.5 Brage Finans

Sheet Retail Market
A1: Back to contents
B2: 5.1.1 Retail market
B4: Quarterly figures
B5: (MNOK) | C5: Q3-26 | D5: Q2-26 | E5: Q1-26 | F5: Q4-25 | G5: Q3-25 | H5: Q2-25 | I5: Q1-25 | J5: Q4-24 | K5: Q3-24 | L5: Q2-24 | M5: Q1-24 | N5: Q4-23 | O5: Q3-23 | P5: Q2-23 | Q5: Q1-23 | R5: Q4-22 | S5: Q3-22 | T5: Q2-22 | U5: Q1-22
B6: Net interest income | C6: =3317.686354-542-E6-D6 -> 993.9645 | D6: =1781.721858-E6 -> 875.86343 | E6: 905.85843 | F6: =3965-(SUM(G6:I6)) -> 1405 | G6: =2560-H6-I6 -> 1051 | H6: =1509-I6 -> 853 | I6: 656 | J6: 689.46316 | K6: 697.20483 | L6: 690.05772 | M6: 658.187 | N6: 648.96601 | O6: 636.25614 | P6: 599.36289 | Q6: 524.35927 | R6: 506.4141 | S6: 502.88996 | T6: 486.89144 | U6: 483.00727
B7: Other operating income | C7: =592.674261-D7-E7 -> 178.66867 | D7: =414.005593-E7 -> 170.30645 | E7: 243.69914 | F7: =639-SUM(G7:I7) -> 188 | G7: =451-H7-I7 -> 167 | H7: =284-I7 -> 143 | I7: 141 | J7: 134.52514 | K7: 118.71369 | L7: 110.72712 | M7: 116.349 | N7: 104.51303 | O7: 110.95699 | P7: 102.76803 | Q7: 154.6288 | R7: 103.59208 | S7: 112.13962 | T7: 105.17985 | U7: 124.3316
B8: Operating expenses2) | C8: =-411.434427-D8-E8 -> -141.27632 | D8: =-270.158112-E8 -> -127.90842 | E8: -142.24969 | F8: -148.3 | G8: -134.3 | H8: -90.1 | I8: -71.3 | J8: -89.652932 | K8: -80.578024 | L8: -92.649155 | M8: -91.804 | N8: -93.09375 | O8: -96.095653 | P8: -86.829801 | Q8: -96.790173 | R8: -89.719842 | S8: -85.097555 | T8: -89.332725 | U8: -85.764001
B9: Loss | C9: =-22.240264-D9-E9 -> -14.878901 | D9: =-7.361363-E9 -> -12.132727 | E9: 4.771364 | F9: =25-SUM(G9:I9) -> -4 | G9: =29-H9-I9 -> 13 | H9: =16-I9 -> 15 | I9: 1 | J9: -3.069603 | K9: -3.4710879 | L9: -13.638545 | M9: 2.145702 | N9: -10.194427 | O9: -8.575085 | P9: -1.024164 | Q9: -39.841181 | R9: -3.1531673 | S9: 3.899926 | T9: -9.6965369 | U9: -2.082866
B10: Pre-tax profit | C10: =SUM(C6:C9) -> 1016.4779 | D10: =SUM(D6:D9) -> 906.12873 | E10: =SUM(E6:E9) -> 1012.0792 | F10: =SUM(F6:F9) -> 1440.7 | G10: =SUM(G6:G9) -> 1096.7 | H10: =SUM(H6:H9) -> 920.9 | I10: =SUM(I6:I9) -> 726.7 | J10: =SUM(J6:J9) -> 731.26577 | ... U10: =SUM(U6:U9) -> 519.49201
B12: Balance sheet items
B13: (MNOK) | C13: =C5 -> Q3-26 | D13: =D5 -> Q2-26 | E13: =E5 -> Q1-26 | F13: Q4-25 | G13: Q3-25 | H13: Q2-25 | I13: Q1-25 | J13: Q4-24 | K13: Q3-24 | L13: Q2-24 | M13: Q1-24 | N13: Q4-23 | O13: Q3-23 | P13: Q2-23 | Q13: Q1-23 | R13: Q4-22 | S13: Q3-22 | T13: Q2-22 | U13: Q1-22
B14: Net lending | C14: 281343.09 | D14: 276444.24 | E14: 270986.85 | F14: 266933 | G14: 260548 | H14: 258012 | I14: 162564 | J14: 160209 | K14: 158602.97 | L14: 156476.06 | M14: 153593 | N14: 152779 | O14: 152529 | P14: 152601 | Q14: 151248 | R14: 149613 | S14: 147092 | T14: 145255 | U14: 142395
B15: Deposits | C15: 116201.15 | D15: 118213.04 | E15: 112765.45 | F15: 111274 | G15: 110184 | H15: 112010 | I15: 68961 | J15: 67229 | K15: 66823.549 | L15: 68352.77 | M15: 64744 | N15: 63703.798 | O15: 63645.924 | P15: 65338.121 | Q15: 62729.887 | R15: 61446.782 | S15: 60635.866 | T15: 62173.553 | U15: 59006.994
B16: - of which Checking account | C16: 22324.493 | D16: 25323.901 | E16: 21379.161 | F16: 21379.426 | G16: 21975.875 | H16: 25108.142
B18: Interest rate margins
B19: Per cent | C19: =C13 -> Q3-26 | D19: =D13 -> Q2-26 | E19: =E5 -> Q1-26 | F19: Q4-25 | G19: Q3-25 | H19: Q2-25 | I19: Q1-25 | J19: Q4-24 | K19: Q3-24 | L19: Q2-24 | M19: Q1-24 | N19: Q4-23 | O19: Q3-23 | P19: Q2-23 | Q19: Q1-23 | R19: Q4-22 | S19: Q3-22 | T19: Q2-22 | U19: Q1-22
B20: Lending1) | C20: 0.72 | D20: 0.64 | E20: 0.99 | F20: 1.11 | G20: 1.23 | H20: 1.05 | I20: 1.08 | J20: 0.95 | K20: 0.92 | L20: 0.95 | M20: 0.85 | N20: 0.62 | O20: 0.27 | P20: 0.42 | Q20: 0.81 | R20: 0.38 | S20: 0.5 | T20: 1.26 | U20: 1.26
B21: Deposits | C21: 1.92 | D21: 1.91 | E21: 1.52 | F21: 1.53 | G21: 1.43 | H21: 1.56 | I21: 1.48 | J21: 1.76 | K21: 1.83 | L21: 1.78 | M21: 1.79 | N21: 2.12 | O21: 2.42 | P21: 2.04 | Q21: 1.58 | R21: 2.02 | S21: 1.66 | T21: 0.75 | U21: 0.68
B23: 1) Lending interest margins are defined as the difference between average interest received and average 3-month Nibor. Average interest received includes interest received from customers on fixed-rate loans, but does not include the swap cash flows from derivatives associated with interest rate hedging the exposures. The percentage of fixed-rate loans will therefore affect the change in lending interest margins.
B24: 2) Operating expenses for the entire year 2025 reflect the organizational structure as of fourth quarter
C28: =+C20-Bulder!C20 -> 0.25 | D28: =+D20-Bulder!D20 -> 0.29 | E28: =+E20-Bulder!E20 -> 0.29 | F28: =+F20-Bulder!F20 -> 0.29 | G28: =+G20-Bulder!G20 -> 0.25 | H28: =+H20-Bulder!H20 -> 0.21 | I28: =+I20-Bulder!I20 -> 0.17 | J28: =+J20-Bulder!J20 -> 0.15 | ... L28: =+L20-Bulder!L20 -> 0.15
C29: =+C21-Bulder!C21 -> 1.11 | D29: =+D21-Bulder!D21 -> 1.03 | E29: =+E21-Bulder!E21 -> 0.99 | F29: =+F21-Bulder!F21 -> 1.11 | G29: =+G21-Bulder!G21 -> 1.14 | H29: =+H21-Bulder!H21 -> 1.05 | I29: =+I21-Bulder!I21 -> 1 | J29: =+J21-Bulder!J21 -> 1.1 | ... L29: =+L21-Bulder!L21 -> 1.04

Sheet Corporate Market
A1: Back to contents
B2: 5.2.1 Corporate market
B4: Quarterly figures
B5: (MNOK) | C5: Q3-26 | D5: Q2-26 | E5: Q1-26 | F5: Q4-25 | G5: Q3-25 | H5: Q2-25 | I5: Q1-25 | J5: Q4-24 | K5: Q3-24 | L5: Q2-24 | M5: Q1-24 | N5: Q4-23 | O5: Q3-23 | P5: Q2-23 | Q5: Q1-23 | R5: Q4-22 | S5: Q3-22 | T5: Q2-22 | U5: Q1-22
B6: Net interest income | C6: =2251.833993-D6-E6 -> 775.96593 | D6: =1475.86806-E6 -> 739.86806 | E6: 736 | F6: =2924-SUM(G6:I6) -> 864 | G6: =2060-H6-I6 -> 840 | H6: =1220-I6 -> 731 | I6: 489 | J6: 527.48567 | K6: 511.12905 | L6: 500.64667 | M6: 487.133 | N6: 496.80164 | O6: 465.27542 | P6: 448.56873 | Q6: 413.76815 | R6: 421.87333 | S6: 392.11007 | T6: 364.69261 | U6: 346.58522
B7: Other operating income | C7: =409.883425-D7-E7 -> 123.59506 | D7: =286.288364-E7 -> 129.28836 | E7: 157 | F7: =509-SUM(G7:I7) -> 169 | G7: =340-H7-I7 -> 121.6 | H7: =218.4-I7 -> 121.4 | I7: 97 | J7: 72.474464 | K7: 89.692365 | L7: 81.616583 | M7: 80.218 | N7: 101.76328 | O7: 79.83569 | P7: 77.972708 | Q7: 89.402014 | R7: 89.314545 | S7: 65.4924 | T7: 69.45219 | U7: 64.819442
B8: Operating expenses | C8: =-194.700075-D8-E8 -> -65.430249 | D8: =-129.269826-E8 -> -59.269826 | E8: -70 | F8: =-195-SUM(G8:I8) -> -56 | G8: =-139-H8-I8 -> -67.3 | H8: =-71.7-I8 -> -40.7 | I8: -31 | J8: -30.681197 | K8: -27.205007 | L8: -32.000319 | M8: -32.807 | N8: -30.797228 | O8: -40.068909 | P8: -29.319545 | Q8: -33.13683 | R8: -33.43438 | S8: -23.137602 | T8: -40.150569 | U8: -37.822744
B9: Loss | C9: =-125.396436-D9-E9 -> -43.219098 | D9: =-82.177338-E9 -> 17.822662 | E9: -100 | F9: =-274-SUM(G9:I9) -> -20 | G9: =-254-H9-I9 -> -69.1 | H9: =-184.9-I9 -> -175.9 | I9: -9 | J9: -9.649257 | K9: -7.9911107 | L9: -7.4058163 | M9: -45.495506 | N9: 2.121173 | O9: -9.02855 | P9: -26.180636 | Q9: 8.663274 | R9: -33.979709 | S9: 6.5472417 | T9: -9.5890912 | U9: -2.785923
B10: Pre-tax profit | C10: =SUM(C6:C9) -> 790.91165 | D10: =SUM(D6:D9) -> 827.70926 | E10: =SUM(E6:E9) -> 723 | F10: =SUM(F6:F9) -> 957 | G10: =SUM(G6:G9) -> 825.2 | H10: =SUM(H6:H9) -> 635.8 | I10: =SUM(I6:I9) -> 546 | J10: =SUM(J6:J9) -> 559.62968 | ... U10: =SUM(U6:U9) -> 370.796
B12: Balance sheet items
B13: (MNOK) | C13: =C5 -> Q3-26 | D13: =D5 -> Q2-26 | E13: =E5 -> Q1-26 | F13: Q4-25 | G13: Q3-25 | H13: Q2-25 | I13: Q1-25 | J13: Q4-24 | K13: Q3-24 | L13: Q2-24 | M13: Q1-24 | N13: Q4-23 | O13: Q3-23 | P13: Q2-23 | Q13: Q1-23 | R13: Q4-22 | S13: Q3-22 | T13: Q2-22 | U13: Q1-22
B14: Net lending | C14: 118703.99 | D14: 116617.02 | E14: 114231 | F14: 113014 | G14: 110560 | H14: 109596 | I14: 63989 | J14: 61167 | K14: 58907.201 | L14: 58796.601 | M14: 57850.036 | N14: 55512.722 | O14: 52276.777 | P14: 52275.482 | Q14: 51431.265 | R14: 50223.914 | S14: 50348.913 | T14: 49331.163 | U14: 46539.65
B15: Deposits | C15: 72604.312 | D15: 72185.295 | E15: 69541 | F15: 78361 | G15: 78132 | H15: 77186 | I15: 42959 | J15: 43151 | K15: 43194.224 | L15: 42884.032 | M15: 41443.515 | N15: 41537.326 | O15: 41661.591 | P15: 41723.521 | Q15: 40031.325 | R15: 39255.998 | S15: 36120.197 | T15: 34395.494 | U15: 31545.328
B17: Interest rate margins
B18: Per cent | C18: =C13 -> Q3-26 | D18: =D13 -> Q2-26 | E18: =E5 -> Q1-26 | F18: Q4-25 | G18: Q3-25 | H18: Q2-25 | I18: Q1-25 | J18: Q4-24 | K18: Q3-24 | L18: Q2-24 | M18: Q1-24 | N18: Q4-23 | O18: Q3-23 | P18: Q2-23 | Q18: Q1-23 | R18: Q4-22 | S18: Q3-22 | T18: Q2-22 | U18: Q1-22
B19: Lending | C19: 2.15 | D19: 2.13 | E19: 2.34 | F19: 2.46 | G19: 2.55 | H19: 2.53 | I19: 2.58 | J19: 2.7 | K19: 2.7 | L19: 2.7 | M19: 2.75 | N19: 2.72 | O19: 2.51 | P19: 2.69 | Q19: 2.77 | R19: 2.46 | S19: 2.38 | T19: 2.59 | U19: 2.64
B20: Deposits | C20: 1.15 | D20: 1.11 | E20: 1 | F20: 1.08 | G20: 0.97 | H20: 1.06 | I20: 1.16 | J20: 1.35 | K20: 1.2 | L20: 1.22 | M20: 1.15 | N20: 1.26 | O20: 1.29 | P20: 1.13 | Q20: 0.92 | R20: 1.18 | S20: 0.97361505 | T20: 0.5 | U20: 0.58

Sheet Bulder
A1: Back to contents
B2: 5.3.1 Bulder
B4: Quarterly figures
B5: (MNOK) | C5: Q3-26 | D5: Q2-26 | E5: Q1-26 | F5: Q4-25 | G5: Q3-25 | H5: Q2-25 | I5: Q1-25 | J5: Q4-24 | K5: Q3-24 | L5: Q2-24 | M5: Q1-24 | N5: Q4-23 | O5: Q3-23 | P5: Q2-23 | Q5: Q1-23 | R5: Q4-22 | S5: Q3-22 | T5: Q2-22 | U5: Q1-22
B6: Net interest income | C6: =264.346843-D6-E6 -> 84.261366 | D6: =180.085477-E6 -> 78.81653 | E6: 101.26895 | F6: =409-SUM(G6:I6) -> 105 | G6: =304-H6-I6 -> 109.8 | H6: =194.2-I6 -> 101.2 | I6: 93 | J6: 85.598398 | K6: 84.340217 | L6: 79.582973 | M6: 48 | N6: 14.948794 | O6: 8.453901 | P6: 14.854873 | Q6: 16.774479 | R6: 7.9867129 | S6: 18.910955 | T6: 18.689839 | U6: 14.5
B7: Other operating income | C7: =35.669735-D7-E7 -> 15.382932 | D7: =20.286803-E7 -> 10.936937 | E7: 9.349866 | F7: =53-SUM(G7:I7) -> 18 | G7: =35-H7-I7 -> 16.2 | H7: =18.8-I7 -> 9.8 | I7: 9 | J7: 15.014017 | K7: 8.650881 | L7: 5.851985 | M7: 3 | N7: 0.351783 | O7: 2.326114 | P7: -0.646463 | Q7: 0.426658 | R7: -1.5954891 | S7: 1.2511799 | T7: -0.82859409 | U7: 0.283347
B8: Operating expenses | C8: =-97.92505-D8-E8 -> -27.422228 | D8: =-70.502822-E8 -> -33.316695 | E8: -37.186127 | F8: =-137-SUM(G8:I8) -> -36 | G8: =-101-H8-I8 -> -36.8 | H8: =-64.2-I8 -> -33.2 | I8: -31 | J8: -29.341689 | K8: -30.454004 | L8: -25.476347 | M8: -27 | N8: -19.795745 | O8: -20.491522 | P8: -23.129747 | Q8: -20.032057 | R8: -19.927866 | S8: -17.723115 | T8: -16.039605 | U8: -21.120461
B9: Loss | C9: =7.476023-D9-E9 -> -0.405809 | D9: =7.881832-E9 -> -2.729814 | E9: 10.611646 | F9: =-20-SUM(G9:I9) -> -8 | G9: =-12-H9-I9 -> -3.8 | H9: =-8.2-I9 -> -5.2 | I9: -3 | J9: -3.571181 | K9: -0.92949439 | L9: -3.8221536 | M9: 0 | N9: -4.554325 | O9: -2.920717 | P9: -1.514411 | Q9: -1.783966 | R9: -1.2834306 | S9: 0.18532164 | T9: 0.76760011 | U9: -1.269882
B10: Pre-tax profit | C10: =SUM(C6:C9) -> 71.816261 | D10: =SUM(D6:D9) -> 53.706958 | E10: =SUM(E6:E9) -> 84.044332 | F10: =SUM(F6:F9) -> 79 | G10: =SUM(G6:G9) -> 85.4 | H10: =SUM(H6:H9) -> 72.6 | I10: =SUM(I6:I9) -> 68 | J10: =SUM(J6:J9) -> 67.699545 | ... U10: =SUM(U6:U9) -> -7.606996
B12: Balance sheet items
B13: (MNOK) | C13: =C5 -> Q3-26 | D13: =D5 -> Q2-26 | E13: Q1-26 | F13: Q4-25 | G13: Q3-25 | H13: Q2-25 | I13: Q1-25 | J13: Q4-24 | K13: Q3-24 | L13: Q2-24 | M13: Q1-24 | N13: Q4-23 | O13: Q3-23 | P13: Q2-23 | Q13: Q1-23 | R13: Q4-22 | S13: Q3-22 | T13: Q2-22 | U13: Q1-22
B14: Net lending | C14: 77861.439 | D14: 77598.42 | E14: 76219.944 | F14: 75619 | G14: 72025 | H14: 65396 | I14: 62549 | J14: 60913 | K14: 57600.049 | L14: 56121.595 | M14: 52256 | N14: 46809 | O14: 42066 | P14: 34509 | Q14: 27456 | R14: 24229 | S14: 21215 | T14: 19891 | U14: 18432
B15: Deposits | C15: 23978.35 | D15: 23625.104 | E15: 21425.51 | F15: 20282 | G15: 19936 | H15: 19452 | I15: 17007 | J15: 15384 | K15: 14281.529 | L15: 13542.771 | M15: 10991 | N15: 8190.3681 | O15: 7049.6503 | P15: 5589.4854 | Q15: 4393.1382 | R15: 4394.5739 | S15: 4324.4303 | T15: 3570.1795 | U15: 1334.3154
B16: - of which Checking account | C16: 1541.6124 | D16: 1856.5031 | E16: 1446.4912 | F16: 1428.1519 | G16: 1402.2343 | H16: 1695.2701
B18: Interest rate margins
B19: Per cent | C19: =C13 -> Q3-26 | D19: =D13 -> Q2-26 | E19: Q1-26 | F19: Q4-25 | G19: Q3-25 | H19: Q2-25 | I19: Q1-25 | J19: Q4-24 | K19: Q3-24 | L19: Q2-24 | M19: Q1-24 | N19: Q4-23 | O19: Q3-23 | P19: Q2-23 | Q19: Q1-23 | R19: Q4-22 | S19: Q3-22 | T19: Q2-22 | U19: Q1-22
B20: Lending | C20: 0.47 | D20: 0.35 | E20: 0.7 | F20: 0.82 | G20: 0.98 | H20: 0.84 | I20: 0.91 | J20: 0.8 | K20: 0.77 | L20: 0.8 | M20: 0.68 | N20: 0.41 | O20: -0.01 | P20: 0.1 | Q20: 0.46 | R20: -0.08 | S20: -0.01 | T20: 0.65 | U20: 0.51
B21: Deposits | C21: 0.81 | D21: 0.88 | E21: 0.53 | F21: 0.42 | G21: 0.29 | H21: 0.51 | I21: 0.48 | J21: 0.66 | K21: 0.73 | L21: 0.74 | M21: 0.83 | N21: 1.1 | O21: 1.49 | P21: 1.39 | Q21: 1.01 | R21: 1.2 | S21: 0.98 | T21: 0.3 | U21: 0.73

Sheet Real estate brokerage
A1: Back to contents
B2: 5.4.1 Real estate brokerage
B4: Quarterly figures
B5: (MNOK) | C5: Q3-26 | D5: Q2-26 | E5: Q1-26 | F5: Q4-25 | G5: Q3-25 | H5: Q2-25 | I5: Q1-25 | J5: Q4-24 | K5: Q3-24 | L5: Q2-24 | M5: Q1-24 | N5: Q4-23 | O5: Q3-23 | P5: Q2-23 | Q5: Q1-23 | R5: Q4-22 | S5: Q3-22 | T5: Q2-22 | U5: Q1-22
B6: Net interest income | C6: =2.02259-D6-E6 -> -4.29649 | D6: =6.31908-E6 -> 5.736724 | E6: 0.582356 | F6: =4-SUM(G6:I6) -> 1.47 | G6: =2.2-H6 -> 0.43 | H6: =2.1-I6 -> 1.77 | I6: 0.33 | J6: 0.686326 | K6: 0.620145 | L6: 0.402465 | M6: 0.3782 | N6: 1.372642 | O6: 0.684386 | P6: -0.307353 | Q6: 0.215717 | R6: 0.151071 | S6: 0.26398 | T6: -0.240471 | U6: -0.090981
B7: Other operating income | C7: =466.393161-D7-E7 -> 159.8189 | D7: =306.574262-E7 -> 192.54255 | E7: 114.03171 | F7: =533-SUM(G7:I7) -> 133 | G7: =400-H7-I7 -> 147.6 | H7: =252.4-I7 -> 169.4 | I7: 83 | J7: 62.587816 | K7: 75.122839 | L7: 93.652443 | M7: 56.110707 | N7: 52.477222 | O7: 64.482102 | P7: 77.779134 | Q7: 65.468205 | R7: 49.510452 | S7: 58.345765 | T7: 82.183776 | U7: 59.709444
B8: Operating expenses | C8: =-419.941426-D8-E8 -> -143.84289 | D8: =-276.098539-E8 -> -162.08671 | E8: -114.01183 | F8: =-481-SUM(G8:I8) -> -145 | G8: =-336-H8-I8 -> -130 | H8: =-206-I8 -> -135.43 | I8: -70.57 | J8: -66.049599 | K8: -65.500002 | L8: -74.524236 | M8: -59.265438 | N8: -60.783793 | O8: -64.076991 | P8: -70.720333 | Q8: -65.080504 | R8: -62.782783 | S8: -57.902064 | T8: -69.948619 | U8: -56.450346
B9: Loss | C9: 0 | D9: 0 | E9: 0 | F9: 0 | G9: 0 | H9: 0 | I9: 0 | J9: 0 | K9: 0 | L9: 0 | M9: 0 | N9: 0 | O9: 0 | P9: 0 | Q9: 0 | R9: 0 | S9: 0 | T9: 0 | U9: 0
B10: Pre-tax profit | C10: =SUM(C6:C9) -> 11.679522 | D10: =SUM(D6:D9) -> 36.192567 | E10: =SUM(E6:E9) -> 0.602236 | F10: =SUM(F6:F9) -> -10.53 | G10: =SUM(G6:G9) -> 18.03 | H10: =SUM(H6:H9) -> 35.74 | I10: =SUM(I6:I9) -> 12.76 | J10: =SUM(J6:J9) -> -2.775457 | ... U10: =SUM(U6:U9) -> 3.168117

Sheet Brage Finans
A1: Back to contents
B2: 5.5.1 Brage Finans
B4: Quarterly figures
B5: (MNOK) | C5: Q3-26 | D5: Q2-26 | E5: Q1-26 | F5: Q4-25 | G5: Q3-25 | H5: Q2-25 | I5: Q1-25 | J5: Q4-24 | K5: Q3-24 | L5: Q2-24 | M5: Q1-24 | N5: Q4-23 | O5: Q3-23 | P5: Q2-23 | Q5: Q1-23 | R5: Q4-22 | S5: Q3-22 | T5: Q2-22 | U5: Q1-22
B6: Net interest income | C6: =839.712843-D6-E6 -> 281.17187 | D6: =558.540976-E6 -> 278.61028 | E6: 279.93069 | F6: 264 | G6: 256 | H6: 249 | I6: 235 | J6: 229 | K6: 224 | L6: 215 | M6: 216
B7: Other operating income | C7: =-29.163727-D7-E7 -> -3.133007 | D7: =-26.03072-E7 -> -13.052962 | E7: -12.977758 | F7: -10 | G7: -11 | H7: -8 | I7: -7 | J7: -6 | K7: -6 | L7: -8 | M7: -11
B8: Operating expenses | C8: =-223.480237-D8-E8 -> -81.774948 | D8: =-141.705289-E8 -> -65.708022 | E8: -75.997267 | F8: -85 | G8: -74 | H8: -63 | I8: -67 | J8: -76 | K8: -64 | L8: -54 | M8: -61
B9: Loss | C9: =-92.617083-D9-E9 -> -38.221151 | D9: =-54.395932-E9 -> -36.620513 | E9: -17.775419 | F9: -17 | G9: -13 | H9: -19 | I9: -16 | J9: -20 | K9: -22 | L9: -18 | M9: -80
B10: Pre-tax profit | C10: =SUM(C6:C9) -> 158.04276 | D10: =SUM(D6:D9) -> 163.22879 | E10: =SUM(E6:E9) -> 173.18025 | F10: 152 | G10: 158 | H10: 160 | I10: 144 | J10: 127 | K10: 132 | L10: 135 | M10: 65 | N10: =SUM(N6:N9) -> 0 | O10: =SUM(O6:O9) -> 0 | P10: =SUM(P6:P9) -> 0 | Q10: =SUM(Q6:Q9) -> 0 | R10: =SUM(R6:R9) -> 0 | S10: =SUM(S6:S9) -> 0 | T10: =SUM(T6:T9) -> 0 | U10: =SUM(U6:U9) -> 0
B12: Balance sheet items
B13: (MNOK) | C13: =C5 -> Q3-26 | D13: =D5 -> Q2-26 | E13: =E5 -> Q1-26 | F13: Q4-25 | G13: Q3-25 | H13: Q2-25 | I13: Q1-25 | J13: Q4-24 | K13: Q3-24 | L13: Q2-24 | M13: Q1-24 | N13: Q4-23 | O13: Q3-23 | P13: Q2-23 | Q13: Q1-23 | R13: Q4-22 | S13: Q3-22 | T13: Q2-22 | U13: Q1-22
B14: Net lending | C14: 33363.761 | D14: 32366.054 | E14: 30962.018 | F14: 30413 | G14: 29566 | H14: 28703 | I14: 27376 | J14: 26457 | K14: 25439 | L14: 24848 | M14: 24232
B16: As a result of the merger, Sparebanken Norge obtained control over Brage Finans AS 2 May 2025. Hence the total of the 2025 quarters above (Ytd) are not comparable to the figures in Note 2 Segment information.

Sheet Sustainability
A1: Back to contents
B2: Sustainability
B4: Environmental and social impact indicators
B6: Area | C6: Topic | D6: Accounting metric | E6: 2025 | F6: 2024 | G6: 2023 | H6: 2022 | I6: 2021 | J6: Unit | K6: Comment
B7: Environmental
B8: GHG emissions | C8: GHG emissions | D8: Scope 1 | E8: 0 | F8: 13.6 | G8: 8.53 | H8: 13.74 | I8: 15,3** | J8: tonnes CO2 equivalents
D9: Scope 2 | E9: 83 | F9: 15.8 | G9: 16.51 | H9: 15.8 | I9: 1,6** | J9: tonnes CO2 equivalents | K9: Market-based
D10: Scope 3 (operational) | E10: 64435 | F10: 732.4 | G10: 377.75 | H10: 309.15 | I10: 139,8** | J10: tonnes CO2 equivalents
D11: Scope 3 (financed emissions) | E11: =1310959-E10 -> 1246524 | F11: 1270033 | G11: 1789238 | H11: 2156782 | I11: 2211620.9 | J11: tonnes CO2 equivalents | K11: Includes 100 % of the lending portfolio
D12: Total GHG | E12: =SUM(E8:E11) -> 1311042 | F12: =SUM(F8:F11) -> 1270794.8 | G12: =SUM(G8:G11) -> 1789640.8 | H12: =SUM(H8:H11) -> 2157120.7 | I12: =I11+15.3+1.6+139.8 -> 2211777.6 | J12: tonnes CO2 equivalents
C13: Share of non-renewable energy | D13: Renewable energy use | E13: 6430 | F13: =3499.601+20.898 -> 3520.499 | G13: 3998.962 | H13: 3799.932 | I13: 4201.6 | J13: MWh | K13: Inkluding district heating/cooling
D14: Percentage renewable energy consumed | E14: 0.95 | F14: =F13/(F13+54.4+19.307) -> 0.97949283 | G14: =G13/(G13+34.26) -> 0.99150555 | H14: =H13/(H13+55.2) -> 0.98568142 | I14: =I13/(I13+61.2) -> 0.98564324 | J14: % | K14: Own consumption (scope 1 and 2)
C15: Energy consumption intensity per high impact climate sector | D15: Total energy consumption | E15: 11848153892 | F15: 4471740882 | G15: 6418346707 | H15: 5968166639 | I15: 4614822583 | J15: kWh | K15: Mortgages and real estate portfolios
D16: Energy consumption per square metre | E16: 183.2 | F16: 187.25 | G16: 232.36763 | H16: 233.44697 | I16: 196.11179 | J16: kWh/m^2 | K16: Mortgages and real estate portfolios
C17: Active in fossil fuel sectors | D17: Active in fossil fuel sectors | E17: No | F17: No | G17: No | H17: No | I17: No | J17: yes/no
B18: Biodiversity | C18: Activities negatively affecting biodiversity-sensitive areas | D18: Financing of buildings in protected areas, corporate market | E18: N/A*** | F18: 1* | G18: 1 | H18: 1 | I18: 1 | J18: % | K18: Share of financing of buildings in protected natural areas or areas suggested for protection.
D19: Financing of buildings in protected areas, retail market | E19: N/A*** | F19: 0,6* | G19: 0.6 | H19: 0.6 | I19: 0.6 | J19: % | K19: Share of financing of buildings in protected natural areas or areas suggested for protection.
C20: Emissions to water | D20: Tonnes of emissions to water generated | E20: 0 | F20: 0 | G20: 0 | H20: 0 | I20: 0 | J20: tonnes | K20: The bank has no emissions to water generated from its own operations. The metric is not material for the bank, as the bank is located in regular office buildings and has no emissions to water beyond normal wastewater.
C21: Hazardous waste | D21: Tonnes of hazardous waste generated | E21: 0 | F21: 0 | G21: 0 | H21: 0 | I21: 0 | J21: tonnes | K21: The bank does not generate hazardous waste from its own operations. The metric is not material for the bank.
B22: Social
B23: Social matters | C23: Unadjusted gender pay gap | D23: Mean gender pay gap | E23: 89 | F23: 90.8 | G23: 88.5 | H23: 86 | I23: 86.2 | J23: %
C24: Policies to monitor compliance with the UNGC principles or OECD Guidelines for Multinational Enterprises | D24: UN Global Compact Signatory | E24: yes | F24: yes | G24: yes | H24: yes | I24: yes | J24: yes/no | K24: Sparebanken Vest continue the commitment to UNGC. Please refer to the bank's sustainability library.
C25: Board gender diversity | D25: % Women on Board | E25: 46 | F25: 60 | G25: 50 | H25: 50 | I25: 50 | J25: %
C26: Exposure to controversial weapons | D26: Involvement in the manufacture or selling of controversial weapons | E26: No | F26: No | G26: No | H26: No | I26: No | J26: yes/no | K26: The bank is not involved in the production or sale of controversial weapons, and the bank's due-diligence processes are updated to include this area as part of the credit processes.
B28: * Assuming same value as reported in 2023. New calculation not conducted for 2024.
B29: ** Not including subsidiaries
B30: *** No new analysis conducted for Sparebanken Norge
